Workbook
Name \0: #REF!
Name \A: #REF!
Name \B: #REF!
Name \C: #REF!
Name \M: #REF!
Name ______UAG99: #REF!
Name _____cpi1: #REF!
Name _____CPI2: #REF!
Name _____IRR1: #REF!
Name _____LUT1: #REF!
Name _____NPV1: #REF!
Name _____UAG99: #REF!
Name ____cpi1: #REF!
Name ____CPI2: #REF!
Name ____IRR1: #REF!
Name ____IZS2: #REF!
Name ____LUT1: #REF!
Name ____NPV1: #REF!
Name ____NPV2: #REF!
Name ____UAG99: #REF!
Name ___cpi1: #REF!
Name ___CPI2: #REF!
Name ___IRR1: #REF!
Name ___IZS2: #REF!
Name ___LUT1: #REF!
Name ___May08: #REF!
Name ___NPV1: #REF!
Name ___NPV2: #REF!
Name ___Tot220: #REF!
Name ___Tot237: #REF!
Name ___Tot257: #REF!
Name ___Tot258: #REF!
Name ___UAG99: #REF!
Name __cpi1: #REF!
Name __CPI2: #REF!
Name __DataSet1__: #REF!
Name __DataSet2__: #REF!
Name __DataSet3__: #REF!
Name __DataSet4__: #REF!
Name __int997: #REF!
Name __IRR1: #REF!
Name __IZS2: #REF!
Name __JUN09: #REF!
Name __LUT1: #REF!
Name __MAIN__: #REF!
Name __May08: #REF!
Name __NPV1: #REF!
Name __NPV2: #REF!
Name __PL1: #REF!
Name __TableData__: #REF!
Name __TB1: #REF!
Name __Tot221: #REF!
Name __Tot232: #REF!
Name __UAG99: #REF!
Name _0020: #REF!
Name _0030: #REF!
Name _0270: #REF!
Name _0700: #REF!
Name _0701: #REF!
Name _0710: #REF!

Sheet Cover
A1: Gas Pipeline Operator
A2: Reporting template
A4: This template is to be uploaded by a Gas Pipeline Operator to its website to fulfil its annual reporting obligations.
A6: Colour coding of input sheets:
A7: Dark cyan = ERA instructions/headings
A8: Yellow = Input cells
A9: Grey - Not applicable/No inputs required
A11: Leave coloured cells blank if no information exists - PLEASE DO NOT ENTER TEXT unless specifically requested to do so.
A12: All dollar amounts are to be unrounded, and in nominal terms.
A15: Service provider: | C15: APT PARMELIA PTY LTD
A17: Australian business number: | C17: 078 902 397
A19: Pipeline name: | C19: Parmelia Gas Pipeline
A21: Reporting period start date: | C21: 45108
A23: Reporting period end date: | C23: 45473
A25: Publication date of this report: | C25: 45596
A27: Reported information is current at: | C27: 45473
A29: Has any information in this template been amended since last published within this current reporting period? | C29: No | F29: Amendment reference
A33: Business address | B33: Address | D33: Level 25, 580 George Street
B34: Suburb | D34: Sydney
C35: State | D35: NSW | E35: Postcode | F35: 2000
A37: Postal address | B37: Address | D37: PO Box R41
B38: Suburb | D38: Royal Exchange
C39: State | D39: NSW | E39: Postcode | F39: 1225
A42: Contact name/s | B42: Andrew Nairn (General Manager Investor Relations)
A43: Contact phone/s | B43: +61 (03) 8416 2887
A44: Contact email address/s | B44: APARegReporting@apa.com.au

Sheet Contents
F3: Table of contents

Sheet Summary
B1: Summary
B2: =Tradingname -> APT PARMELIA PTY LTD
B3: Year ending | C3: =TEXT(Yearstart,"dd/mm/yyyy")&" to "&TEXT(Yearending,"dd/mm/yyyy") -> 01/07/2023 to 30/06/2024
B4: All numbers are expressed in $nominal
B8: Revenues and expenses (Table 2.1) | C8: Amounts excluding related party transactions | D8: Related party transactions | E8: Total
B9: Direct revenue | C9: ='2. Revenues and expenses'!D16 -> 16526074 | D9: ='2. Revenues and expenses'!E16 -> 0 | E9: ='2. Revenues and expenses'!F16 -> 16526074
B10: Indirect revenue allocated | C10: ='2. Revenues and expenses'!D19 -> 0 | D10: ='2. Revenues and expenses'!E19 -> 0 | E10: ='2. Revenues and expenses'!F19 -> 0
B11: Total revenue | C11: ='2. Revenues and expenses'!D20 -> 16526074 | D11: ='2. Revenues and expenses'!E20 -> 0 | E11: ='2. Revenues and expenses'!F20 -> 16526074
B12: Direct costs | C12: ='2. Revenues and expenses'!D30 -> -6907075.8 | D12: ='2. Revenues and expenses'!E30 -> 0 | E12: ='2. Revenues and expenses'!F30 -> -6907075.8
B13: Shared costs allocated | C13: ='2. Revenues and expenses'!D41 -> -50283893 | D13: ='2. Revenues and expenses'!E41 -> 0 | E13: ='2. Revenues and expenses'!F41 -> -50283893
B14: Total costs | C14: ='2. Revenues and expenses'!D42 -> -57190969 | D14: ='2. Revenues and expenses'!E42 -> 0 | E14: ='2. Revenues and expenses'!F42 -> -57190969
B15: Earnings before interest and tax (EBIT) | C15: ='2. Revenues and expenses'!D43 -> -40664895 | D15: ='2. Revenues and expenses'!E43 -> 0 | E15: ='2. Revenues and expenses'!F43 -> -40664895
B18: Statement of pipeline assets (Table 3.1) | C18: Cumulative value as at current reporting period | D18: Cumulative value as at previous reporting period
B19: Pipelines | C19: ='3. Statement of pipeline assets'!D16 -> 1.8626451e-08 | D19: ='3. Statement of pipeline assets'!E16 -> 3.7252903e-09
B20: Compressors | C20: ='3. Statement of pipeline assets'!D23 -> 0 | D20: ='3. Statement of pipeline assets'!E23 -> 0
B21: City Gates, supply regulators and valve stations | C21: ='3. Statement of pipeline assets'!D30 -> 0 | D21: ='3. Statement of pipeline assets'!E30 -> 0
B22: Metering | C22: ='3. Statement of pipeline assets'!D37 -> 3.783498e-10 | D22: ='3. Statement of pipeline assets'!E37 -> 0
B23: Odourant plants | C23: ='3. Statement of pipeline assets'!D44 -> -3.6379788e-11 | D23: ='3. Statement of pipeline assets'!E44 -> 0
B24: SCADA (Communications) | C24: ='3. Statement of pipeline assets'!D51 -> -2.3283064e-10 | D24: ='3. Statement of pipeline assets'!E51 -> -2.3283064e-10
B25: Buildings | C25: ='3. Statement of pipeline assets'!D58 -> 0 | D25: ='3. Statement of pipeline assets'!E58 -> 0
B26: Land and easements | C26: ='3. Statement of pipeline assets'!D65 -> 2.910383e-11 | D26: ='3. Statement of pipeline assets'!E65 -> 2.910383e-11
B27: Other depreciable pipeline assets | C27: ='3. Statement of pipeline assets'!D72 -> 0.019999999 | D27: ='3. Statement of pipeline assets'!E72 -> 0
B28: Leased Assets | C28: ='3. Statement of pipeline assets'!D79 -> 0 | D28: ='3. Statement of pipeline assets'!E79 -> 0
B29: Other non-depreciable pipeline assets | C29: ='3. Statement of pipeline assets'!D80 -> 2289041.3 | D29: ='3. Statement of pipeline assets'!E80 -> 2110606
B30: Total pipeline assets | C30: ='3. Statement of pipeline assets'!D81 -> 2289041.3 | D30: ='3. Statement of pipeline assets'!E81 -> 2110606
B31: Shared property, plant and equipment | C31: ='3. Statement of pipeline assets'!D89 -> 0 | D31: ='3. Statement of pipeline assets'!E89 -> 0
B32: Shared leased assets | C32: ='3. Statement of pipeline assets'!D96 -> -1.0913936e-10 | D32: ='3. Statement of pipeline assets'!E96 -> -5.8207661e-11
B33: Inventories | C33: ='3. Statement of pipeline assets'!D97 -> 0 | D33: ='3. Statement of pipeline assets'!E97 -> 0
B34: Deferred tax assets | C34: ='3. Statement of pipeline assets'!D98 -> 3901720.5 | D34: ='3. Statement of pipeline assets'!E98 -> 4295375.6
B35: Other shared assets | C35: ='3. Statement of pipeline assets'!D99 -> 0 | D35: ='3. Statement of pipeline assets'!E99 -> 0
B36: Total shared assets allocated | C36: ='3. Statement of pipeline assets'!D100 -> 3901720.5 | D36: ='3. Statement of pipeline assets'!E100 -> 4295375.6
B37: Total assets | C37: ='3. Statement of pipeline assets'!D101 -> 6190761.8 | D37: ='3. Statement of pipeline assets'!E101 -> 6405981.6
B38: Return on assets (EBIT/Total assets value) (Table 1.1.1) | C38: ='1.1 Financial performance'!C10 -> -6.5686415
B41: Recovered capital value (Table 4.1) | C41: Cumulative value as at current reporting period | D41: =VALUE(RIGHT(TEXT(Yearending,"dd/mm/yyyy"),4)) -> 2024
B42: Pipeline assets cost base | C42: ='4. Recovered capital'!E16 -> 2.2568546e+08
B43: Shared assets allocated cost base | C43: ='4. Recovered capital'!E23 -> 3877625.8
B44: Total assets | C44: ='4. Recovered capital'!E24 -> 2.2956308e+08
B45: Return of capital
B46: Revenue | C46: ='4. Recovered capital'!E26 -> 2.6053553e+08 | D46: =IFERROR(INDEX('4. Recovered capital'!$F$8:$BH$34,MATCH($B46,'4. Recovered capital'!$D$8:$D$34,0),MATCH(D$41,'4. Recovered capital'!$F$8:$BH$8,0)),) -> 16526074
B47: Operating expenses | C47: ='4. Recovered capital'!E27 -> -2.1281397e+08 | D47: =IFERROR(INDEX('4. Recovered capital'!$F$8:$BH$34,MATCH($B47,'4. Recovered capital'!$D$8:$D$34,0),MATCH(D$41,'4. Recovered capital'!$F$8:$BH$8,0)),) -> -8838487.1
B48: Net tax liabilities | C48: ='4. Recovered capital'!E28 -> 0 | D48: =IFERROR(INDEX('4. Recovered capital'!$F$8:$BH$34,MATCH($B48,'4. Recovered capital'!$D$8:$D$34,0),MATCH(D$41,'4. Recovered capital'!$F$8:$BH$8,0)),) -> 0
B49: Leased Asset Interest/Financing Charge | C49: ='4. Recovered capital'!E29 -> -109443.64 | D49: =IFERROR(INDEX('4. Recovered capital'!$F$8:$BH$34,MATCH($B49,'4. Recovered capital'!$D$8:$D$34,0),MATCH(D$41,'4. Recovered capital'!$F$8:$BH$8,0)),) -> -28995.77
B50: Return on capital | C50: ='4. Recovered capital'!E30 -> -7.65685e+08 | D50: =IFERROR(INDEX('4. Recovered capital'!$F$8:$BH$34,MATCH($B50,'4. Recovered capital'!$D$8:$D$34,0),MATCH(D$41,'4. Recovered capital'!$F$8:$BH$8,0)),) -> -81636263
B51: Total return of capital | C51: ='4. Recovered capital'!E31 -> -7.1807289e+08 | D51: =IFERROR(INDEX('4. Recovered capital'!$F$8:$BH$34,MATCH($B51,'4. Recovered capital'!$D$8:$D$34,0),MATCH(D$41,'4. Recovered capital'!$F$8:$BH$8,0)),) -> -73977672
B52: Recovered capital method total asset value | C52: ='4. Recovered capital'!E32 -> 9.4763598e+08 | D52: =IFERROR(INDEX('4. Recovered capital'!$F$8:$BH$34,MATCH($B52,'4. Recovered capital'!$D$8:$D$34,0),MATCH(D$41,'4. Recovered capital'!$F$8:$BH$8,0)),) -> 1.4187949e+08
B53: Opening asset value | D53: =IFERROR(INDEX('4. Recovered capital'!$F$8:$BH$34,MATCH($B53,'4. Recovered capital'!$D$8:$D$34,0),MATCH(D$41,'4. Recovered capital'!$F$8:$BH$8,0)),) -> 8.0575649e+08
B54: Rate of return (WACC) | D54: =IFERROR(INDEX('4. Recovered capital'!$F$8:$BH$34,MATCH($B54,'4. Recovered capital'!$D$8:$D$34,0),MATCH(D$41,'4. Recovered capital'!$F$8:$BH$8,0)),) -> 0.1013163
B57: For information only - yearly percentage change | C57: =D57-1 -> 2020 | D57: =E57-1 -> 2021 | E57: =F57-1 -> 2022 | F57: =G57-1 -> 2023 | G57: =VALUE(RIGHT(TEXT(Yearending,"dd/mm/yyyy"),4)) -> 2024
B58: Revenue | C58: =IFERROR(INDEX('4. Recovered capital'!$F$8:$BH$32,MATCH($B58,'4. Recovered capital'!$D$8:$D$32,0),MATCH(C$57,'4. Recovered capital'!$F$8:$BH$8,0))/INDEX('4. Recovered capital'!$F$8:$BH$32,MATCH($B58,'4. Recovered capital'!$D$8:$D$32,0),MATCH(C$57-1,'4. Recovered capital'!$F$8:$BH$8,0))-1,"NA") -> -0.24501757 | D58: =IFERROR(INDEX('4. Recovered capital'!$F$8:$BH$32,MATCH($B58,'4. Recovered capital'!$D$8:$D$32,0),MATCH(D$57,'4. Recovered capital'!$F$8:$BH$8,0))/INDEX('4. Recovered capital'!$F$8:$BH$32,MATCH($B58,'4. Recovered capital'!$D$8:$D$32,0),MATCH(D$57-1,'4. Recovered capital'!$F$8:$BH$8,0))-1,"NA") -> 1.3666724 | E58: =IFERROR(INDEX('4. Recovered capital'!$F$8:$BH$32,MATCH($B58,'4. Recovered capital'!$D$8:$D$32,0),MATCH(E$57,'4. Recovered capital'!$F$8:$BH$8,0))/INDEX('4. Recovered capital'!$F$8:$BH$32,MATCH($B58,'4. Recovered capital'!$D$8:$D$32,0),MATCH(E$57-1,'4. Recovered capital'!$F$8:$BH$8,0))-1,"NA") -> -0.38164401 | F58: =IFERROR(INDEX('4. Recovered capital'!$F$8:$BH$32,MATCH($B58,'4. Recovered capital'!$D$8:$D$32,0),MATCH(F$57,'4. Recovered capital'!$F$8:$BH$8,0))/INDEX('4. Recovered capital'!$F$8:$BH$32,MATCH($B58,'4. Recovered capital'!$D$8:$D$32,0),MATCH(F$57-1,'4. Recovered capital'!$F$8:$BH$8,0))-1,"NA") -> -0.099701043 | G58: =IFERROR(INDEX('4. Recovered capital'!$F$8:$BH$32,MATCH($B58,'4. Recovered capital'!$D$8:$D$32,0),MATCH(G$57,'4. Recovered capital'!$F$8:$BH$8,0))/INDEX('4. Recovered capital'!$F$8:$BH$32,MATCH($B58,'4. Recovered capital'!$D$8:$D$32,0),MATCH(G$57-1,'4. Recovered capital'!$F$8:$BH$8,0))-1,"NA") -> 0.55849947
B59: Operating expenses | C59: =IFERROR(INDEX('4. Recovered capital'!$F$8:$BH$32,MATCH($B59,'4. Recovered capital'!$D$8:$D$32,0),MATCH(C$57,'4. Recovered capital'!$F$8:$BH$8,0))/INDEX('4. Recovered capital'!$F$8:$BH$32,MATCH($B59,'4. Recovered capital'!$D$8:$D$32,0),MATCH(C$57-1,'4. Recovered capital'!$F$8:$BH$8,0))-1,"NA") -> -0.13996986 | D59: =IFERROR(INDEX('4. Recovered capital'!$F$8:$BH$32,MATCH($B59,'4. Recovered capital'!$D$8:$D$32,0),MATCH(D$57,'4. Recovered capital'!$F$8:$BH$8,0))/INDEX('4. Recovered capital'!$F$8:$BH$32,MATCH($B59,'4. Recovered capital'!$D$8:$D$32,0),MATCH(D$57-1,'4. Recovered capital'!$F$8:$BH$8,0))-1,"NA") -> 0.12742828 | E59: =IFERROR(INDEX('4. Recovered capital'!$F$8:$BH$32,MATCH($B59,'4. Recovered capital'!$D$8:$D$32,0),MATCH(E$57,'4. Recovered capital'!$F$8:$BH$8,0))/INDEX('4. Recovered capital'!$F$8:$BH$32,MATCH($B59,'4. Recovered capital'!$D$8:$D$32,0),MATCH(E$57-1,'4. Recovered capital'!$F$8:$BH$8,0))-1,"NA") -> 0.13450698 | F59: =IFERROR(INDEX('4. Recovered capital'!$F$8:$BH$32,MATCH($B59,'4. Recovered capital'!$D$8:$D$32,0),MATCH(F$57,'4. Recovered capital'!$F$8:$BH$8,0))/INDEX('4. Recovered capital'!$F$8:$BH$32,MATCH($B59,'4. Recovered capital'!$D$8:$D$32,0),MATCH(F$57-1,'4. Recovered capital'!$F$8:$BH$8,0))-1,"NA") -> -0.013357421 | G59: =IFERROR(INDEX('4. Recovered capital'!$F$8:$BH$32,MATCH($B59,'4. Recovered capital'!$D$8:$D$32,0),MATCH(G$57,'4. Recovered capital'!$F$8:$BH$8,0))/INDEX('4. Recovered capital'!$F$8:$BH$32,MATCH($B59,'4. Recovered capital'!$D$8:$D$32,0),MATCH(G$57-1,'4. Recovered capital'!$F$8:$BH$8,0))-1,"NA") -> 0.13439533
B60: Net tax liabilities | C60: =IFERROR(INDEX('4. Recovered capital'!$F$8:$BH$32,MATCH($B60,'4. Recovered capital'!$D$8:$D$32,0),MATCH(C$57,'4. Recovered capital'!$F$8:$BH$8,0))/INDEX('4. Recovered capital'!$F$8:$BH$32,MATCH($B60,'4. Recovered capital'!$D$8:$D$32,0),MATCH(C$57-1,'4. Recovered capital'!$F$8:$BH$8,0))-1,"NA") -> NA | D60: =IFERROR(INDEX('4. Recovered capital'!$F$8:$BH$32,MATCH($B60,'4. Recovered capital'!$D$8:$D$32,0),MATCH(D$57,'4. Recovered capital'!$F$8:$BH$8,0))/INDEX('4. Recovered capital'!$F$8:$BH$32,MATCH($B60,'4. Recovered capital'!$D$8:$D$32,0),MATCH(D$57-1,'4. Recovered capital'!$F$8:$BH$8,0))-1,"NA") -> NA | E60: =IFERROR(INDEX('4. Recovered capital'!$F$8:$BH$32,MATCH($B60,'4. Recovered capital'!$D$8:$D$32,0),MATCH(E$57,'4. Recovered capital'!$F$8:$BH$8,0))/INDEX('4. Recovered capital'!$F$8:$BH$32,MATCH($B60,'4. Recovered capital'!$D$8:$D$32,0),MATCH(E$57-1,'4. Recovered capital'!$F$8:$BH$8,0))-1,"NA") -> NA | F60: =IFERROR(INDEX('4. Recovered capital'!$F$8:$BH$32,MATCH($B60,'4. Recovered capital'!$D$8:$D$32,0),MATCH(F$57,'4. Recovered capital'!$F$8:$BH$8,0))/INDEX('4. Recovered capital'!$F$8:$BH$32,MATCH($B60,'4. Recovered capital'!$D$8:$D$32,0),MATCH(F$57-1,'4. Recovered capital'!$F$8:$BH$8,0))-1,"NA") -> NA | G60: =IFERROR(INDEX('4. Recovered capital'!$F$8:$BH$32,MATCH($B60,'4. Recovered capital'!$D$8:$D$32,0),MATCH(G$57,'4. Recovered capital'!$F$8:$BH$8,0))/INDEX('4. Recovered capital'!$F$8:$BH$32,MATCH($B60,'4. Recovered capital'!$D$8:$D$32,0),MATCH(G$57-1,'4. Recovered capital'!$F$8:$BH$8,0))-1,"NA") -> NA
B61: Leased Asset Interest/Financing Charge | C61: =IFERROR(INDEX('4. Recovered capital'!$F$8:$BH$32,MATCH($B61,'4. Recovered capital'!$D$8:$D$32,0),MATCH(C$57,'4. Recovered capital'!$F$8:$BH$8,0))/INDEX('4. Recovered capital'!$F$8:$BH$32,MATCH($B61,'4. Recovered capital'!$D$8:$D$32,0),MATCH(C$57-1,'4. Recovered capital'!$F$8:$BH$8,0))-1,"NA") -> NA | D61: =IFERROR(INDEX('4. Recovered capital'!$F$8:$BH$32,MATCH($B61,'4. Recovered capital'!$D$8:$D$32,0),MATCH(D$57,'4. Recovered capital'!$F$8:$BH$8,0))/INDEX('4. Recovered capital'!$F$8:$BH$32,MATCH($B61,'4. Recovered capital'!$D$8:$D$32,0),MATCH(D$57-1,'4. Recovered capital'!$F$8:$BH$8,0))-1,"NA") -> -0.16769655 | E61: =IFERROR(INDEX('4. Recovered capital'!$F$8:$BH$32,MATCH($B61,'4. Recovered capital'!$D$8:$D$32,0),MATCH(E$57,'4. Recovered capital'!$F$8:$BH$8,0))/INDEX('4. Recovered capital'!$F$8:$BH$32,MATCH($B61,'4. Recovered capital'!$D$8:$D$32,0),MATCH(E$57-1,'4. Recovered capital'!$F$8:$BH$8,0))-1,"NA") -> -0.5689261 | F61: =IFERROR(INDEX('4. Recovered capital'!$F$8:$BH$32,MATCH($B61,'4. Recovered capital'!$D$8:$D$32,0),MATCH(F$57,'4. Recovered capital'!$F$8:$BH$8,0))/INDEX('4. Recovered capital'!$F$8:$BH$32,MATCH($B61,'4. Recovered capital'!$D$8:$D$32,0),MATCH(F$57-1,'4. Recovered capital'!$F$8:$BH$8,0))-1,"NA") -> 2.1210446 | G61: =IFERROR(INDEX('4. Recovered capital'!$F$8:$BH$32,MATCH($B61,'4. Recovered capital'!$D$8:$D$32,0),MATCH(G$57,'4. Recovered capital'!$F$8:$BH$8,0))/INDEX('4. Recovered capital'!$F$8:$BH$32,MATCH($B61,'4. Recovered capital'!$D$8:$D$32,0),MATCH(G$57-1,'4. Recovered capital'!$F$8:$BH$8,0))-1,"NA") -> 0.065684817
B62: Return on capital | C62: =IFERROR(INDEX('4. Recovered capital'!$F$8:$BH$32,MATCH($B62,'4. Recovered capital'!$D$8:$D$32,0),MATCH(C$57,'4. Recovered capital'!$F$8:$BH$8,0))/INDEX('4. Recovered capital'!$F$8:$BH$32,MATCH($B62,'4. Recovered capital'!$D$8:$D$32,0),MATCH(C$57-1,'4. Recovered capital'!$F$8:$BH$8,0))-1,"NA") -> 0.019074942 | D62: =IFERROR(INDEX('4. Recovered capital'!$F$8:$BH$32,MATCH($B62,'4. Recovered capital'!$D$8:$D$32,0),MATCH(D$57,'4. Recovered capital'!$F$8:$BH$8,0))/INDEX('4. Recovered capital'!$F$8:$BH$32,MATCH($B62,'4. Recovered capital'!$D$8:$D$32,0),MATCH(D$57-1,'4. Recovered capital'!$F$8:$BH$8,0))-1,"NA") -> 0.14358031 | E62: =IFERROR(INDEX('4. Recovered capital'!$F$8:$BH$32,MATCH($B62,'4. Recovered capital'!$D$8:$D$32,0),MATCH(E$57,'4. Recovered capital'!$F$8:$BH$8,0))/INDEX('4. Recovered capital'!$F$8:$BH$32,MATCH($B62,'4. Recovered capital'!$D$8:$D$32,0),MATCH(E$57-1,'4. Recovered capital'!$F$8:$BH$8,0))-1,"NA") -> 0.33588043 | F62: =IFERROR(INDEX('4. Recovered capital'!$F$8:$BH$32,MATCH($B62,'4. Recovered capital'!$D$8:$D$32,0),MATCH(F$57,'4. Recovered capital'!$F$8:$BH$8,0))/INDEX('4. Recovered capital'!$F$8:$BH$32,MATCH($B62,'4. Recovered capital'!$D$8:$D$32,0),MATCH(F$57-1,'4. Recovered capital'!$F$8:$BH$8,0))-1,"NA") -> 0.13519578 | G62: =IFERROR(INDEX('4. Recovered capital'!$F$8:$BH$32,MATCH($B62,'4. Recovered capital'!$D$8:$D$32,0),MATCH(G$57,'4. Recovered capital'!$F$8:$BH$8,0))/INDEX('4. Recovered capital'!$F$8:$BH$32,MATCH($B62,'4. Recovered capital'!$D$8:$D$32,0),MATCH(G$57-1,'4. Recovered capital'!$F$8:$BH$8,0))-1,"NA") -> 0.14544895
B63: Total Return of Capital | C63: =IFERROR(INDEX('4. Recovered capital'!$F$8:$BH$32,MATCH($B63,'4. Recovered capital'!$D$8:$D$32,0),MATCH(C$57,'4. Recovered capital'!$F$8:$BH$8,0))/INDEX('4. Recovered capital'!$F$8:$BH$32,MATCH($B63,'4. Recovered capital'!$D$8:$D$32,0),MATCH(C$57-1,'4. Recovered capital'!$F$8:$BH$8,0))-1,"NA") -> 0.065154579 | D63: =IFERROR(INDEX('4. Recovered capital'!$F$8:$BH$32,MATCH($B63,'4. Recovered capital'!$D$8:$D$32,0),MATCH(D$57,'4. Recovered capital'!$F$8:$BH$8,0))/INDEX('4. Recovered capital'!$F$8:$BH$32,MATCH($B63,'4. Recovered capital'!$D$8:$D$32,0),MATCH(D$57-1,'4. Recovered capital'!$F$8:$BH$8,0))-1,"NA") -> -0.10997256 | E63: =IFERROR(INDEX('4. Recovered capital'!$F$8:$BH$32,MATCH($B63,'4. Recovered capital'!$D$8:$D$32,0),MATCH(E$57,'4. Recovered capital'!$F$8:$BH$8,0))/INDEX('4. Recovered capital'!$F$8:$BH$32,MATCH($B63,'4. Recovered capital'!$D$8:$D$32,0),MATCH(E$57-1,'4. Recovered capital'!$F$8:$BH$8,0))-1,"NA") -> 0.68649555 | F63: =IFERROR(INDEX('4. Recovered capital'!$F$8:$BH$32,MATCH($B63,'4. Recovered capital'!$D$8:$D$32,0),MATCH(F$57,'4. Recovered capital'!$F$8:$BH$8,0))/INDEX('4. Recovered capital'!$F$8:$BH$32,MATCH($B63,'4. Recovered capital'!$D$8:$D$32,0),MATCH(F$57-1,'4. Recovered capital'!$F$8:$BH$8,0))-1,"NA") -> 0.16254029 | G63: =IFERROR(INDEX('4. Recovered capital'!$F$8:$BH$32,MATCH($B63,'4. Recovered capital'!$D$8:$D$32,0),MATCH(G$57,'4. Recovered capital'!$F$8:$BH$8,0))/INDEX('4. Recovered capital'!$F$8:$BH$32,MATCH($B63,'4. Recovered capital'!$D$8:$D$32,0),MATCH(G$57-1,'4. Recovered capital'!$F$8:$BH$8,0))-1,"NA") -> 0.080205115
B66: Weighted average price (Table 5.1) | C66: Capacity based charges | F66: Volumetric based charges
B67: Service description | C67: Revenue $'000 | D67: MDQ Total TJ | E67: WAP $/GJ | F67: Revenue $'000 | G67: Total TJ | H67: WAP $/GJ
B68: Transportation services
B69: Firm forward haul transportation services
B70: Postage Stamp | C70: ='5. Weighted average price'!M12 -> 4884.5395 | D70: ='5. Weighted average price'!N12 -> 8644.63 | E70: ='5. Weighted average price'!O12 -> 0.56503742 | F70: ='5. Weighted average price'!P12 -> 3191.3481 | G70: ='5. Weighted average price'!Q12 -> 12189.675 | H70: ='5. Weighted average price'!R12 -> 0.26180747
B71: Zonal based - Zone 1 | C71: ='5. Weighted average price'!T12 -> 0 | D71: ='5. Weighted average price'!U12 -> 0 | E71: ='5. Weighted average price'!V12 -> 0 | F71: ='5. Weighted average price'!W12 -> 0 | G71: ='5. Weighted average price'!X12 -> 0 | H71: ='5. Weighted average price'!Y12 -> 0
B72: Zonal based - Zone 2 | C72: ='5. Weighted average price'!Z12 -> 0 | D72: ='5. Weighted average price'!AA12 -> 0 | E72: ='5. Weighted average price'!AB12 -> 0 | F72: ='5. Weighted average price'!AC12 -> 0 | G72: ='5. Weighted average price'!AD12 -> 0 | H72: ='5. Weighted average price'!AE12 -> 0
B73: Zonal based - Zone 3 | C73: ='5. Weighted average price'!AF12 -> 0 | D73: ='5. Weighted average price'!AG12 -> 0 | E73: ='5. Weighted average price'!AH12 -> 0 | F73: ='5. Weighted average price'!AI12 -> 0 | G73: ='5. Weighted average price'!AJ12 -> 0 | H73: ='5. Weighted average price'!AK12 -> 0
B74: Distance based - Major delivery point 1 | C74: ='5. Weighted average price'!AM12 -> 0 | D74: ='5. Weighted average price'!AN12 -> 0 | E74: ='5. Weighted average price'!AO12 -> 0 | F74: ='5. Weighted average price'!AP12 -> 0 | G74: ='5. Weighted average price'!AQ12 -> 0 | H74: ='5. Weighted average price'!AR12 -> 0
B75: Distance based - Major delivery point 2 | C75: ='5. Weighted average price'!AS12 -> 0 | D75: ='5. Weighted average price'!AT12 -> 0 | E75: ='5. Weighted average price'!AU12 -> 0 | F75: ='5. Weighted average price'!AV12 -> 0 | G75: ='5. Weighted average price'!AW12 -> 0 | H75: ='5. Weighted average price'!AX12 -> 0
B76: Distance based - Major delivery point 3 | C76: ='5. Weighted average price'!AY12 -> 0 | D76: ='5. Weighted average price'!AZ12 -> 0 | E76: ='5. Weighted average price'!BA12 -> 0 | F76: ='5. Weighted average price'!BB12 -> 0 | G76: ='5. Weighted average price'!BC12 -> 0 | H76: ='5. Weighted average price'!BD12 -> 0
B77: Distance based - Other delivery points | C77: ='5. Weighted average price'!BE12 -> 0 | D77: ='5. Weighted average price'!BF12 -> 0 | E77: ='5. Weighted average price'!BG12 -> 0 | F77: ='5. Weighted average price'!BH12 -> 0 | G77: ='5. Weighted average price'!BI12 -> 0 | H77: ='5. Weighted average price'!BJ12 -> 0
B78: Interruptible or as available transportation services
B79: Postage Stamp | C79: ='5. Weighted average price'!M13 -> 0 | D79: ='5. Weighted average price'!N13 -> 0 | E79: ='5. Weighted average price'!O13 -> 0 | F79: ='5. Weighted average price'!P13 -> 1361.4638 | G79: ='5. Weighted average price'!Q13 -> 2512.8529 | H79: ='5. Weighted average price'!R13 -> 0.54180006
B80: Zonal based - Zone 1 | C80: ='5. Weighted average price'!T13 -> 0 | D80: ='5. Weighted average price'!U13 -> 0 | E80: ='5. Weighted average price'!V13 -> 0 | F80: ='5. Weighted average price'!W13 -> 0 | G80: ='5. Weighted average price'!X13 -> 0 | H80: ='5. Weighted average price'!Y13 -> 0
B81: Zonal based - Zone 2 | C81: ='5. Weighted average price'!Z13 -> 0 | D81: ='5. Weighted average price'!AA13 -> 0 | E81: ='5. Weighted average price'!AB13 -> 0 | F81: ='5. Weighted average price'!AC13 -> 0 | G81: ='5. Weighted average price'!AD13 -> 0 | H81: ='5. Weighted average price'!AE13 -> 0
B82: Zonal based - Zone 3 | C82: ='5. Weighted average price'!AF13 -> 0 | D82: ='5. Weighted average price'!AG13 -> 0 | E82: ='5. Weighted average price'!AH13 -> 0 | F82: ='5. Weighted average price'!AI13 -> 0 | G82: ='5. Weighted average price'!AJ13 -> 0 | H82: ='5. Weighted average price'!AK13 -> 0
B83: Distance based - Major delivery point 1 | C83: ='5. Weighted average price'!AM13 -> 0 | D83: ='5. Weighted average price'!AN13 -> 0 | E83: ='5. Weighted average price'!AO13 -> 0 | F83: ='5. Weighted average price'!AP13 -> 0 | G83: ='5. Weighted average price'!AQ13 -> 0 | H83: ='5. Weighted average price'!AR13 -> 0
B84: Distance based - Major delivery point 2 | C84: ='5. Weighted average price'!AS13 -> 0 | D84: ='5. Weighted average price'!AT13 -> 0 | E84: ='5. Weighted average price'!AU13 -> 0 | F84: ='5. Weighted average price'!AV13 -> 0 | G84: ='5. Weighted average price'!AW13 -> 0 | H84: ='5. Weighted average price'!AX13 -> 0
B85: Distance based - Major delivery point 3 | C85: ='5. Weighted average price'!AY13 -> 0 | D85: ='5. Weighted average price'!AZ13 -> 0 | E85: ='5. Weighted average price'!BA13 -> 0 | F85: ='5. Weighted average price'!BB13 -> 0 | G85: ='5. Weighted average price'!BC13 -> 0 | H85: ='5. Weighted average price'!BD13 -> 0
B86: Distance based - Other delivery points | C86: ='5. Weighted average price'!BE13 -> 0 | D86: ='5. Weighted average price'!BF13 -> 0 | E86: ='5. Weighted average price'!BG13 -> 0 | F86: ='5. Weighted average price'!BH13 -> 0 | G86: ='5. Weighted average price'!BI13 -> 0 | H86: ='5. Weighted average price'!BJ13 -> 0
B87: Backhaul services
B88: Postage Stamp | C88: ='5. Weighted average price'!M14 -> 0 | D88: ='5. Weighted average price'!N14 -> 0 | E88: ='5. Weighted average price'!O14 -> 0 | F88: ='5. Weighted average price'!P14 -> 0 | G88: ='5. Weighted average price'!Q14 -> 0 | H88: ='5. Weighted average price'!R14 -> 0
B89: Zonal based - Zone 1 | C89: ='5. Weighted average price'!T14 -> 0 | D89: ='5. Weighted average price'!U14 -> 0 | E89: ='5. Weighted average price'!V14 -> 0 | F89: ='5. Weighted average price'!W14 -> 0 | G89: ='5. Weighted average price'!X14 -> 0 | H89: ='5. Weighted average price'!Y14 -> 0
B90: Zonal based - Zone 2 | C90: ='5. Weighted average price'!Z14 -> 0 | D90: ='5. Weighted average price'!AA14 -> 0 | E90: ='5. Weighted average price'!AB14 -> 0 | F90: ='5. Weighted average price'!AC14 -> 0 | G90: ='5. Weighted average price'!AD14 -> 0 | H90: ='5. Weighted average price'!AE14 -> 0
B91: Zonal based - Zone 3 | C91: ='5. Weighted average price'!AF14 -> 0 | D91: ='5. Weighted average price'!AG14 -> 0 | E91: ='5. Weighted average price'!AH14 -> 0 | F91: ='5. Weighted average price'!AI14 -> 0 | G91: ='5. Weighted average price'!AJ14 -> 0 | H91: ='5. Weighted average price'!AK14 -> 0
B92: Distance based - Major delivery point 1 | C92: ='5. Weighted average price'!AM14 -> 0 | D92: ='5. Weighted average price'!AN14 -> 0 | E92: ='5. Weighted average price'!AO14 -> 0 | F92: ='5. Weighted average price'!AP14 -> 0 | G92: ='5. Weighted average price'!AQ14 -> 0 | H92: ='5. Weighted average price'!AR14 -> 0
B93: Distance based - Major delivery point 2 | C93: ='5. Weighted average price'!AS14 -> 0 | D93: ='5. Weighted average price'!AT14 -> 0 | E93: ='5. Weighted average price'!AU14 -> 0 | F93: ='5. Weighted average price'!AV14 -> 0 | G93: ='5. Weighted average price'!AW14 -> 0 | H93: ='5. Weighted average price'!AX14 -> 0
B94: Distance based - Major delivery point 3 | C94: ='5. Weighted average price'!AY14 -> 0 | D94: ='5. Weighted average price'!AZ14 -> 0 | E94: ='5. Weighted average price'!BA14 -> 0 | F94: ='5. Weighted average price'!BB14 -> 0 | G94: ='5. Weighted average price'!BC14 -> 0 | H94: ='5. Weighted average price'!BD14 -> 0
B95: Distance based - Other delivery points | C95: ='5. Weighted average price'!BE14 -> 0 | D95: ='5. Weighted average price'!BF14 -> 0 | E95: ='5. Weighted average price'!BG14 -> 0 | F95: ='5. Weighted average price'!BH14 -> 0 | G95: ='5. Weighted average price'!BI14 -> 0 | H95: ='5. Weighted average price'!BJ14 -> 0
B96: Stand alone compression services
B97: Firm stand alone compression services | C97: ='5. Weighted average price'!F16 -> 0 | D97: ='5. Weighted average price'!G16 -> 0 | E97: ='5. Weighted average price'!H16 -> 0 | F97: ='5. Weighted average price'!I16 -> 0 | G97: ='5. Weighted average price'!J16 -> 0 | H97: ='5. Weighted average price'!K16 -> 0
B98: Storage services
B99: Firm park/park and loan services | C99: ='5. Weighted average price'!F18 -> 0 | D99: ='5. Weighted average price'!G18 -> 0 | E99: ='5. Weighted average price'!H18 -> 0 | F99: ='5. Weighted average price'!I18 -> 0 | G99: ='5. Weighted average price'!J18 -> 0 | H99: ='5. Weighted average price'!K18 -> 0
B100: Exempt services | C100: ='5. Weighted average price'!F19 -> 0 | F100: ='5. Weighted average price'!I19 -> 1.20618
B103: For information only | C103: As reported in 'Statement of pipeline assets' | D103: As reported in 'Recovered capital'
B104: Total asset value (depreciated book value vs. recovered capital method asset value) | C104: =C37 -> 6190761.8 | D104: =C52 -> 9.4763598e+08
B105: Shared asset value as a % of total asset value | C105: =IFERROR('3. Statement of pipeline assets'!D100/'3. Statement of pipeline assets'!D101,0) -> 0.63024885 | D105: =IFERROR('4. Recovered capital'!E23/'4. Recovered capital'!E24,0) -> 0.01689133
B106: Pipeline asset value as a % of total asset value | C106: =IFERROR('3. Statement of pipeline assets'!D81/'3. Statement of pipeline assets'!D101,0) -> 0.36975115 | D106: =IFERROR('4. Recovered capital'!E16/'4. Recovered capital'!E24,0) -> 0.98310867
C107: As reported in 'Revenue and expenses'
B108: Direct revenue as a % of total revenue | C108: =IFERROR('2. Revenues and expenses'!D16/'2. Revenues and expenses'!D20,0) -> 1
B109: Indirect revenue as a % of total revenue | C109: =IFERROR('2. Revenues and expenses'!D19/'2. Revenues and expenses'!D20,0) -> 0
B110: Direct costs as a % of total costs | C110: =IFERROR('2. Revenues and expenses'!D30/'2. Revenues and expenses'!D42,0) -> 0.12077214
B111: Shared costs as a % of total costs | C111: =IFERROR('2. Revenues and expenses'!D41/'2. Revenues and expenses'!D42,0) -> 0.87922786
B114: For reconciliation | C114: As reported in 'Revenue and expenses' | D114: As reported in 'Depreciation amortisation'
B115: Depreciation for pipeline assets | C115: ='2. Revenues and expenses'!F24 -> -64.46 | D115: ='3.3 Depreciation amortisation'!N53 -> -38900584
...

Sheet 1. Pipeline information
B1: Pipeline information
B2: =Tradingname -> APT PARMELIA PTY LTD
B3: Reporting Period | C3: =TEXT(Yearstart,"dd/mm/yyyy")&" to "&TEXT(Yearending,"dd/mm/yyyy") -> 01/07/2023 to 30/06/2024
B5: Table 1.1: Pipeline details
B7: Pipeline location | C7: Western Australia
B8: Pipeline length (km) | C8: 416
B9: Number of customers | C9: 11
B10: Service type | C10: Transmission
B12: Table 1.2: Pipeline services provided
B14: Service description | C14: Provided to non related parties | D14: Provided to related parties
B15: Transportation services
B16: Firm forward haul transportation service | C16: Yes | D16: No
B17: Interruptible or as available transportation service | C17: Yes | D17: No
B18: Backhaul services | C18: Yes | D18: No
B19: Stand-alone compression services
B20: Firm stand-alone compression service | C20: No | D20: No
B21: Interruptible or as available stand-alone compression service | C21: No | D21: No
B22: Storage services
B23: Park services | C23: No | D23: No
B24: Park and loan services | C24: No | D24: No
B25: Trading services
B26: Capacity trading service | C26: No | D26: No
B27: In pipe trading service | C27: Yes | D27: No
B28: Other (please specify)
B29: other service (insert description)
B30: other service (insert description)
B31: other service (insert description)
B32: other service (insert description)
B33: other service (insert description)
B34: other service (insert description)
B35: other service (insert description)
B36: other service (insert description)

Sheet 1.1 Financial performance
B1: Financial performance measures
B2: =Tradingname -> APT PARMELIA PTY LTD
B3: Reporting Period | C3: =TEXT(Yearstart,"dd/mm/yyyy")&" to "&TEXT(Yearending,"dd/mm/yyyy") -> 01/07/2023 to 30/06/2024
B5: Table 1.1.1: Return on assets
C7: Pipeline
B8: Earnings before interest and tax | C8: ='2. Revenues and expenses'!F43 -> -40664895
B9: Total assets | C9: ='3. Statement of pipeline assets'!$D$101 -> 6190761.8
B10: Return on assets | C10: =IFERROR(C8/C9,0) -> -6.5686415
B12: Note: For the purposes of Part 23 reporting the Part 23 Book value exceeds the Part 23 Recoverable value on a stand-alone basis however there is no statutory impairment for Parmelia on a cash generating unit basis. For further information, please refer to the table reference 3.2.1 on the tab called "6. Notes".

Sheet 2. Revenues and expenses
B1: Statement of pipeline revenues and expenses
B2: =Tradingname -> APT PARMELIA PTY LTD
B3: Reporting Period | C3: =TEXT(Yearstart,"dd/mm/yyyy")&" to "&TEXT(Yearending,"dd/mm/yyyy") -> 01/07/2023 to 30/06/2024
B5: Table 2.1: Statement of pipeline revenues and expenses
D7: Reporting period | G7: Previous reporting period
B8: Basis of Preparation reference | C8: Description | D8: Amounts excluding related party transactions | E8: Related party transactions | F8: Total | G8: Amounts excluding related party transactions | H8: Related party transactions | I8: Total
D9: $ nominal | E9: $ nominal | F9: $ nominal | G9: $ nominal | H9: $ nominal | I9: $ nominal
C10: Direct revenue
B11: 2.3.1 & 2.3.1.1 | C11: Total service revenue | D11: ='2.1 Revenue by service'!D21 -> 10300418 | E11: ='2.1 Revenue by service'!E21 -> 0 | F11: =SUM(D11:E11) -> 10300418 | G11: ='2.1 Revenue by service'!G21 -> 6356258.1 | H11: ='2.1 Revenue by service'!H21 -> 0 | I11: =SUM(G11:H11) -> 6356258.1
C12: Customer contribution revenue | D12: ='2.2 Revenue contributions '!C15 -> 0 | E12: ='2.2 Revenue contributions '!D15 -> 0 | F12: =SUM(D12:E12) -> 0 | G12: 0 | H12: 0 | I12: =SUM(G12:H12) -> 0
C13: Government contribution revenue | D13: ='2.2 Revenue contributions '!D27 -> 0 | F13: =SUM(D13:E13) -> 0 | G13: 0 | H13: 0 | I13: =SUM(G13:H13) -> 0
C14: Profit from sale of fixed assets | D14: 2.0494717e-12 | E14: 0 | F14: =SUM(D14:E14) -> 2.0494717e-12 | G14: 0 | H14: 0 | I14: =SUM(G14:H14) -> 0
B15: 2.3.1 | C15: Other direct revenue | D15: 6225655.6 | E15: 0 | F15: =SUM(D15:E15) -> 6225655.6 | G15: 4247578.4 | H15: 0 | I15: =SUM(G15:H15) -> 4247578.4
C16: Total direct revenue | D16: =SUM(D11:D15) -> 16526074 | E16: =SUM(E11:E15) -> 0 | F16: =SUM(D16:E16) -> 16526074 | G16: =SUM(G11:G15) -> 10603837 | H16: =SUM(H11:H15) -> 0 | I16: =SUM(I11:I15) -> 10603837
C17: Indirect revenue allocated
C18: Other revenue | D18: ='2.3 Indirect revenue'!G36 -> 0 | E18: ='2.3 Indirect revenue'!H36 -> 0 | F18: =SUM(D18:E18) -> 0 | G18: 0 | H18: 0 | I18: =SUM(G18:H18) -> 0
C19: Total indirect revenue allocated | D19: =SUM(D18:D18) -> 0 | E19: =SUM(E18:E18) -> 0 | F19: =SUM(F18:F18) -> 0 | G19: =SUM(G18:G18) -> 0 | H19: =SUM(H18:H18) -> 0 | I19: =SUM(I18:I18) -> 0
C20: Total revenue | D20: =D16+D19 -> 16526074 | E20: =E16+E19 -> 0 | F20: =F16+F19 -> 16526074 | G20: =G16+G19 -> 10603837 | H20: =H16+H19 -> 0 | I20: =I16+I19 -> 10603837
C21: Direct costs
B22: 2.3.2 | C22: Repairs and maintenance | D22: -12045.33 | E22: 0 | F22: =SUM(D22:E22) -> -12045.33 | G22: -7710.6 | H22: 0 | I22: =SUM(G22:H22) -> -7710.6
B23: 2.3.2 | C23: Wages | D23: -5150752.2 | E23: 0 | F23: =SUM(D23:E23) -> -5150752.2 | G23: -5613538.9 | H23: 0 | I23: =SUM(G23:H23) -> -5613538.9
B24: 2.3.2.1 | C24: Depreciation | D24: -64.46 | E24: 0 | F24: =SUM(D24:E24) -> -64.46 | G24: 0 | H24: 0 | I24: =SUM(G24:H24) -> 0
B25: 2.3.2 | C25: Insurance | D25: -136020.36 | E25: 0 | F25: =SUM(D25:E25) -> -136020.36 | G25: -121497.61 | H25: 0 | I25: =SUM(G25:H25) -> -121497.61
B26: 2.3.2 | C26: Licence and regulatory costs | D26: -126800 | E26: 0 | F26: =SUM(D26:E26) -> -126800 | G26: -104748.97 | H26: 0 | I26: =SUM(G26:H26) -> -104748.97
B27: 2.3.2 | C27: Directly attributable finance charges | D27: 0 | E27: 0 | F27: =SUM(D27:E27) -> 0 | G27: 0 | H27: 0 | I27: =SUM(G27:H27) -> 0
B28: 2.3.2 | C28: Leasing and rental costs | D28: -49036.73 | E28: 0 | F28: =SUM(D28:E28) -> -49036.73 | G28: -24712.4 | H28: 0 | I28: =SUM(G28:H28) -> -24712.4
B29: 2.3.2 | C29: Other direct costs | D29: -1432356.8 | E29: 0 | F29: =SUM(D29:E29) -> -1432356.8 | G29: -1121721.5 | H29: 0 | I29: =SUM(G29:H29) -> -1121721.5
C30: Total direct costs | D30: =SUM(D22:D29) -> -6907075.8 | E30: =SUM(E22:E29) -> 0 | F30: =SUM(F22:F29) -> -6907075.8 | G30: =SUM(G22:G29) -> -6993930 | H30: =SUM(H22:H29) -> 0 | I30: =SUM(I22:I29) -> -6993930
C31: Shared costs
C32: Employee costs | D32: =SUMIF('2.4 Shared costs'!$C$9:$C$35,'2. Revenues and expenses'!$C32,'2.4 Shared costs'!$H$9:$H$35) -> 0 | E32: =SUMIF('2.4 Shared costs'!$C$9:$C$35,'2. Revenues and expenses'!$C32,'2.4 Shared costs'!$I$9:$I$35) -> 0 | F32: =SUM(D32:E32) -> 0 | G32: 0 | H32: 0 | I32: =SUM(G32:H32) -> 0
C33: Information technology and communication costs | D33: =SUMIF('2.4 Shared costs'!$C$9:$C$35,'2. Revenues and expenses'!$C33,'2.4 Shared costs'!$H$9:$H$35) -> 0 | E33: =SUMIF('2.4 Shared costs'!$C$9:$C$35,'2. Revenues and expenses'!$C33,'2.4 Shared costs'!$I$9:$I$35) -> 0 | F33: =SUM(D33:E33) -> 0 | G33: 0 | H33: 0 | I33: =SUM(G33:H33) -> 0
C34: Indirect operating expenses | D34: =SUMIF('2.4 Shared costs'!$C$9:$C$35,'2. Revenues and expenses'!$C34,'2.4 Shared costs'!$H$9:$H$35) -> 0 | E34: =SUMIF('2.4 Shared costs'!$C$9:$C$35,'2. Revenues and expenses'!$C34,'2.4 Shared costs'!$I$9:$I$35) -> 0 | F34: =SUM(D34:E34) -> 0 | G34: 0 | H34: 0 | I34: =SUM(G34:H34) -> 0
B35: 2.3.2.1 | C35: Shared asset depreciation | D35: =SUMIF('2.4 Shared costs'!$C$9:$C$35,'2. Revenues and expenses'!$C35,'2.4 Shared costs'!$H$9:$H$35) -> 0 | E35: =SUMIF('2.4 Shared costs'!$C$9:$C$35,'2. Revenues and expenses'!$C35,'2.4 Shared costs'!$I$9:$I$35) -> 0 | F35: =SUM(D35:E35) -> 0 | G35: 0 | H35: 0 | I35: =SUM(G35:H35) -> 0
C36: Rental and leasing costs | D36: =SUMIF('2.4 Shared costs'!$C$9:$C$35,'2. Revenues and expenses'!$C36,'2.4 Shared costs'!$H$9:$H$35) -> 0 | E36: =SUMIF('2.4 Shared costs'!$C$9:$C$35,'2. Revenues and expenses'!$C36,'2.4 Shared costs'!$I$9:$I$35) -> 0 | F36: =SUM(D36:E36) -> 0 | G36: 0 | H36: 0 | I36: =SUM(G36:H36) -> 0
C37: Borrowing costs | D37: =SUMIF('2.4 Shared costs'!$C$9:$C$35,'2. Revenues and expenses'!$C37,'2.4 Shared costs'!$H$9:$H$35) -> 0 | E37: =SUMIF('2.4 Shared costs'!$C$9:$C$35,'2. Revenues and expenses'!$C37,'2.4 Shared costs'!$I$9:$I$35) -> 0 | F37: =SUM(D37:E37) -> 0 | G37: 0 | H37: 0 | I37: =SUM(G37:H37) -> 0
C38: Loss from sale of shared fixed assets | D38: =SUMIF('2.4 Shared costs'!$C$9:$C$35,'2. Revenues and expenses'!$C38,'2.4 Shared costs'!$H$9:$H$35) -> 0 | E38: =SUMIF('2.4 Shared costs'!$C$9:$C$35,'2. Revenues and expenses'!$C38,'2.4 Shared costs'!$I$9:$I$35) -> 0 | F38: =SUM(D38:E38) -> 0 | G38: 0 | H38: 0 | I38: =SUM(G38:H38) -> 0
B39: 2.4.4 | C39: Impairment losses (nature of the impairment loss) | D39: =SUMIF('2.4 Shared costs'!$C$9:$C$35,'2. Revenues and expenses'!$C39,'2.4 Shared costs'!$H$9:$H$35) -> -48352417 | E39: =SUMIF('2.4 Shared costs'!$C$9:$C$35,'2. Revenues and expenses'!$C39,'2.4 Shared costs'!$I$9:$I$35) -> 0 | F39: =SUM(D39:E39) -> -48352417 | G39: -11101489 | H39: 0 | I39: =SUM(G39:H39) -> -11101489
B40: 2.3.2.2 | C40: Other shared costs | D40: =SUMIF('2.4 Shared costs'!$C$9:$C$35,'2. Revenues and expenses'!$C40,'2.4 Shared costs'!$H$9:$H$35) -> -1931475.7 | E40: =SUMIF('2.4 Shared costs'!$C$9:$C$35,'2. Revenues and expenses'!$C40,'2.4 Shared costs'!$I$9:$I$35) -> 0 | F40: =SUM(D40:E40) -> -1931475.7 | G40: -797434.13 | H40: 0 | I40: =SUM(G40:H40) -> -797434.13
C41: Total shared costs allocated | D41: =SUM(D32:D40) -> -50283893 | E41: =SUM(E32:E40) -> 0 | F41: =SUM(F32:F40) -> -50283893 | G41: -11898924 | H41: 0 | I41: =SUM(I32:I40) -> -11898924
C42: Total costs | D42: =D30+D41 -> -57190969 | E42: =E30+E41 -> 0 | F42: =F30+F41 -> -57190969 | G42: -18892854 | H42: 0 | I42: =I30+I41 -> -18892854
C43: Earnings before Interest and tax (EBIT) | D43: =D20+D42 -> -40664895 | E43: =E20+E42 -> 0 | F43: =F20+F42 -> -40664895 | G43: -8289017.1 | H43: 0 | I43: =I20+I42 -> -8289017.1

Sheet 2.1 Revenue by service
B1: Revenue by service
B2: =Tradingname -> APT PARMELIA PTY LTD
B3: Reporting Period | C3: =TEXT(Yearstart,"dd/mm/yyyy")&" to "&TEXT(Yearending,"dd/mm/yyyy") -> 01/07/2023 to 30/06/2024
B5: Table 2.1.1: Revenue by service
D7: Reporting period | G7: Previous reporting period
B8: Basis of Preparation reference | C8: Description | D8: Amounts excluding related party transactions | E8: Related party transactions | F8: Total | G8: Amounts excluding related party transactions | H8: Related party transactions | I8: Total
D9: $ nominal | E9: $ nominal | F9: $ nominal | G9: $ nominal | H9: $ nominal | I9: $ nominal
C10: Revenue by service
B11: 2.3.1 & 2.3.1.1 | C11: Firm forward haul transportation services | D11: 8075887.6 | E11: 0 | F11: =SUM(D11:E11) -> 8075887.6 | G11: 5102015.1 | H11: 0 | I11: =SUM(G11:H11) -> 5102015.1
B12: 2.3.1 | C12: Interruptible or as available transportation services | D12: 1362670 | E12: 0 | F12: =SUM(D12:E12) -> 1362670 | G12: 978752.62 | H12: 0 | I12: =SUM(G12:H12) -> 978752.62
B13: 2.3.1 | C13: Backhaul services | D13: 0 | E13: 0 | F13: =SUM(D13:E13) -> 0 | G13: 0 | H13: 0 | I13: =SUM(G13:H13) -> 0
B14: 2.3.1 | C14: Firm stand-alone compression service | D14: 0 | E14: 0 | F14: =SUM(D14:E14) -> 0 | G14: 0 | H14: 0 | I14: =SUM(G14:H14) -> 0
B15: 2.3.1 | C15: Interruptible or as available stand-alone compression service | D15: 0 | E15: 0 | F15: =SUM(D15:E15) -> 0 | G15: 0 | H15: 0 | I15: =SUM(G15:H15) -> 0
B16: 2.3.1 | C16: Park services | D16: 0 | E16: 0 | F16: =SUM(D16:E16) -> 0 | G16: 0 | H16: 0 | I16: =SUM(G16:H16) -> 0
B17: 2.3.1 | C17: Park and loan services | D17: 0 | E17: 0 | F17: =SUM(D17:E17) -> 0 | G17: 0 | H17: 0 | I17: =SUM(G17:H17) -> 0
B18: 2.3.1 | C18: Capacity trading service | D18: 0 | E18: 0 | F18: =SUM(D18:E18) -> 0 | G18: 0 | H18: 0 | I18: =SUM(G18:H18) -> 0
B19: 2.3.1 | C19: In pipe trading service | D19: 5408.66 | E19: 0 | F19: =SUM(D19:E19) -> 5408.66 | G19: 3220.81 | H19: 0 | I19: =SUM(G19:H19) -> 3220.81
B20: 2.3.1 | C20: Other pipeline revenue (if relevant) | D20: 856451.71 | E20: 0 | F20: =SUM(D20:E20) -> 856451.71 | G20: 272269.51 | H20: 0 | I20: =SUM(G20:H20) -> 272269.51
C21: Total service revenue | D21: =SUM(D11:D20) -> 10300418 | E21: =SUM(E11:E20) -> 0 | F21: =SUM(F11:F20) -> 10300418 | G21: =SUM(G11:G20) -> 6356258.1 | H21: =SUM(H11:H20) -> 0 | I21: =SUM(I11:I20) -> 6356258.1

Sheet 2.2 Revenue contributions 
B1: Revenue - contributions
B2: =Tradingname -> APT PARMELIA PTY LTD
B3: Reporting Period | C3: =TEXT(Yearstart,"dd/mm/yyyy")&" to "&TEXT(Yearending,"dd/mm/yyyy") -> 01/07/2023 to 30/06/2024
B5: Table 2.2.1: Customer contributions received
B7: Description | C7: Amounts excluding related party transactions | D7: Related party transactions | E7: Total
C8: $ nominal | D8: $ nominal | E8: $ nominal
B9: Customer Contributions | C9: 0 | D9: 0 | E9: =SUM(C9:D9) -> 0
E10: =SUM(C10:D10) -> 0
E11: =SUM(C11:D11) -> 0
E12: =SUM(C12:D12) -> 0
E13: =SUM(C13:D13) -> 0
E14: =SUM(C14:D14) -> 0
B15: Total | C15: =SUM(C9:C14) -> 0 | D15: =SUM(D9:D14) -> 0 | E15: =SUM(E9:E14) -> 0
B17: Table 2.2.2: Government contributions received
B19: Source | C19: Description | D19: Total
D20: $ nominal
B27: Total | D27: =SUM(D21:D26) -> 0

Sheet 2.3 Indirect revenue
B1: Indirect revenue
B2: =Tradingname -> APT PARMELIA PTY LTD | E2: Please ensure allocation methodologies are explained in sufficient detail in the Basis of Preparation as required under section 3.2.4 of the Guideline
B3: Reporting Period | C3: =TEXT(Yearstart,"dd/mm/yyyy")&" to "&TEXT(Yearending,"dd/mm/yyyy") -> 01/07/2023 to 30/06/2024
B5: Table 2.3.1: Indirect revenue allocation
B7: Basis of Preparation reference | C7: Description | D7: Indirect revenue excluding related parties | E7: Indirect revenue from related parties | F7: % allocated to pipeline | G7: Total allocated to pipeline excluding related parties | H7: Total related party amounts allocated to pipeline
C8: (list each individual revenue item) | D8: $ nominal | E8: $ nominal | G8: $ nominal | H8: $ nominal
G9: =D9*F9 -> 0 | H9: =E9*F9 -> 0
G10: =D10*F10 -> 0 | H10: =E10*F10 -> 0
G11: =D11*F11 -> 0 | H11: =E11*F11 -> 0
G12: =D12*F12 -> 0 | H12: =E12*F12 -> 0
G13: =D13*F13 -> 0 | H13: =E13*F13 -> 0
G14: =D14*F14 -> 0 | H14: =E14*F14 -> 0
G15: =D15*F15 -> 0 | H15: =E15*F15 -> 0
G16: =D16*F16 -> 0 | H16: =E16*F16 -> 0
G17: =D17*F17 -> 0 | H17: =E17*F17 -> 0
G18: =D18*F18 -> 0 | H18: =E18*F18 -> 0
G19: =D19*F19 -> 0 | H19: =E19*F19 -> 0
G20: =D20*F20 -> 0 | H20: =E20*F20 -> 0
... G35: =D35*F35 -> 0 | H35: =E35*F35 -> 0
C36: Total | D36: =SUM(D9:D35) -> 0 | E36: =SUM(E9:E35) -> 0 | G36: =SUM(G9:G35) -> 0 | H36: =SUM(H9:H35) -> 0

Sheet 2.4 Shared costs
B1: Shared costs
B2: =Tradingname -> APT PARMELIA PTY LTD | E2: Please ensure allocation methodologies are explained in sufficient detail in the Basis of Preparation as required under section 3.2.4 of the Guideline
B3: Reporting Period | C3: =TEXT(Yearstart,"dd/mm/yyyy")&" to "&TEXT(Yearending,"dd/mm/yyyy") -> 01/07/2023 to 30/06/2024
B5: Table 2.4.1: Shared cost allocation
B7: Basis of Preparation reference | C7: Description | D7: Income statement account applied to | E7: Shared costs excluding related parties | F7: Shared costs paid to related parties | G7: % allocated to pipeline | H7: Total allocated to pipeline excluding related parties | I7: Total related party amounts allocated to pipeline
C8: (list each individual cost) | E8: $ nominal | F8: $ nominal | H8: $ nominal | I8: $ nominal
C9: Employee costs | H9: =E9*G9 -> 0 | I9: =F9*G9 -> 0
C10: Information technology and communication costs | H10: =E10*G10 -> 0 | I10: =F10*G10 -> 0
C11: Indirect operating expenses | H11: =E11*G11 -> 0 | I11: =F11*G11 -> 0
B12: 2.3.2.1 | C12: Shared asset depreciation | E12: -41363581 | H12: =E12*G12 -> 0 | I12: =F12*G12 -> 0
C13: Rental and leasing costs | H13: =E13*G13 -> 0 | I13: =F13*G13 -> 0
C14: Borrowing costs | H14: =E14*G14 -> 0 | I14: =F14*G14 -> 0
C15: Loss from sale of shared fixed assets | H15: =E15*G15 -> 0 | I15: =F15*G15 -> 0
C16: Impairment losses (nature of the impairment loss) | E16: -48352417 | G16: 1 | H16: =E16*G16 -> -48352417 | I16: =F16*G16 -> 0
C17: Other shared costs | E17: =SUM(E18:E35) -> -2.2037143e+08 | F17: =SUM(F18:F35) -> 0 | H17: =SUM(H18:H35) -> -1931475.7 | I17: =SUM(I18:I35) -> 0
B18: 2.3.2.2 | C18: Corporate operating expenditure | E18: -2.1014066e+08 | G18: 0.0091913471 | H18: =E18*G18 -> -1931475.7 | I18: =F18*G18 -> 0
B19: 2.3.2.2 | C19: Shared leased interest (Refer to Note 6) | E19: -1341212.8 | G19: 0 | H19: =E19*G19 -> 0 | I19: =F19*G19 -> 0
B20: 2.3.2.1 | C20: Shared leased asset depreciation (Refer to Note 6) | E20: -8889555.5 | G20: =G19 -> 0 | H20: =E20*G20 -> 0 | I20: =F20*G20 -> 0
H21: =E21*G21 -> 0 | I21: =F21*G21 -> 0
H22: =E22*G22 -> 0 | I22: =F22*G22 -> 0
H23: =E23*G23 -> 0 | I23: =F23*G23 -> 0
H24: =E24*G24 -> 0 | I24: =F24*G24 -> 0
H25: =E25*G25 -> 0 | I25: =F25*G25 -> 0
H26: =E26*G26 -> 0 | I26: =F26*G26 -> 0
H27: =E27*G27 -> 0 | I27: =F27*G27 -> 0
H28: =E28*G28 -> 0 | I28: =F28*G28 -> 0
H29: =E29*G29 -> 0 | I29: =F29*G29 -> 0
H30: =E30*G30 -> 0 | I30: =F30*G30 -> 0
H31: =E31*G31 -> 0 | I31: =F31*G31 -> 0
H32: =E32*G32 -> 0 | I32: =F32*G32 -> 0
... H35: =E35*G35 -> 0 | I35: =F35*G35 -> 0
C36: Total | E36: =SUM(E9:E17) -> -3.1008742e+08 | F36: =SUM(F9:F17) -> 0 | H36: =SUM(H9:H17) -> -50283893 | I36: =SUM(I9:I17) -> 0

Sheet 3. Statement of pipeline assets
B1: Statement of pipeline assets
B2: =Tradingname -> APT PARMELIA PTY LTD
B3: Reporting Period | C3: =TEXT(Yearstart,"dd/mm/yyyy")&" to "&TEXT(Yearending,"dd/mm/yyyy") -> 01/07/2023 to 30/06/2024
B5: Table 3.1: Pipeline assets
B7: Basis of Preparation reference | C7: Description | D7: Reporting period | E7: Previous reporting period
C8: Pipeline Assets
C9: Pipelines | D9: $ nominal | E9: $ nominal
B10: 2.4 | C10: Initial construction or acquisition costs | D10: =SUMIF('3.3 Depreciation amortisation'!$D$9:$D$52,'3. Statement of pipeline assets'!C9,'3.3 Depreciation amortisation'!$H$9:$H$52) -> 10314985 | E10: 10314985
B11: 2.4 | C11: Additions | D11: =SUMIF('3.3 Depreciation amortisation'!$D$9:$D$52,'3. Statement of pipeline assets'!C9,'3.3 Depreciation amortisation'!$I$9:$I$52) -> 81162064 | E11: 42239813
B12: 2.4 | C12: Capitalised maintenance or improvements | D12: =SUMIF('3.3 Depreciation amortisation'!$D$9:$D$52,'3. Statement of pipeline assets'!C9,'3.3 Depreciation amortisation'!$J$9:$J$52) -> 4302266 | E12: 4302266
C13: Total capitalised pipeline construction costs | D13: =SUM(D10:D12) -> 95779315 | E13: =SUM(E10:E12) -> 56857064
B14: 2.4 | C14: Depreciation and impairment | D14: =SUMIF('3.3 Depreciation amortisation'!$D$9:$D$52,'3. Statement of pipeline assets'!C9,'3.3 Depreciation amortisation'!$M$9:$M$52)+SUMIF('3.3 Depreciation amortisation'!$D$9:$D$52,'3. Statement of pipeline assets'!C9,'3.3 Depreciation amortisation'!$N$9:$N$52) -> -93359570 | E14: -54437318
B15: 2.4 | C15: Disposals or early termination (at cost) | D15: =SUMIF('3.3 Depreciation amortisation'!$D$9:$D$52,'3. Statement of pipeline assets'!C9,'3.3 Depreciation amortisation'!$K$9:$K$52) -> -2419745.3 | E15: -2419745.3
C16: Closing pipeline carrying value | D16: =SUM(D13:D15) -> 1.8626451e-08 | E16: =SUM(E13:E15) -> 3.7252903e-09
C17: Compressors
B18: 2.4 | C18: Initial construction or acquisition costs | D18: =SUMIF('3.3 Depreciation amortisation'!$D$9:$D$52,'3. Statement of pipeline assets'!C17,'3.3 Depreciation amortisation'!$H$9:$H$52) -> 582242.42 | E18: 582242.42
B19: 2.4 | C19: Additions | D19: =SUMIF('3.3 Depreciation amortisation'!$D$9:$D$52,'3. Statement of pipeline assets'!C17,'3.3 Depreciation amortisation'!$I$9:$I$52) -> 1360366.4 | E19: 1360366.4
B20: 2.4 | C20: Capitalised maintenance or improvements | D20: =SUMIF('3.3 Depreciation amortisation'!$D$9:$D$52,'3. Statement of pipeline assets'!C17,'3.3 Depreciation amortisation'!$J$9:$J$52) -> 0 | E20: 0
B21: 2.4 | C21: Depreciation and impairment | D21: =SUMIF('3.3 Depreciation amortisation'!$D$9:$D$52,'3. Statement of pipeline assets'!C17,'3.3 Depreciation amortisation'!$M$9:$M$52)+SUMIF('3.3 Depreciation amortisation'!$D$9:$D$52,'3. Statement of pipeline assets'!C17,'3.3 Depreciation amortisation'!$N$9:$N$52) -> -1529157.6 | E21: -1576208.8
B22: 2.4 | C22: Disposal or early termination (at cost) | D22: =SUMIF('3.3 Depreciation amortisation'!$D$9:$D$52,'3. Statement of pipeline assets'!C17,'3.3 Depreciation amortisation'!$K$9:$K$52) -> -413451.13 | E22: -366399.99
C23: Closing compressors carrying value | D23: =SUM(D18:D22) -> 0 | E23: =SUM(E18:E22) -> 0
C24: City Gates, supply regulators and valve stations
B25: 2.4 | C25: Initial construction or acquisition costs | D25: =SUMIF('3.3 Depreciation amortisation'!$D$9:$D$52,'3. Statement of pipeline assets'!C24,'3.3 Depreciation amortisation'!$H$9:$H$52) -> 232221.87 | E25: 232221.87
B26: 2.4 | C26: Additions | D26: =SUMIF('3.3 Depreciation amortisation'!$D$9:$D$52,'3. Statement of pipeline assets'!C24,'3.3 Depreciation amortisation'!$I$9:$I$52) -> 781984.5 | E26: 781984.5
B27: 2.4 | C27: Capitalised maintenance or improvements | D27: =SUMIF('3.3 Depreciation amortisation'!$D$9:$D$52,'3. Statement of pipeline assets'!C24,'3.3 Depreciation amortisation'!$J$9:$J$52) -> 0 | E27: 0
B28: 2.4 | C28: Depreciation and impairment | D28: =SUMIF('3.3 Depreciation amortisation'!$D$9:$D$52,'3. Statement of pipeline assets'!C24,'3.3 Depreciation amortisation'!$M$9:$M$52)+SUMIF('3.3 Depreciation amortisation'!$D$9:$D$52,'3. Statement of pipeline assets'!C24,'3.3 Depreciation amortisation'!$N$9:$N$52) -> -872808.51 | E28: -884700.2
B29: 2.4 | C29: Disposal or early termination (at cost) | D29: =SUMIF('3.3 Depreciation amortisation'!$D$9:$D$52,'3. Statement of pipeline assets'!C24,'3.3 Depreciation amortisation'!$K$9:$K$52) -> -141397.86 | E29: -129506.17
C30: Closing city gates, supply regulators and valve stations carrying value | D30: =SUM(D25:D29) -> 0 | E30: =SUM(E25:E29) -> 0
C31: Metering
B32: 2.4 | C32: Initial construction or acquisition costs | D32: =SUMIF('3.3 Depreciation amortisation'!$D$9:$D$52,'3. Statement of pipeline assets'!C31,'3.3 Depreciation amortisation'!$H$9:$H$52) -> 388978.41 | E32: 388978.41
B33: 2.4 | C33: Additions | D33: =SUMIF('3.3 Depreciation amortisation'!$D$9:$D$52,'3. Statement of pipeline assets'!C31,'3.3 Depreciation amortisation'!$I$9:$I$52) -> 10746703 | E33: 10746703
B34: 2.4 | C34: Capitalised maintenance or improvements | D34: =SUMIF('3.3 Depreciation amortisation'!$D$9:$D$52,'3. Statement of pipeline assets'!C31,'3.3 Depreciation amortisation'!$J$9:$J$52) -> 0 | E34: 0
B35: 2.4 | C35: Depreciation and impairment | D35: =SUMIF('3.3 Depreciation amortisation'!$D$9:$D$52,'3. Statement of pipeline assets'!C31,'3.3 Depreciation amortisation'!$M$9:$M$52)+SUMIF('3.3 Depreciation amortisation'!$D$9:$D$52,'3. Statement of pipeline assets'!C31,'3.3 Depreciation amortisation'!$N$9:$N$52) -> -10897078 | E35: -10915719
B36: 2.4 | C36: Disposal or early termination (at cost) | D36: =SUMIF('3.3 Depreciation amortisation'!$D$9:$D$52,'3. Statement of pipeline assets'!C31,'3.3 Depreciation amortisation'!$K$9:$K$52) -> -238602.89 | E36: -219962.52
C37: Closing Metering | D37: =SUM(D32:D36) -> 3.783498e-10 | E37: =SUM(E32:E36) -> 0
C38: Odorant plants
B39: 2.4 | C39: Initial construction or acquisition costs | D39: =SUMIF('3.3 Depreciation amortisation'!$D$9:$D$52,'3. Statement of pipeline assets'!C38,'3.3 Depreciation amortisation'!$H$9:$H$52) -> 19917.874 | E39: 19917.874
B40: 2.4 | C40: Additions | D40: =SUMIF('3.3 Depreciation amortisation'!$D$9:$D$52,'3. Statement of pipeline assets'!C38,'3.3 Depreciation amortisation'!$I$9:$I$52) -> 994392.62 | E40: 994392.62
B41: 2.4 | C41: Capitalised maintenance or improvements | D41: =SUMIF('3.3 Depreciation amortisation'!$D$9:$D$52,'3. Statement of pipeline assets'!C38,'3.3 Depreciation amortisation'!$J$9:$J$52) -> 0 | E41: 0
B42: 2.4 | C42: Depreciation and impairment | D42: =SUMIF('3.3 Depreciation amortisation'!$D$9:$D$52,'3. Statement of pipeline assets'!C38,'3.3 Depreciation amortisation'!$M$9:$M$52)+SUMIF('3.3 Depreciation amortisation'!$D$9:$D$52,'3. Statement of pipeline assets'!C38,'3.3 Depreciation amortisation'!$N$9:$N$52) -> -993328.78 | E42: -1014310.5
B43: 2.4 | C43: Disposal or early termination (at cost) | D43: =SUMIF('3.3 Depreciation amortisation'!$D$9:$D$52,'3. Statement of pipeline assets'!C38,'3.3 Depreciation amortisation'!$K$9:$K$52) -> -20981.713 | E43: 0
C44: Closing odorant plants carrying value | D44: =SUM(D39:D43) -> -3.6379788e-11 | E44: =SUM(E39:E43) -> 0
C45: SCADA (Communications)
B46: 2.4 | C46: Initial construction or acquisition costs | D46: =SUMIF('3.3 Depreciation amortisation'!$D$9:$D$52,'3. Statement of pipeline assets'!C45,'3.3 Depreciation amortisation'!$H$9:$H$52) -> 9937.0772 | E46: 9937.0772
B47: 2.4 | C47: Additions | D47: =SUMIF('3.3 Depreciation amortisation'!$D$9:$D$52,'3. Statement of pipeline assets'!C45,'3.3 Depreciation amortisation'!$I$9:$I$52) -> 1850605.2 | E47: 1850605.2
B48: 2.4 | C48: Capitalised maintenance or improvements | D48: =SUMIF('3.3 Depreciation amortisation'!$D$9:$D$52,'3. Statement of pipeline assets'!C45,'3.3 Depreciation amortisation'!$J$9:$J$52) -> 0 | E48: 0
B49: 2.4 | C49: Depreciation and impairment | D49: =SUMIF('3.3 Depreciation amortisation'!$D$9:$D$52,'3. Statement of pipeline assets'!C45,'3.3 Depreciation amortisation'!$M$9:$M$52)+SUMIF('3.3 Depreciation amortisation'!$D$9:$D$52,'3. Statement of pipeline assets'!C45,'3.3 Depreciation amortisation'!$N$9:$N$52) -> -1682451.2 | E49: -1682451.2
B50: 2.4 | C50: Disposal or early termination (at cost) | D50: =SUMIF('3.3 Depreciation amortisation'!$D$9:$D$52,'3. Statement of pipeline assets'!C45,'3.3 Depreciation amortisation'!$K$9:$K$52) -> -178091 | E50: -178091
C51: Closing SCADA carrying value | D51: =SUM(D46:D50) -> -2.3283064e-10 | E51: =SUM(E46:E50) -> -2.3283064e-10
C52: Buildings
B53: 2.4 | C53: Initial construction or acquisition costs | D53: =SUMIF('3.3 Depreciation amortisation'!$D$9:$D$52,'3. Statement of pipeline assets'!C52,'3.3 Depreciation amortisation'!$H$9:$H$52) -> 59530.884 | E53: 59530.884
B54: 2.4 | C54: Additions | D54: =SUMIF('3.3 Depreciation amortisation'!$D$9:$D$52,'3. Statement of pipeline assets'!C52,'3.3 Depreciation amortisation'!$I$9:$I$52) -> 847715.54 | E54: 847715.54
B55: 2.4 | C55: Capitalised maintenance or improvements | D55: =SUMIF('3.3 Depreciation amortisation'!$D$9:$D$52,'3. Statement of pipeline assets'!C52,'3.3 Depreciation amortisation'!$J$9:$J$52) -> 0 | E55: 0
B56: 2.4 | C56: Depreciation and impairment | D56: =SUMIF('3.3 Depreciation amortisation'!$D$9:$D$52,'3. Statement of pipeline assets'!C52,'3.3 Depreciation amortisation'!$M$9:$M$52)+SUMIF('3.3 Depreciation amortisation'!$D$9:$D$52,'3. Statement of pipeline assets'!C52,'3.3 Depreciation amortisation'!$N$9:$N$52) -> -702497.79 | E56: -707618.83
B57: 2.4 | C57: Disposal or early termination (at cost) | D57: =SUMIF('3.3 Depreciation amortisation'!$D$9:$D$52,'3. Statement of pipeline assets'!C52,'3.3 Depreciation amortisation'!$K$9:$K$52) -> -204748.63 | E57: -199627.59
C58: Closing buildings carrying value | D58: =SUM(D53:D57) -> 0 | E58: =SUM(E53:E57) -> 0
C59: Land and easements
B60: 2.4 | C60: Initial construction or acquisition costs | D60: =SUMIF('3.3 Depreciation amortisation'!$D$9:$D$52,'3. Statement of pipeline assets'!C59,'3.3 Depreciation amortisation'!$H$9:$H$52) -> 499349.66 | E60: 499349.66
B61: 2.4 | C61: Additions | D61: =SUMIF('3.3 Depreciation amortisation'!$D$9:$D$52,'3. Statement of pipeline assets'!C59,'3.3 Depreciation amortisation'!$I$9:$I$52) -> 250867.05 | E61: 250867.05
B62: 2.4 | C62: Capitalised maintenance or improvements | D62: =SUMIF('3.3 Depreciation amortisation'!$D$9:$D$52,'3. Statement of pipeline assets'!C59,'3.3 Depreciation amortisation'!$J$9:$J$52) -> 0 | E62: 0
B63: 2.4 | C63: Impairment | D63: =SUMIF('3.3 Depreciation amortisation'!$D$9:$D$52,'3. Statement of pipeline assets'!C59,'3.3 Depreciation amortisation'!$N$9:$N$52)+SUMIF('3.3 Depreciation amortisation'!$D$9:$D$52,'3. Statement of pipeline assets'!C59,'3.3 Depreciation amortisation'!$M$9:$M$52) -> -727577.93 | E63: -727577.93
B64: 2.4 | C64: Disposal or early termination (at cost) | D64: =SUMIF('3.3 Depreciation amortisation'!$D$9:$D$52,'3. Statement of pipeline assets'!C59,'3.3 Depreciation amortisation'!$K$9:$K$52) -> -22638.78 | E64: -22638.78
C65: Closing land and easements carrying value | D65: =SUM(D60:D64) -> 2.910383e-11 | E65: =SUM(E60:E64) -> 2.910383e-11
C66: Other depreciable pipeline assets
B67: 2.4 | C67: Initial construction or acquisition costs | D67: =SUMIF('3.3 Depreciation amortisation'!$D$9:$D$52,'3. Statement of pipeline assets'!C66,'3.3 Depreciation amortisation'!$H$9:$H$52) -> 537034.43 | E67: 537034.43
B68: 2.4 | C68: Additions | D68: =SUMIF('3.3 Depreciation amortisation'!$D$9:$D$52,'3. Statement of pipeline assets'!C66,'3.3 Depreciation amortisation'!$I$9:$I$52) -> 5441131.8 | E68: 5298819.9
B69: 2.4 | C69: Capitalised maintenance or improvements | D69: =SUMIF('3.3 Depreciation amortisation'!$D$9:$D$52,'3. Statement of pipeline assets'!C66,'3.3 Depreciation amortisation'!$J$9:$J$52) -> 0 | E69: 0
B70: 2.4 | C70: Depreciation and impairment | D70: =SUMIF('3.3 Depreciation amortisation'!$D$9:$D$52,'3. Statement of pipeline assets'!C66,'3.3 Depreciation amortisation'!$M$9:$M$52)+SUMIF('3.3 Depreciation amortisation'!$D$9:$D$52,'3. Statement of pipeline assets'!C66,'3.3 Depreciation amortisation'!$N$9:$N$52) -> -3394585.1 | E70: -3454723.8
B71: 2.4 | C71: Disposal or early termination (at cost) | D71: =SUMIF('3.3 Depreciation amortisation'!$D$9:$D$52,'3. Statement of pipeline assets'!C66,'3.3 Depreciation amortisation'!$K$9:$K$52) -> -2583581.1 | E71: -2381130.6
C72: Closing other depreciable pipeline assets carrying value | D72: =SUM(D67:D71) -> 0.019999999 | E72: =SUM(E67:E71) -> 0
C73: Leased Assets
B74: 2.4 | C74: Initial construction or acquisition costs | D74: =SUMIF('3.3 Depreciation amortisation'!$D$9:$D$52,'3. Statement of pipeline assets'!C73,'3.3 Depreciation amortisation'!$H$9:$H$52) -> 627279.98 | E74: 627279.98
B75: 2.4 | C75: Additions | D75: =SUMIF('3.3 Depreciation amortisation'!$D$9:$D$52,'3. Statement of pipeline assets'!C73,'3.3 Depreciation amortisation'!$I$9:$I$52) -> 1712143.7 | E75: 1569986.9
B76: 2.4 | C76: Capitalised maintenance or improvements | D76: =SUMIF('3.3 Depreciation amortisation'!$D$9:$D$52,'3. Statement of pipeline assets'!C73,'3.3 Depreciation amortisation'!$J$9:$J$52) -> 0 | E76: 0
B77: 2.4 | C77: Depreciation (amortisation) and impairment | D77: =SUMIF('3.3 Depreciation amortisation'!$D$9:$D$52,'3. Statement of pipeline assets'!C73,'3.3 Depreciation amortisation'!$M$9:$M$52)+SUMIF('3.3 Depreciation amortisation'!$D$9:$D$52,'3. Statement of pipeline assets'!C73,'3.3 Depreciation amortisation'!$N$9:$N$52) -> -2339423.7 | E77: -2197266.9
B78: 2.4 | C78: Disposal or early termination (at cost) | D78: =SUMIF('3.3 Depreciation amortisation'!$D$9:$D$52,'3. Statement of pipeline assets'!C73,'3.3 Depreciation amortisation'!$K$9:$K$52) -> 0 | E78: 0
C79: Closing leased asset carrying value | D79: =SUM(D74:D78) -> 0 | E79: =SUM(E74:E78) -> 0
B80: 2.4 | C80: Other non-depreciable pipeline assets | D80: 2289041.3 | E80: 2110606
C81: Total pipeline assets | D81: =SUM(D16,D23,D30,D37,D44,D51,D58,D65,D72,D79, D80) -> 2289041.3 | E81: =SUM(E16,E23,E30,E37,E44,E51,E58,E65,E72,E79, E80) -> 2110606
C82: Shared supporting assets allocated
C83: Shared property, plant and equipment
B84: 2.4.5 | C84: Initial construction or acquisition costs | D84: =SUMIF('3.3 Depreciation amortisation'!$D$60:$D$84,$C$83,'3.3 Depreciation amortisation'!$G$60:$G$84) -> 3581146.5 | E84: 3394907.2
B85: 2.4.5 | C85: Additions | D85: =SUMIF('3.3 Depreciation amortisation'!$D$60:$D$84,$C$83,'3.3 Depreciation amortisation'!$H$60:$H$84) -> 0 | E85: 0
B86: 2.4.5 | C86: Capitalised maintenance or improvements | D86: =SUMIF('3.3 Depreciation amortisation'!$D$60:$D$84,$C$83,'3.3 Depreciation amortisation'!$I$60:$I$84) -> 0 | E86: 0
B87: 2.4.5 | C87: Depreciation and impairment | D87: =SUMIF('3.3 Depreciation amortisation'!$D$60:$D$84,$C$83,'3.3 Depreciation amortisation'!$L$60:$L$84)+SUMIF('3.3 Depreciation amortisation'!$D$60:$D$84,$C$83,'3.3 Depreciation amortisation'!$M$60:$M$84) -> -3235652.7 | E87: -3080333
B88: 2.4.5 | C88: Disposal or early termination (at cost) | D88: =SUMIF('3.3 Depreciation amortisation'!$D$60:$D$84,$C$83,'3.3 Depreciation amortisation'!$J$60:$J$84) -> -345493.81 | E88: -314574.21
C89: Closing shared property, plant and equipment carrying value | D89: =SUM(D84:D88) -> 0 | E89: =SUM(E84:E88) -> 0
C90: Shared leased assets
B91: 2.4.5 | C91: Initial construction or acquisition costs | D91: =SUMIF('3.3 Depreciation amortisation'!$D$60:$D$86,$C$90,'3.3 Depreciation amortisation'!$G$60:$G$86) -> 98361.467 | E91: 98361.467
B92: 2.4.5 | C92: Additions | D92: =SUMIF('3.3 Depreciation amortisation'!$D$60:$D$86,$C$90,'3.3 Depreciation amortisation'!$H$60:$H$86) -> 417470.79 | E92: 197815.58
B93: 2.4.5 | C93: Capitalised maintenance or improvements | D93: =SUMIF('3.3 Depreciation amortisation'!$D$60:$D$86,$C$90,'3.3 Depreciation amortisation'!$I$60:$I$86) -> 0 | E93: 0
B94: 2.4.5 | C94: Depreciation (amortisation) and impairment | D94: =SUMIF('3.3 Depreciation amortisation'!$D$60:$D$86,$C$90,'3.3 Depreciation amortisation'!$L$60:$L$86)+SUMIF('3.3 Depreciation amortisation'!$D$60:$D$86,$C$90,'3.3 Depreciation amortisation'!$M$60:$M$86) -> -494264.92 | E94: -275051.9
B95: 2.4.5 | C95: Disposal or early termination (at cost) | D95: =SUMIF('3.3 Depreciation amortisation'!$D$60:$D$86,$C$90,'3.3 Depreciation amortisation'!$J$60:$J$86) -> -21567.336 | E95: -21125.156
C96: Closing shared leased asset carrying value | D96: =SUM(D91:D95) -> -1.0913936e-10 | E96: =SUM(E91:E95) -> -5.8207661e-11
C97: Inventories | D97: 0 | E97: 0
C98: Deferred tax assets | D98: 3901720.5 | E98: 4295375.6
C99: Other assets | D99: 0 | E99: 0
C100: Total shared supporting assets allocated | D100: =SUM(D89,D96:D99) -> 3901720.5 | E100: =SUM(E89,E96:E99) -> 4295375.6
C101: TOTAL ASSETS | D101: =SUM(D81,D100) -> 6190761.8 | E101: =SUM(E81,E100) -> 6405981.6

Sheet 3.1 Asset useful life
B1: Asset useful life
B2: =Tradingname -> APT PARMELIA PTY LTD
B3: Reporting Period | C3: =TEXT(Yearstart,"dd/mm/yyyy")&" to "&TEXT(Yearending,"dd/mm/yyyy") -> 01/07/2023 to 30/06/2024
B5: Table 3.1.1: Asset useful life
B7: Basis of Preparation reference | C7: Description (list each individual balance sheet item) | D7: Acquisition date | E7: Useful life | F7: Reason for choosing this useful life
E8: years
B9: 2.4 | C9: ='3. Statement of pipeline assets'!C9 -> Pipelines | D9: =CONCATENATE("17/8/2004"," to ",TEXT(Yearending,"d/m/yyyy")) -> 17/8/2004 to 30/6/2024 | E9: 80 | F9: Per Appendix A - Pipeline asset lives
B10: 2.4 | C10: ='3. Statement of pipeline assets'!C17 -> Compressors | D10: =CONCATENATE("17/8/2004"," to ",TEXT(Yearending,"d/m/yyyy")) -> 17/8/2004 to 30/6/2024 | E10: 35 | F10: Per Appendix A - Pipeline asset lives
B11: 2.4 | C11: ='3. Statement of pipeline assets'!C24 -> City Gates, supply regulators and valve stations | D11: =CONCATENATE("17/8/2004"," to ",TEXT(Yearending,"d/m/yyyy")) -> 17/8/2004 to 30/6/2024 | E11: 50 | F11: Per Appendix A - Pipeline asset lives
B12: 2.4 | C12: ='3. Statement of pipeline assets'!C31 -> Metering | D12: =CONCATENATE("17/8/2004"," to ",TEXT(Yearending,"d/m/yyyy")) -> 17/8/2004 to 30/6/2024 | E12: 50 | F12: Per Appendix A - Pipeline asset lives
B13: 2.4 | C13: ='3. Statement of pipeline assets'!C38 -> Odorant plants | D13: =CONCATENATE("17/8/2004"," to ",TEXT(Yearending,"d/m/yyyy")) -> 17/8/2004 to 30/6/2024 | E13: 80 | F13: Per Appendix A - Pipeline asset lives
B14: 2.4 | C14: ='3. Statement of pipeline assets'!C45 -> SCADA (Communications) | D14: =CONCATENATE("17/8/2004"," to ",TEXT(Yearending,"d/m/yyyy")) -> 17/8/2004 to 30/6/2024 | E14: 15 | F14: Per Appendix A - Pipeline asset lives
B15: 2.4 | C15: ='3. Statement of pipeline assets'!C52 -> Buildings | D15: =CONCATENATE("17/8/2004"," to ",TEXT(Yearending,"d/m/yyyy")) -> 17/8/2004 to 30/6/2024 | E15: 80 | F15: Per Appendix A - Pipeline asset lives
B16: 2.4 | C16: ='3. Statement of pipeline assets'!C66 -> Other depreciable pipeline assets | D16: =CONCATENATE("17/8/2004"," to ",TEXT(Yearending,"d/m/yyyy")) -> 17/8/2004 to 30/6/2024 | E16: 5-80 | F16: Per Appendix A - Pipeline asset lives
B17: 2.4 | C17: Land and easements | D17: =CONCATENATE("17/8/2004"," to ",TEXT(Yearending,"d/m/yyyy")) -> 17/8/2004 to 30/6/2024 | E17: N/A | F17: Indefinite
C18: insert asset description
C19: insert asset description
C20: insert asset description
B21: 2.4.6 | C21: ='3. Statement of pipeline assets'!C73 -> Leased Assets | D21: =CONCATENATE("1/7/2019"," to ",TEXT(Yearending,"d/m/yyyy")) -> 1/7/2019 to 30/6/2024 | E21: Various | F21: Per leased asset life
C22: insert asset description
C23: insert asset description
C24: insert asset description
C25: insert asset description
C26: insert asset description
B27: 2.4 | C27: ='3. Statement of pipeline assets'!C83 -> Shared property, plant and equipment | D27: =CONCATENATE("1/6/2000"," to ",TEXT(Yearending,"d/m/yyyy")) -> 1/6/2000 to 30/6/2024 | E27: 5 | F27: Per Appendix A - Pipeline asset lives
C28: insert asset description
C29: insert asset description
C30: insert asset description
C31: insert asset description
C32: insert asset description
B33: 2.4.5 | C33: ='3. Statement of pipeline assets'!C90 -> Shared leased assets | D33: =CONCATENATE("1/7/2019"," to ",TEXT(Yearending,"d/m/yyyy")) -> 1/7/2019 to 30/6/2024 | E33: Various | F33: Per leased asset life
C34: insert asset description
C35: insert asset description
C36: insert asset description
C37: insert asset description
C38: insert asset description

Sheet 3.2 Asset impairment
B1: Asset impairment
B2: =Tradingname -> APT PARMELIA PTY LTD
B3: Reporting Period | C3: =TEXT(Yearstart,"dd/mm/yyyy")&" to "&TEXT(Yearending,"dd/mm/yyyy") -> 01/07/2023 to 30/06/2024
B5: Table 3.2.1: Assets impaired
B7: Asset description | C7: Impairment amount $ nominal | D7: Impairment date | E7: Basis for impairment
B8: Parmelia Pipeline | C8: 11440576 | D8: 43646 | E8: Part 23 Book value exceeds the part 23 Recoverable value. | F8: Note: For the purposes of Part 23 reporting the Part 23 Book value exceeds the Part 23 recoverable value on a stand-alone basis however there is no statutory impairment for Parmelia on a cash generating unit basis. For further information, please refer to the section 3.2 of the tab called "6. Notes".
B9: Parmelia Pipeline | C9: 8154880.7 | D9: 44012 | E9: Part 23 Book value exceeds the part 23 Recoverable value.
B10: Parmelia Pipeline | C10: 47554920 | D10: 44377 | E10: Part 23 Book value exceeds the part 23 Recoverable value.
B11: Parmelia Pipeline | C11: 5664930.2 | D11: 44742 | E11: Part 23 Book value exceeds the part 23 Recoverable value.
B12: Parmelia Pipeline | C12: 11101489 | D12: 45107 | E12: Part 23 Book value exceeds the part 23 Recoverable value.
B13: Parmelia Pipeline | C13: 48352417 | D13: 45473 | E13: Part 23 Book value exceeds the part 23 Recoverable value.
B25: Table 3.2.2: Asset impairment reversals
B27: Asset description | C27: Prior Impairment amount $ nominal | D27: Impairment date | E27: Basis for impairment | F27: Reversal amount $nominal | G27: Reversal date | H27: Basis for Reversal

Sheet 3.3 Depreciation amortisation
B1: Depreciation and amortisation
B2: =Tradingname -> APT PARMELIA PTY LTD
B3: Reporting Period | C3: =TEXT(Yearstart,"dd/mm/yyyy")&" to "&TEXT(Yearending,"dd/mm/yyyy") -> 01/07/2023 to 30/06/2024
B5: Table 3.3.1: Pipeline assets at cost | I5: Additions, capitalised maintenance and disposals must be reported on a cumulative basis
B7: Basis of Preparation reference | C7: Description | D7: Category | E7: Acquisition date | F7: Useful life | G7: Estimated residual value | H7: Initial construction or acquisition cost | I7: Additions | J7: Capitalised maintenance or improvements | K7: Disposals or Early termination | L7: Cost base | M7: Prior years' accumulated depreciation | N7: Current year depreciation | O7: Written down value
F8: Years | G8: $ nominal | H8: $ nominal | I8: $ nominal | J8: $ nominal | K8: $ nominal | L8: $ nominal | M8: $ nominal | N8: $ nominal | O8: $ nominal
B9: 2.4 | D9: Pipelines | E9: ='3.1 Asset useful life'!D9 -> 17/8/2004 to 30/6/2024 | F9: 80 | G9: 0 | H9: 10314985 | I9: 81162064 | J9: 4302266 | K9: -2419745.3 | L9: =SUM(H9:K9) -> 93359570 | M9: -54437318 | N9: -38922252 | O9: =SUM(L9:N9) -> 0
B10: 2.4 | D10: Compressors | E10: ='3.1 Asset useful life'!D10 -> 17/8/2004 to 30/6/2024 | F10: 35 | G10: 0 | H10: 582242.42 | I10: 1360366.4 | J10: 0 | K10: -413451.13 | L10: =SUM(H10:K10) -> 1529157.6 | M10: -1576208.8 | N10: 47051.138 | O10: =SUM(L10:N10) -> 1.0186341e-10
B11: 2.4 | D11: City Gates, supply regulators and valve stations | E11: ='3.1 Asset useful life'!D11 -> 17/8/2004 to 30/6/2024 | F11: 50 | G11: 0 | H11: 232221.87 | I11: 781984.5 | J11: 0 | K11: -141397.86 | L11: =SUM(H11:K11) -> 872808.51 | M11: -884700.2 | N11: 11891.691 | O11: =SUM(L11:N11) -> 5.4569682e-11
B12: 2.4 | D12: Metering | E12: ='3.1 Asset useful life'!D12 -> 17/8/2004 to 30/6/2024 | F12: 50 | G12: 0 | H12: 388978.41 | I12: 10746703 | J12: 0 | K12: -238602.89 | L12: =SUM(H12:K12) -> 10897078 | M12: -10915719 | N12: 18640.365 | O12: =SUM(L12:N12) -> -3.4560799e-10
B13: 2.4 | D13: Odorant plants | E13: ='3.1 Asset useful life'!D13 -> 17/8/2004 to 30/6/2024 | F13: 80 | G13: 0 | H13: 19917.874 | I13: 994392.62 | J13: 0 | K13: -20981.713 | L13: =SUM(H13:K13) -> 993328.78 | M13: -1014310.5 | N13: 20981.713 | O13: =SUM(L13:N13) -> 3.6379788e-11
B14: 2.4 | D14: SCADA (Communications) | E14: ='3.1 Asset useful life'!D14 -> 17/8/2004 to 30/6/2024 | F14: 15 | G14: 0 | H14: 9937.0772 | I14: 1850605.2 | J14: 0 | K14: -178091 | L14: =SUM(H14:K14) -> 1682451.2 | M14: -1682451.2 | N14: 0 | O14: =SUM(L14:N14) -> -2.3283064e-10
B15: 2.4 | D15: Buildings | E15: ='3.1 Asset useful life'!D15 -> 17/8/2004 to 30/6/2024 | F15: 80 | G15: 0 | H15: 59530.884 | I15: 847715.54 | J15: 0 | K15: -204748.63 | L15: =SUM(H15:K15) -> 702497.79 | M15: -707618.83 | N15: 5121.04 | O15: =SUM(L15:N15) -> -3.8198777e-11
B16: 2.4 | D16: Other depreciable pipeline assets | E16: ='3.1 Asset useful life'!D16 -> 17/8/2004 to 30/6/2024 | F16: 5-80 | G16: 0 | H16: 537034.43 | I16: 5441131.8 | J16: 0 | K16: -2583581.1 | L16: =SUM(H16:K16) -> 3394585.1 | M16: -3454723.8 | N16: 60138.647 | O16: =SUM(L16:N16) -> 0.019999999
B17: 2.4 | D17: Land and easements | E17: ='3.1 Asset useful life'!D17 -> 17/8/2004 to 30/6/2024 | F17: N/A | G17: 0 | H17: 499349.66 | I17: 250867.05 | J17: 0 | K17: -22638.78 | L17: =SUM(H17:K17) -> 727577.93 | M17: -727577.93 | N17: 0 | O17: =SUM(L17:N17) -> 0
B18: 2.4.6 | D18: Leased assets | E18: ='3.1 Asset useful life'!D21 -> 1/7/2019 to 30/6/2024 | F18: Various | G18: 0 | H18: 627279.98 | I18: 1712143.7 | J18: 0 | K18: 0 | L18: =SUM(H18:K18) -> 2339423.7 | M18: -2197266.9 | N18: -142156.8 | O18: =SUM(L18:N18) -> 0
L19: =SUM(H19:K19) -> 0 | O19: =SUM(L19:N19) -> 0
L20: =SUM(H20:K20) -> 0 | O20: =SUM(L20:N20) -> 0
L21: =SUM(H21:K21) -> 0 | O21: =SUM(L21:N21) -> 0
L22: =SUM(H22:K22) -> 0 | O22: =SUM(L22:N22) -> 0
L23: =SUM(H23:K23) -> 0 | O23: =SUM(L23:N23) -> 0
L24: =SUM(H24:K24) -> 0 | O24: =SUM(L24:N24) -> 0
L25: =SUM(H25:K25) -> 0 | O25: =SUM(L25:N25) -> 0
L26: =SUM(H26:K26) -> 0 | O26: =SUM(L26:N26) -> 0
L27: =SUM(H27:K27) -> 0 | O27: =SUM(L27:N27) -> 0
L28: =SUM(H28:K28) -> 0 | O28: =SUM(L28:N28) -> 0
L29: =SUM(H29:K29) -> 0 | O29: =SUM(L29:N29) -> 0
L30: =SUM(H30:K30) -> 0 | O30: =SUM(L30:N30) -> 0
... L52: =SUM(H52:K52) -> 0 | O52: =SUM(L52:N52) -> 0
D53: Total pipeline assets | G53: =SUM(G9:G52) -> 0 | H53: =SUM(H9:H52) -> 13271478 | I53: =SUM(I9:I52) -> 1.0514797e+08 | J53: =SUM(J9:J52) -> 4302266 | K53: =SUM(K9:K52) -> -6223238.4 | L53: =SUM(L9:L52) -> 1.1649848e+08 | M53: =SUM(M9:M52) -> -77597895 | N53: =SUM(N9:N52) -> -38900584 | O53: =SUM(O9:O52) -> 0.019999999
B56: Table 3.3.2: Shared assets at cost
B58: Basis of Preparation reference | C58: Description | D58: Category | E58: Acquisition date | F58: Useful life | G58: Initial construction or acquisition cost | H58: Additions | I58: Capitalised maintenance or improvements | J58: Disposals or Early termination | K58: Cost base | L58: Prior years' accumulated depreciation | M58: Current year depreciation | N58: Written down value
F59: Years | G59: $ nominal | H59: $ nominal | I59: $ nominal | J59: $ nominal | K59: $ nominal | L59: $ nominal | M59: $ nominal | N59: $ nominal
B60: 2.4.5 | C60: Information Technology | D60: Shared property, plant and equipment | E60: During FY03 | F60: ='3.1 Asset useful life'!$E$27 -> 5 | G60: 0 | H60: 0 | I60: 0 | J60: 0 | K60: =SUM(G60:J60) -> 0 | L60: 0 | M60: =IF(SUM(K60:L60)>0,-K60/F60,0) -> 0 | N60: =SUM(K60:M60) -> 0
B61: 2.4.5 | C61: Information Technology | D61: Shared property, plant and equipment | E61: During FY04 | F61: ='3.1 Asset useful life'!$E$27 -> 5 | G61: 0 | H61: 0 | I61: 0 | J61: 0 | K61: =SUM(G61:J61) -> 0 | L61: 0 | M61: =IF(SUM(K61:L61)>0,-K61/F61,0) -> 0 | N61: =SUM(K61:M61) -> 0
B62: 2.4.5 | C62: Information Technology | D62: Shared property, plant and equipment | E62: During FY05 | F62: ='3.1 Asset useful life'!$E$27 -> 5 | G62: 0 | H62: 0 | I62: 0 | J62: 0 | K62: =SUM(G62:J62) -> 0 | L62: 0 | M62: =IF(SUM(K62:L62)>0,-K62/F62,0) -> 0 | N62: =SUM(K62:M62) -> 0
B63: 2.4.5 | C63: Information Technology | D63: Shared property, plant and equipment | E63: During FY06 | F63: ='3.1 Asset useful life'!$E$27 -> 5 | G63: 11660.332 | H63: 0 | I63: 0 | J63: 0 | K63: =SUM(G63:J63) -> 11660.332 | L63: -11660.332 | N63: =SUM(K63:M63) -> 0
B64: 2.4.5 | C64: Information Technology | D64: Shared property, plant and equipment | E64: During FY07 | F64: ='3.1 Asset useful life'!$E$27 -> 5 | G64: 44180.583 | H64: 0 | I64: 0 | J64: 0 | K64: =SUM(G64:J64) -> 44180.583 | L64: -44180.583 | N64: =SUM(K64:M64) -> 0
B65: 2.4.5 | C65: Information Technology | D65: Shared property, plant and equipment | E65: During FY08 | F65: ='3.1 Asset useful life'!$E$27 -> 5 | G65: 112502.63 | H65: 0 | I65: 0 | J65: -3476.9962 | K65: =SUM(G65:J65) -> 109025.63 | L65: -109025.63 | N65: =SUM(K65:M65) -> 0
B66: 2.4.5 | C66: Information Technology | D66: Shared property, plant and equipment | E66: During FY09 | F66: ='3.1 Asset useful life'!$E$27 -> 5 | G66: 68479.729 | H66: 0 | I66: 0 | J66: -13948.533 | K66: =SUM(G66:J66) -> 54531.196 | L66: -54531.196 | N66: =SUM(K66:M66) -> 0
B67: 2.4.5 | C67: Information Technology | D67: Shared property, plant and equipment | E67: During FY10 | F67: ='3.1 Asset useful life'!$E$27 -> 5 | G67: 67811.155 | H67: 0 | I67: 0 | J67: -7760.3745 | K67: =SUM(G67:J67) -> 60050.781 | L67: -60050.781 | N67: =SUM(K67:M67) -> 0
B68: 2.4.5 | C68: Information Technology | D68: Shared property, plant and equipment | E68: During FY11 | F68: ='3.1 Asset useful life'!$E$27 -> 5 | G68: 239415.87 | H68: 0 | I68: 0 | J68: -2538.9381 | K68: =SUM(G68:J68) -> 236876.93 | L68: -236876.93 | N68: =SUM(K68:M68) -> 0
B69: 2.4.5 | C69: Information Technology | D69: Shared property, plant and equipment | E69: During FY12 | F69: ='3.1 Asset useful life'!$E$27 -> 5 | G69: 74521.321 | H69: 0 | I69: 0 | J69: -17250.646 | K69: =SUM(G69:J69) -> 57270.675 | L69: -57270.675 | N69: =SUM(K69:M69) -> 0
B70: 2.4.5 | C70: Information Technology | D70: Shared property, plant and equipment | E70: During FY13 | F70: ='3.1 Asset useful life'!$E$27 -> 5 | G70: 55050.866 | H70: 0 | I70: 0 | J70: -5606.0628 | K70: =SUM(G70:J70) -> 49444.803 | L70: -49444.803 | N70: =SUM(K70:M70) -> 0
B71: 2.4.5 | C71: Information Technology | D71: Shared property, plant and equipment | E71: During FY14 | F71: ='3.1 Asset useful life'!$E$27 -> 5 | G71: 43884.783 | H71: 0 | I71: 0 | J71: -12475.052 | K71: =SUM(G71:J71) -> 31409.731 | L71: -31409.731 | N71: =SUM(K71:M71) -> 0
B72: 2.4.5 | C72: Information Technology | D72: Shared property, plant and equipment | E72: During FY15 | F72: ='3.1 Asset useful life'!$E$27 -> 5 | G72: 195940.49 | H72: 0 | I72: 0 | J72: -16597.709 | K72: =SUM(G72:J72) -> 179342.78 | L72: -179342.78 | N72: =SUM(K72:M72) -> 0
B73: 2.4.5 | C73: Information Technology | D73: Shared property, plant and equipment | E73: During FY16 | F73: ='3.1 Asset useful life'!$E$27 -> 5 | G73: 276283.81 | H73: 0 | I73: 0 | J73: -17076.966 | K73: =SUM(G73:J73) -> 259206.85 | L73: -259206.85 | N73: =SUM(K73:M73) -> 0
B74: 2.4.5 | C74: Information Technology | D74: Shared property, plant and equipment | E74: During FY17 | F74: ='3.1 Asset useful life'!$E$27 -> 5 | G74: 98283.239 | H74: 0 | I74: 0 | J74: -11160.596 | K74: =SUM(G74:J74) -> 87122.642 | L74: -87122.642 | N74: =SUM(K74:M74) -> 0
... B79: 2.4.5 | C79: Information Technology | D79: Shared property, plant and equipment | E79: During FY22 | F79: ='3.1 Asset useful life'!$E$27 -> 5 | G79: 863388.05 | H79: 0 | I79: 0 | J79: -160400.9 | K79: =SUM(G79:J79) -> 702987.14 | L79: -702987.14 | N79: =SUM(K79:M79) -> 0
B80: 2.4.5 | C80: Information Technology | D80: Shared property, plant and equipment | E80: During FY23 | F80: ='3.1 Asset useful life'!$E$27 -> 5 | G80: 261321.22 | J80: -243.74543 | K80: =SUM(G80:J80) -> 261077.47 | L80: -261077.47 | N80: =SUM(K80:M80) -> 0
B81: 2.4.5 | C81: Information Technology | D81: Shared property, plant and equipment | E81: During FY24 | F81: ='3.1 Asset useful life'!$E$27 -> 5 | G81: 186239.27 | J81: -30919.598 | K81: =SUM(G81:J81) -> 155319.67 | L81: 0 | M81: =-K81 -> -155319.67 | N81: =SUM(K81:M81) -> 0
B82: 2.4.5 | C82: Shared leased assets | D82: Shared leased assets | E82: 1/7/2019 to 30/6/2020 | F82: ='3.1 Asset useful life'!$E$33 -> Various | G82: 98361.467 | H82: 37753.784 | I82: 0 | J82: -108.12121 | K82: =SUM(G82:J82) -> 136007.13 | L82: -136007.13 | M82: 0 | N82: =SUM(K82:M82) -> 0
B83: 2.4.5 | C83: Shared leased assets | D83: Shared leased assets | E83: During FY21 | F83: ='3.1 Asset useful life'!$E$33 -> Various | G83: 0 | H83: 94778.517 | I83: 0 | J83: -13848.524 | K83: =SUM(G83:J83) -> 80929.994 | L83: -80929.994 | M83: 0 | N83: =SUM(K83:M83) -> 0
B84: 2.4.5 | C84: Shared leased assets | D84: Shared leased assets | E84: During FY22 | F84: ='3.1 Asset useful life'!$E$33 -> Various | G84: 0 | H84: 65283.284 | I84: 0 | J84: -7168.5109 | K84: =SUM(G84:J84) -> 58114.773 | L84: -58114.773 | M84: 0 | N84: =SUM(K84:M84) -> 0
B85: 2.4.5 | C85: Shared leased assets | D85: Shared leased assets | E85: During FY23 | F85: ='3.1 Asset useful life'!$E$33 -> Various | G85: 0 | H85: 61667.606 | I85: 0 | J85: -749.35209 | K85: =SUM(G85:J85) -> 60918.253 | L85: -60918.253 | M85: 0 | N85: =SUM(K85:M85) -> 0
B86: 2.4.5 | C86: Shared leased assets | D86: Shared leased assets | E86: During FY24 | F86: ='3.1 Asset useful life'!$E$33 -> Various | G86: 0 | H86: 157987.6 | I86: 0 | J86: 307.17169 | K86: =SUM(G86:J86) -> 158294.78 | L86: 0 | M86: =-K86 -> -158294.78 | N86: =SUM(K86:M86) -> 0
D87: Total fixed assets | G87: =SUM(G60:G86) -> 3679507.9 | H87: =SUM(H60:H86) -> 417470.79 | I87: =SUM(I60:I86) -> 0 | J87: =SUM(J60:J86) -> -367061.15 | K87: =SUM(K60:K86) -> 3729917.6 | L87: =SUM(L60:L86) -> -3416303.1 | M87: =SUM(M60:M86) -> -313614.45 | N87: =SUM(N60:N86) -> 0

Sheet 3.4 Shared supporting assets
B1: Shared supporting assets
B2: =Tradingname -> APT PARMELIA PTY LTD | E2: Please ensure allocation methodologies are explained in sufficient detail in the Basis of Preparation as required under section 3.2.4 of the Guideline
B3: Reporting Period | C3: =TEXT(Yearstart,"dd/mm/yyyy")&" to "&TEXT(Yearending,"dd/mm/yyyy") -> 01/07/2023 to 30/06/2024
B5: Table 3.4.1: Shared supporting asset allocation
B7: Basis of Preparation reference | C7: Description (list each individual shared asset category greater than 5%) | D7: Category of shared assets | E7: Total amount | F7: % allocated to pipeline | G7: Total allocated to pipeline
E8: $ nominal | G8: $ nominal
B9: 2.4.5 | C9: Information Technology | D9: Shared property, plant and equipment | E9: 4.045907e+08 | F9: 0.007997348 | G9: =E9*F9 -> 3235652.7
B10: 2.4.5 | C10: Shared leased assets | D10: Shared leased assets | E10: 73437299 | F10: 0.0067304344 | G10: =E10*F10 -> 494264.92
G11: =E11*F11 -> 0
G12: =E12*F12 -> 0
G13: =E13*F13 -> 0
G14: =E14*F14 -> 0
G15: =E15*F15 -> 0
G16: =E16*F16 -> 0
G17: =E17*F17 -> 0
G18: =E18*F18 -> 0
G19: =E19*F19 -> 0
G20: =E20*F20 -> 0
G21: =E21*F21 -> 0
G22: =E22*F22 -> 0
... G35: =E35*F35 -> 0
C36: Total | E36: =SUM(E9:E35) -> 4.78028e+08 | G36: =SUM(G9:G35) -> 3729917.6

Sheet Auditor's Report Statements

Sheet 4. Recovered capital
B1: Recovered capital method (rule 569(4))
B2: =Tradingname -> APT PARMELIA PTY LTD
B3: Reporting Period | C3: =TEXT(Yearstart,"dd/mm/yyyy")&" to "&TEXT(Yearending,"dd/mm/yyyy") -> 01/07/2023 to 30/06/2024
B5: Table 4.1: Recovered capital method - pipeline assets
B7: Basis of Preparation reference | C7: Asset description | E7: Total | F7: Year | BI7: Drag and drop columns if required
F8: =RIGHT(TEXT(C38,"dd/mm/yyyy"),4) -> 1971 | G8: =F8+1 -> 1972 | H8: =G8+1 -> 1973 | I8: =H8+1 -> 1974 | J8: =I8+1 -> 1975 | K8: =J8+1 -> 1976 | L8: =K8+1 -> 1977 | M8: =L8+1 -> 1978 | N8: =M8+1 -> 1979 | ... BH8: =BG8+1 -> 2025
B9: 3 | C9: Pipeline assets
D10: Construction cost | E10: =SUM(F10:BH10) -> 62500000 | F10: 0 | G10: 0 | H10: 0 | I10: 0 | J10: 0 | K10: 0 | L10: 0 | M10: 0 | N10: 0 | O10: 0 | P10: 0 | Q10: 0 | R10: 0 | S10: 0 | T10: 0 | U10: 0 | V10: 0 | W10: 0 | X10: 0 | Y10: 0 | Z10: 0 | AA10: 0 | AB10: 0 | AC10: 0 | AD10: 0 | AE10: 0 | AF10: 0 | AG10: 0 | AH10: 0 | AI10: 62500000 | AJ10: 0 | AK10: 0 | AL10: 0 | AM10: 0 | AN10: 0 | AO10: 0 | AP10: 0 | AQ10: 0 | AR10: 0 | AS10: 0 | AT10: 0 | AU10: 0 | AV10: 0 | AW10: 0 | AX10: 0 | AY10: 0 | AZ10: 0 | BA10: 0 | BB10: 0 | BC10: 0 | BD10: 0 | BE10: 0 | BF10: 0 | BG10: 0
D11: Negative residual value | E11: =SUM(F11:BH11) -> 62884645 | F11: 0 | G11: 0 | H11: 0 | I11: 0 | J11: 0 | K11: 0 | L11: 0 | M11: 0 | N11: 0 | O11: 0 | P11: 0 | Q11: 0 | R11: 0 | S11: 0 | T11: 0 | U11: 0 | V11: 0 | W11: 0 | X11: 0 | Y11: 0 | Z11: 0 | AA11: 0 | AB11: 0 | AC11: 0 | AD11: 0 | AE11: 0 | AF11: 0 | AG11: 0 | AH11: 0 | AI11: 2426064.4 | AJ11: 148605.08 | AK11: 72574.576 | AL11: 69118.644 | AM11: 69118.644 | AN11: 69118.644 | AO11: 71365 | AP11: 73149.125 | AQ11: 74977.853 | AR11: 76852.299 | AS11: 78773.607 | AT11: 80742.947 | AU11: 82761.521 | AV11: 84830.559 | AW11: 86951.323 | AX11: 89125.106 | AY11: 91353.233 | AZ11: 93637.064 | BA11: 95977.991 | BB11: 98377.441 | BC11: 100836.88 | BD11: 103357.8 | BE11: 260395.53 | BF11: 271096.72 | BG11: 58115483
D12: Additions | E12: =SUM(F12:BH12) -> 96290961 | F12: 0 | G12: 0 | H12: 0 | I12: 0 | J12: 0 | K12: 0 | L12: 0 | M12: 0 | N12: 0 | O12: 0 | P12: 0 | Q12: 0 | R12: 0 | S12: 0 | T12: 0 | U12: 0 | V12: 0 | W12: 0 | X12: 0 | Y12: 0 | Z12: 0 | AA12: 0 | AB12: 0 | AC12: 0 | AD12: 0 | AE12: 0 | AF12: 0 | AG12: 0 | AH12: 0 | AI12: 295232.51 | AJ12: 4374445.7 | AK12: 137272.05 | AL12: 699725.38 | AM12: 578635.71 | AN12: 2148835.1 | AO12: 266347.9 | AP12: 4875903.2 | AQ12: 7603786.4 | AR12: 1590503.6 | AS12: 2353010.9 | AT12: 971404.68 | AU12: 2689590.8 | AV12: 3296276.6 | AW12: 3076449.4 | AX12: 389521.35 | AY12: 3130359.7 | AZ12: 4326860.2 | BA12: 2817492.2 | BB12: 6389339 | BC12: 3514279 | BD12: 3474037.5 | BE12: 18847387 | BF12: 9620953.3 | BG12: 8823311.9
D13: Maintenance capitalised | E13: =SUM(F13:BH13) -> 6264086.3 | F13: 0 | G13: 0 | H13: 0 | I13: 0 | J13: 0 | K13: 0 | L13: 0 | M13: 0 | N13: 0 | O13: 0 | P13: 0 | Q13: 0 | R13: 0 | S13: 0 | T13: 0 | U13: 0 | V13: 0 | W13: 0 | X13: 0 | Y13: 0 | Z13: 0 | AA13: 0 | AB13: 0 | AC13: 0 | AD13: 0 | AE13: 0 | AF13: 0 | AG13: 0 | AH13: 0 | AI13: 365336.96 | AJ13: 0 | AK13: 0 | AL13: 0 | AM13: 0 | AN13: 0 | AO13: 0 | AP13: 0 | AQ13: 0 | AR13: 0 | AS13: 0 | AT13: 0 | AU13: 677164.42 | AV13: 0 | AW13: 0 | AX13: 0 | AY13: 0 | AZ13: 1772600.4 | BA13: 132066.62 | BB13: 97013.843 | BC13: 759786.17 | BD13: 0 | BE13: 433325.74 | BF13: 1219137.1 | BG13: 807655.08
D14: Disposal (at cost) | E14: =SUM(F14:BH14) -> -4680074 | F14: 0 | G14: 0 | H14: 0 | I14: 0 | J14: 0 | K14: 0 | L14: 0 | M14: 0 | N14: 0 | O14: 0 | P14: 0 | Q14: 0 | R14: 0 | S14: 0 | T14: 0 | U14: 0 | V14: 0 | W14: 0 | X14: 0 | Y14: 0 | Z14: 0 | AA14: 0 | AB14: 0 | AC14: 0 | AD14: 0 | AE14: 0 | AF14: 0 | AG14: 0 | AH14: 0 | AI14: 0 | AJ14: 0 | AK14: 0 | AL14: 0 | AM14: 0 | AN14: 0 | AO14: 0 | AP14: 0 | AQ14: 0 | AR14: 0 | AS14: -2123.9538 | AT14: -1448793.6 | AU14: -121241.44 | AV14: -561083.15 | AW14: -93270.051 | AX14: -812704.19 | AY14: -1017184.9 | AZ14: -46262.211 | BA14: -26513.843 | BB14: -54051.805 | BC14: 0 | BD14: -136069.02 | BE14: -42905.256 | BF14: 0 | BG14: -317870.58
D15: Leased Asset | E15: =SUM(F15:BH15) -> 2425839.7 | F15: 0 | G15: 0 | H15: 0 | I15: 0 | J15: 0 | K15: 0 | L15: 0 | M15: 0 | N15: 0 | O15: 0 | P15: 0 | Q15: 0 | R15: 0 | S15: 0 | T15: 0 | U15: 0 | V15: 0 | W15: 0 | X15: 0 | Y15: 0 | Z15: 0 | AA15: 0 | AB15: 0 | AC15: 0 | AD15: 0 | AE15: 0 | AF15: 0 | AG15: 0 | AH15: 0 | AI15: 0 | AJ15: 0 | AK15: 0 | AL15: 0 | AM15: 0 | AN15: 0 | AO15: 0 | AP15: 0 | AQ15: 0 | AR15: 0 | AS15: 0 | AT15: 0 | AU15: 0 | AV15: 0 | AW15: 0 | AX15: 0 | AY15: 0 | AZ15: 0 | BA15: 0 | BB15: 0 | BC15: 648876.41 | BD15: -67863.393 | BE15: 420378.78 | BF15: 1276842.3 | BG15: 147605.61
D16: Cost base | E16: =SUM(F16:BH16) -> 2.2568546e+08 | F16: =SUM(F9:F15) -> 0 | G16: =SUM(G9:G15) -> 0 | H16: =SUM(H9:H15) -> 0 | I16: =SUM(I9:I15) -> 0 | J16: =SUM(J9:J15) -> 0 | K16: =SUM(K9:K15) -> 0 | L16: =SUM(L9:L15) -> 0 | M16: =SUM(M9:M15) -> 0 | ... BH16: =SUM(BH9:BH15) -> 0
B17: 3.2.3 | C17: Shared assets
D18: Construction cost or acquisition cost (where allowed) apportioned | E18: =SUM(F18:BH18) -> 0 | F18: 0 | G18: 0 | H18: 0 | I18: 0 | J18: 0 | K18: 0 | L18: 0 | M18: 0 | N18: 0 | O18: 0 | P18: 0 | Q18: 0 | R18: 0 | S18: 0 | T18: 0 | U18: 0 | V18: 0 | W18: 0 | X18: 0 | Y18: 0 | Z18: 0 | AA18: 0 | AB18: 0 | AC18: 0 | AD18: 0 | AE18: 0 | AF18: 0 | AG18: 0 | AH18: 0 | AI18: 0 | AJ18: 0 | AK18: 0 | AL18: 0 | AM18: 0 | AN18: 0 | AO18: 0 | AP18: 0 | AQ18: 0 | AR18: 0 | AS18: 0 | AT18: 0 | AU18: 0 | AV18: 0 | AW18: 0 | AX18: 0 | AY18: 0 | AZ18: 0 | BA18: 0 | BB18: 0 | BC18: 0 | BD18: 0 | BE18: 0 | BF18: 0
D19: Additions | E19: =SUM(F19:BH19) -> 3587294.8 | F19: 0 | G19: 0 | H19: 0 | I19: 0 | J19: 0 | K19: 0 | L19: 0 | M19: 0 | N19: 0 | O19: 0 | P19: 0 | Q19: 0 | R19: 0 | S19: 0 | T19: 0 | U19: 0 | V19: 0 | W19: 0 | X19: 0 | Y19: 0 | Z19: 0 | AA19: 0 | AB19: 0 | AC19: 0 | AD19: 0 | AE19: 0 | AF19: 0 | AG19: 0 | AH19: 0 | AI19: 0 | AJ19: 0 | AK19: 0 | AL19: 0 | AM19: 0 | AN19: 0 | AO19: 12226.85 | AP19: 46339.906 | AQ19: 113920.84 | AR19: 57213.357 | AS19: 63017.59 | AT19: 247807.25 | AU19: 59851.564 | AV19: 51750.852 | AW19: 32773.12 | AX19: 187083.56 | AY19: 270271.22 | AZ19: 90772.052 | BA19: 202345.77 | BB19: 307351.46 | BC19: 173662.96 | BD19: 310129.67 | BE19: 895861.8 | BF19: 271537.28 | BG19: 193377.73
D20: Maintenance capitalised | E20: =SUM(F20:BH20) -> 0 | F20: 0 | G20: 0 | H20: 0 | I20: 0 | J20: 0 | K20: 0 | L20: 0 | M20: 0 | N20: 0 | O20: 0 | P20: 0 | Q20: 0 | R20: 0 | S20: 0 | T20: 0 | U20: 0 | V20: 0 | W20: 0 | X20: 0 | Y20: 0 | Z20: 0 | AA20: 0 | AB20: 0 | AC20: 0 | AD20: 0 | AE20: 0 | AF20: 0 | AG20: 0 | AH20: 0 | AI20: 0 | AJ20: 0 | AK20: 0 | AL20: 0 | AM20: 0 | AN20: 0 | AO20: 0 | AP20: 0 | AQ20: 0 | AR20: 0 | AS20: 0 | AT20: 0 | AU20: 0 | AV20: 0 | AW20: 0 | AX20: 0 | AY20: 0 | AZ20: 0 | BA20: 0 | BB20: 0 | BC20: 0 | BD20: 0 | BE20: 0 | BF20: 0 | BG20: 0
D21: Disposal (at cost) | E21: =SUM(F21:BH21) -> -244305.8 | F21: 0 | G21: 0 | H21: 0 | I21: 0 | J21: 0 | K21: 0 | L21: 0 | M21: 0 | N21: 0 | O21: 0 | P21: 0 | Q21: 0 | R21: 0 | S21: 0 | T21: 0 | U21: 0 | V21: 0 | W21: 0 | X21: 0 | Y21: 0 | Z21: 0 | AA21: 0 | AB21: 0 | AC21: 0 | AD21: 0 | AE21: 0 | AF21: 0 | AG21: 0 | AH21: 0 | AI21: 0 | AJ21: 0 | AK21: 0 | AL21: 0 | AM21: 0 | AN21: 0 | AO21: 0 | AP21: 0 | AQ21: 0 | AR21: 0 | AS21: 0 | AT21: 0 | AU21: 0 | AV21: 0 | AW21: 0 | AX21: 0 | AY21: 0 | AZ21: 0 | BA21: 0 | BB21: 0 | BC21: -3881.3295 | BD21: -33734.727 | BE21: -173872.04 | BF21: -1031.9216 | BG21: -31785.787
D22: Leased Asset | E22: =SUM(F22:BH22) -> 534636.74 | F22: 0 | G22: 0 | H22: 0 | I22: 0 | J22: 0 | K22: 0 | L22: 0 | M22: 0 | N22: 0 | O22: 0 | P22: 0 | Q22: 0 | R22: 0 | S22: 0 | T22: 0 | U22: 0 | V22: 0 | W22: 0 | X22: 0 | Y22: 0 | Z22: 0 | AA22: 0 | AB22: 0 | AC22: 0 | AD22: 0 | AE22: 0 | AF22: 0 | AG22: 0 | AH22: 0 | AI22: 0 | AJ22: 0 | AK22: 0 | AL22: 0 | AM22: 0 | AN22: 0 | AO22: 0 | AP22: 0 | AQ22: 0 | AR22: 0 | AS22: 0 | AT22: 0 | AU22: 0 | AV22: 0 | AW22: 0 | AX22: 0 | AY22: 0 | AZ22: 0 | BA22: 0 | BB22: 0 | BC22: 140801.52 | BD22: 97974.875 | BE22: 67738.719 | BF22: 64078.432 | BG22: 164043.2
D23: Cost base | E23: =SUM(F23:BH23) -> 3877625.8 | F23: =SUM(F18:F22) -> 0 | G23: =SUM(G18:G22) -> 0 | H23: =SUM(H18:H22) -> 0 | I23: =SUM(I18:I22) -> 0 | J23: =SUM(J18:J22) -> 0 | K23: =SUM(K18:K22) -> 0 | L23: =SUM(L18:L22) -> 0 | M23: =SUM(M18:M22) -> 0 | ... BH23: =SUM(BH18:BH22) -> 0
D24: Total assets | E24: =E16+E23 -> 2.2956308e+08 | F24: =F16+F23 -> 0 | G24: =G16+G23 -> 0 | H24: =H16+H23 -> 0 | I24: =I16+I23 -> 0 | J24: =J16+J23 -> 0 | K24: =K16+K23 -> 0 | L24: =L16+L23 -> 0 | ... BH24: =BH16+BH23 -> 0
C25: Return of capital
B26: 3.2.2 | D26: Revenue | E26: =SUM(F26:BH26) -> 2.6053553e+08 | F26: 0 | G26: 0 | H26: 0 | I26: 0 | J26: 0 | K26: 0 | L26: 0 | M26: 0 | N26: 0 | O26: 0 | P26: 0 | Q26: 0 | R26: 0 | S26: 0 | T26: 0 | U26: 0 | V26: 0 | W26: 0 | X26: 0 | Y26: 0 | Z26: 0 | AA26: 0 | AB26: 0 | AC26: 0 | AD26: 0 | AE26: 0 | AF26: 0 | AG26: 0 | AH26: 0 | AI26: 7643408.6 | AJ26: 7860547.4 | AK26: 8098569.9 | AL26: 8290149 | AM26: 9793327.8 | AN26: 6962002.2 | AO26: 12288717 | AP26: 11221202 | AQ26: 13126390 | AR26: 13320332 | AS26: 12141620 | AT26: 14152400 | AU26: 6817160.9 | AV26: 9902768.2 | AW26: 8700029.5 | AX26: 7915563.4 | AY26: 8942622.5 | AZ26: 7127347.9 | BA26: 9567495.7 | BB26: 10660135 | BC26: 8048214.7 | BD26: 19047488 | BE26: 11778128 | BF26: 10603837 | BG26: 16526074
B27: 3.2.2 | D27: Operating expenses | E27: =SUM(F27:BH27) -> -2.1281397e+08 | F27: 0 | G27: 0 | H27: 0 | I27: 0 | J27: 0 | K27: 0 | L27: 0 | M27: 0 | N27: 0 | O27: 0 | P27: 0 | Q27: 0 | R27: 0 | S27: 0 | T27: 0 | U27: 0 | V27: 0 | W27: 0 | X27: 0 | Y27: 0 | Z27: 0 | AA27: 0 | AB27: 0 | AC27: 0 | AD27: 0 | AE27: 0 | AF27: 0 | AG27: 0 | AH27: 0 | AI27: -10991822 | AJ27: -11304084 | AK27: -11646379 | AL27: -11921885 | AM27: -14212026 | AN27: -10402647 | AO27: -10843232 | AP27: -7853993.4 | AQ27: -7834400.2 | AR27: -7843411.6 | AS27: -9375873.2 | AT27: -7449312.7 | AU27: -6877832.3 | AV27: -6652865 | AW27: -6366842.8 | AX27: -6747237.1 | AY27: -6603885.3 | AZ27: -6603472.8 | BA27: -6442939.4 | BB27: -7178668.2 | BC27: -6173871 | BD27: -6960596.8 | BE27: -7896845.6 | BF27: -7791364.1 | BG27: -8838487.1
B28: 3.2.5 | D28: Net tax liabilities | E28: =SUM(F28:BH28) -> 0 | F28: 0 | G28: 0 | H28: 0 | I28: 0 | J28: 0 | K28: 0 | L28: 0 | M28: 0 | N28: 0 | O28: 0 | P28: 0 | Q28: 0 | R28: 0 | S28: 0 | T28: 0 | U28: 0 | V28: 0 | W28: 0 | X28: 0 | Y28: 0 | Z28: 0 | AA28: 0 | AB28: 0 | AC28: 0 | AD28: 0 | AE28: 0 | AF28: 0 | AG28: 0 | AH28: 0 | AI28: 0 | AJ28: 0 | AK28: 0 | AL28: 0 | AM28: 0 | AN28: 0 | AO28: 0 | AP28: 0 | AQ28: 0 | AR28: 0 | AS28: 0 | AT28: 0 | AU28: 0 | AV28: 0 | AW28: 0 | AX28: 0 | AY28: 0 | AZ28: 0 | BA28: 0 | BB28: 0 | BC28: 0 | BD28: 0 | BE28: 0 | BF28: 0 | BG28: 0
D29: Leased Asset Interest/Financing Charge | E29: =SUM(F29:BH29) -> -109443.64 | F29: 0 | G29: 0 | H29: 0 | I29: 0 | J29: 0 | K29: 0 | L29: 0 | M29: 0 | N29: 0 | O29: 0 | P29: 0 | Q29: 0 | R29: 0 | S29: 0 | T29: 0 | U29: 0 | V29: 0 | W29: 0 | X29: 0 | Y29: 0 | Z29: 0 | AA29: 0 | AB29: 0 | AC29: 0 | AD29: 0 | AE29: 0 | AF29: 0 | AG29: 0 | AH29: 0 | AI29: 0 | AJ29: 0 | AK29: 0 | AL29: 0 | AM29: 0 | AN29: 0 | AO29: 0 | AP29: 0 | AQ29: 0 | AR29: 0 | AS29: 0 | AT29: 0 | AU29: 0 | AV29: 0 | AW29: 0 | AX29: 0 | AY29: 0 | AZ29: 0 | BA29: 0 | BB29: 0 | BC29: -24298.109 | BD29: -20223.399 | BE29: -8717.7796 | BF29: -27208.579 | BG29: -28995.77
B30: 3.2.4 | D30: Return on capital | E30: =SUM(F30:BH30) -> -7.65685e+08 | F30: 0 | G30: 0 | H30: 0 | I30: 0 | J30: 0 | K30: 0 | L30: 0 | M30: 0 | N30: 0 | O30: 0 | P30: 0 | Q30: 0 | R30: 0 | S30: 0 | T30: 0 | U30: 0 | V30: 0 | W30: 0 | X30: 0 | Y30: 0 | Z30: 0 | AA30: 0 | AB30: 0 | AC30: 0 | AD30: 0 | AE30: 0 | AF30: 0 | AG30: 0 | AH30: 0 | AI30: -6636936.4 | AJ30: -8119236.8 | AK30: -9497090.9 | AL30: -11166136 | AM30: -12750789 | AN30: -7343162.8 | AO30: -16776816 | AP30: -19125676 | AQ30: -18506598 | AR30: -23408520 | AS30: -25525601 | AT30: -24936645 | AU30: -25858294 | AV30: -30975934 | AW30: -30263124 | AX30: -33267094 | AY30: -35816528 | AZ30: -38537796 | BA30: -43064275 | BB30: -40327029 | BC30: -41096265 | BD30: -46996880 | BE30: -62782212 | BF30: -71270102 | BG30: -81636263
D31: Total Return of Capital | E31: =SUM(F31:BH31) -> -7.1807289e+08 | F31: =SUM(F26:F30) -> 0 | G31: =SUM(G26:G30) -> 0 | H31: =SUM(H26:H30) -> 0 | I31: =SUM(I26:I30) -> 0 | J31: =SUM(J26:J30) -> 0 | K31: =SUM(K26:K30) -> 0 | L31: =SUM(L26:L30) -> 0 | M31: =SUM(M26:M30) -> 0 | ... BH31: =SUM(BH26:BH30) -> 0
D32: Recovered capital method total asset value | E32: =SUM(F32:BH32) -> 9.4763598e+08 | F32: =F16+F23-F31 -> 0 | G32: =G16+G23-G31 -> 0 | H32: =H16+H23-H31 -> 0 | I32: =I16+I23-I31 -> 0 | J32: =J16+J23-J31 -> 0 | K32: =K16+K23-K31 -> 0 | L32: =L16+L23-L31 -> 0 | M32: =M16+M23-M31 -> 0 | ... BH32: =BH16+BH23-BH31 -> 0
C33: For information | D33: Opening asset value | G33: =F24+F33-F31 -> 0 | H33: =G24+G33-G31 -> 0 | I33: =H24+H33-H31 -> 0 | J33: =I24+I33-I31 -> 0 | K33: =J24+J33-J31 -> 0 | L33: =K24+K33-K31 -> 0 | M33: =L24+L33-L31 -> 0 | N33: =M24+M33-M31 -> 0 | ... BH33: =BG24+BG33-BG31 -> 9.4763598e+08
C34: For information | D34: Rate of return (WACC) | F34: N/A | G34: N/A | H34: N/A | I34: N/A | J34: N/A | K34: N/A | L34: N/A | M34: N/A | N34: N/A | O34: N/A | P34: N/A | Q34: N/A | R34: N/A | S34: N/A | T34: N/A | U34: N/A | V34: N/A | W34: N/A | X34: N/A | Y34: N/A | Z34: N/A | AA34: N/A | AB34: N/A | AC34: N/A | AD34: N/A | AE34: N/A | AF34: N/A | AG34: N/A | AH34: N/A | AI34: N/A | AJ34: 0.10743713 | AK34: 0.10361464 | AL34: 0.1064328 | AM34: 0.10583388 | AN34: 0.10619448 | AO34: 0.1108857 | AP34: 0.11453903 | AQ34: 0.098579142 | AR34: 0.11214162 | AS34: 0.11175986 | AT34: 0.09831147 | AU34: 0.095160277 | AV34: 0.10289599 | AW34: 0.091253208 | AX34: 0.091727806 | AY34: 0.090761229 | AZ34: 0.08950284 | BA34: 0.090694517 | BB34: 0.077853082 | BC34: 0.073167671 | BD34: 0.077520238 | BE34: 0.097347165 | BF34: 0.098364774 | BG34: 0.1013163
B36: Table 4.2: Pipeline details
B38: Construction date | C38: 25934
B39: Negative residual value | C39: =E11 -> 62884645

Sheet 4.1 Pipelines capex
B1: Capital expenditure
B2: =Tradingname -> APT PARMELIA PTY LTD
B3: Reporting Period | C3: =TEXT(Yearstart,"dd/mm/yyyy")&" to "&TEXT(Yearending,"dd/mm/yyyy") -> 01/07/2023 to 30/06/2024
B5: Table 4.1.1: Capital expenditure greater than 5% of construction cost
B7: Basis of Preparation reference | C7: Description of works | D7: Date recognised | E7: Expenditure ($ nominal)
B8: 3.2.1 | C8: Meter Station at Kwinana and Stay in Business Capital Expenditure | D8: FY01 | E8: 4156710.4
B9: 3.2.1 | C9: Alcoa Gas Lateral Relocation at Pinjarra Refinery and other Capital Expenditure | D9: FY07 | E9: 4648698.4
B10: 3.2.1 | C10: Buyout Contract - Pipeline Maintenance Agreement with Agility and Stay in Business Capital Expenditure | D10: FY08 | E10: 7277049.5
B11: 3.2.1 | C11: Capital Expenditure relating to Information Technology and Stay In Business Capital Expenditure | D11: FY12 | E11: 3221575.7
B12: 3.2.1 | C12: Stay in Business Capital Expenditure | D12: FY13 | E12: 3149392.6
B13: 3.2.1 | C13: Relocate 1.64 km approx. of Parmelia Gas Pipeline at Forrestfield, Perth and Stay In Business Capital Expenditure | D13: FY17 | E13: 5854237.2
B14: 3.2.1 | C14: Relocation works on the Parmelia pipeline and Stay in Business Capital Expenditure | D14: FY19 | E14: 6255105
B15: 3.2.1 | C15: Stay in Business Capital Expenditure | D15: FY20 | E15: 4131812.3
B16: 3.2.1 | C16: Stay in Business Capital Expenditure | D16: FY21 | E16: 3360699.6
B17: 3.2.1 | C17: Thornie Link extension and Stay In Business Capital Expenditure | D17: FY22 | E17: 18581813
B18: 3.2.1 | C18: Walyering Gas Connection, Morley-Ellenbrook Rail Line works, Thornie Link extension, and other SIB capital expenditure | D18: FY23 | E18: 10446618
B19: 3.2.1 | C19: Walyering Gas Connection, Morley-Ellenbrook Rail Line works, Thornie Link extension, other developments and SIB capital expenditure. | D19: FY24 | E19: 9275443.4

Sheet Auditor's Review Report RCM

Sheet 5. Weighted average price
B1: Weighted average prices
B2: =Tradingname -> APT PARMELIA PTY LTD
B3: Reporting Period | C3: =TEXT(Yearstart,"dd/mm/yyyy")&" to "&TEXT(Yearending,"dd/mm/yyyy") -> 01/07/2023 to 30/06/2024
B5: Table 5.1: Weighted average prices
B7: Basis of preparation reference | C7: Service description | E7: Has there been any use of estimates to allocate revenue to each transportation service? | F7: Other Services | L7: Postage Stamp Transportation Services | S7: Zonal Based Transportation Services | AL7: Distance Based Transportation Services (to major delivery points)
T8: Zone 1 | Z8: Zone 2 | AF8: Zone 3 | AM8: Major Delivery Point 1 | AS8: Major Delivery Point 2 | AY8: Major Delivery Point 3 | BE8: Other Delivery Points
D9: Total revenue | F9: Capacity based charges | I9: Volumetric based charges | L9: Total Postage Stamp Revenue | M9: Capacity based | P9: Volumetric based | S9: Total Zonal Revenue | T9: Capacity based | W9: Volumetric based | Z9: Capacity based | AC9: Volumetric based | AF9: Capacity based | AI9: Volumetric based | AL9: Total Distance Based Revenue | AM9: Capacity based | AP9: Volumetric based | AS9: Capacity based | AV9: Volumetric based | AY9: Capacity based | BB9: Volumetric based | BE9: Capacity based | BH9: Volumetric based
D10: $'000 | F10: Revenue $'000 | G10: MDQ Total TJ* | H10: WAP $/GJ | I10: Revenue $'000 | J10: Total TJ | K10: WAP $/GJ | L10: $ '000 | M10: Revenue $'000 | N10: MDQ Total TJ* | O10: WAP $/GJ | P10: Revenue $'000 | Q10: Total TJ | R10: WAP $/GJ | S10: $'000 | T10: Revenue $'000 | U10: MDQ Total TJ* | V10: WAP $/GJ | W10: Revenue $'000 | X10: Total TJ | Y10: WAP $/GJ | Z10: Revenue $'000 | AA10: MDQ Total TJ* | AB10: WAP $/GJ | AC10: Revenue $'000 | AD10: Total TJ | AE10: WAP $/GJ | AF10: Revenue $'000 | AG10: MDQ Total TJ* | AH10: WAP $/GJ | AI10: Revenue $'000 | AJ10: Total TJ | AK10: WAP $/GJ | AL10: $'000 | AM10: Revenue $'000 | AN10: MDQ Total TJ* | AO10: WAP $/GJ | AP10: Revenue $'000 | AQ10: Total TJ | AR10: WAP $/GJ | AS10: Revenue $'000 | AT10: MDQ Total TJ* | AU10: WAP $/GJ | AV10: Revenue $'000 | AW10: Total TJ | AX10: WAP $/GJ | AY10: Revenue $'000 | AZ10: MDQ Total TJ* | BA10: WAP $/GJ | BB10: Revenue $'000 | BC10: Total TJ | BD10: WAP $/GJ | BE10: Revenue $'000 | BF10: MDQ Total TJ* | BG10: WAP $/GJ | BH10: Revenue $'000 | BI10: Total TJ | BJ10: WAP $/GJ
C11: Transportation services
B12: 4.4.1 | C12: Firm forward haul transportation services | D12: =L12+S12+AL12 -> 8075.8876 | L12: =M12+P12 -> 8075.8876 | M12: 4884.5395 | N12: 8644.63 | O12: =IFERROR(M12/N12,0) -> 0.56503742 | P12: 3191.3481 | Q12: 12189.675 | R12: =IFERROR(P12/Q12,0) -> 0.26180747 | S12: =T12+W12+Z12+AC12+AF12+AI12 -> 0 | V12: =IFERROR(T12/U12,0) -> 0 | Y12: =IFERROR(W12/X12,0) -> 0 | AB12: =IFERROR(Z12/AA12,0) -> 0 | AE12: =IFERROR(AC12/AD12,0) -> 0 | AH12: =IFERROR(AF12/AG12,0) -> 0 | AK12: =IFERROR(AI12/AJ12,0) -> 0 | AL12: =AM12+AP12+AS12+AV12+AY12+BB12+BE12+BH12 -> 0 | AO12: =IFERROR(AM12/AN12,0) -> 0 | AR12: =IFERROR(AP12/AQ12,0) -> 0 | AU12: =IFERROR(AS12/AT12,0) -> 0 | AX12: =IFERROR(AV12/AW12,0) -> 0 | BA12: =IFERROR(AY12/AZ12,0) -> 0 | BD12: =IFERROR(BB12/BC12,0) -> 0 | BG12: =IFERROR(BE12/BF12,0) -> 0 | BJ12: =IFERROR(BH12/BI12,0) -> 0
B13: 4.4.1 | C13: Interruptible or as available transportation services | D13: =L13+S13+AL13 -> 1361.4638 | L13: =M13+P13 -> 1361.4638 | O13: =IFERROR(M13/N13,0) -> 0 | P13: 1361.4638 | Q13: 2512.8529 | R13: =IFERROR(P13/Q13,0) -> 0.54180006 | S13: =T13+W13+Z13+AC13+AF13+AI13 -> 0 | V13: =IFERROR(T13/U13,0) -> 0 | Y13: =IFERROR(W13/X13,0) -> 0 | AB13: =IFERROR(Z13/AA13,0) -> 0 | AE13: =IFERROR(AC13/AD13,0) -> 0 | AH13: =IFERROR(AF13/AG13,0) -> 0 | AK13: =IFERROR(AI13/AJ13,0) -> 0 | AL13: =AM13+AP13+AS13+AV13+AY13+BB13+BE13+BH13 -> 0 | AO13: =IFERROR(AM13/AN13,0) -> 0 | AR13: =IFERROR(AP13/AQ13,0) -> 0 | AU13: =IFERROR(AS13/AT13,0) -> 0 | AX13: =IFERROR(AV13/AW13,0) -> 0 | BA13: =IFERROR(AY13/AZ13,0) -> 0 | BD13: =IFERROR(BB13/BC13,0) -> 0 | BG13: =IFERROR(BE13/BF13,0) -> 0 | BJ13: =IFERROR(BH13/BI13,0) -> 0
B14: 4.4.1 | C14: Backhaul services | D14: =L14+S14+AL14 -> 0 | L14: =M14+P14 -> 0 | M14: 0 | N14: 0 | O14: =IFERROR(M14/N14,0) -> 0 | P14: 0 | Q14: 0 | R14: =IFERROR(P14/Q14,0) -> 0 | S14: =T14+W14+Z14+AC14+AF14+AI14 -> 0 | V14: =IFERROR(T14/U14,0) -> 0 | Y14: =IFERROR(W14/X14,0) -> 0 | AB14: =IFERROR(Z14/AA14,0) -> 0 | AE14: =IFERROR(AC14/AD14,0) -> 0 | AH14: =IFERROR(AF14/AG14,0) -> 0 | AK14: =IFERROR(AI14/AJ14,0) -> 0 | AL14: =AM14+AP14+AS14+AV14+AY14+BB14+BE14+BH14 -> 0 | AO14: =IFERROR(AM14/AN14,0) -> 0 | AR14: =IFERROR(AP14/AQ14,0) -> 0 | AU14: =IFERROR(AS14/AT14,0) -> 0 | AX14: =IFERROR(AV14/AW14,0) -> 0 | BA14: =IFERROR(AY14/AZ14,0) -> 0 | BD14: =IFERROR(BB14/BC14,0) -> 0 | BG14: =IFERROR(BE14/BF14,0) -> 0 | BJ14: =IFERROR(BH14/BI14,0) -> 0
C15: Stand alone compression services
B16: 4.4.2 | C16: Firm stand alone compression services | D16: =F16+I16 -> 0 | F16: 0 | G16: 0 | H16: =IFERROR(F16/G16,0) -> 0 | I16: 0 | J16: 0 | K16: =IFERROR(I16/J16,0) -> 0
C17: Storage services
B18: 4.4.3 | C18: Firm park/park and loan services | D18: =F18+I18 -> 0 | F18: 0 | G18: 0 | H18: =IFERROR(F18/G18,0) -> 0 | I18: 0 | J18: 0 | K18: =IFERROR(I18/J18,0) -> 0
B19: 4.7 | C19: Total exempt services | D19: =F19+I19 -> 1.20618 | F19: 0 | I19: 1.20618
C20: Total | D20: =SUM(D12:D19) -> 9438.5576 | F20: =SUM(F12:F19) -> 0 | G20: =SUM(G12:G19) -> 0 | I20: =SUM(I12:I19) -> 1.20618 | J20: =SUM(J12:J19) -> 0 | L20: =SUM(L12:L19) -> 9437.3514 | M20: =SUM(M12:M19) -> 4884.5395 | N20: =SUM(N12:N19) -> 8644.63 | P20: =SUM(P12:P19) -> 4552.8119 | Q20: =SUM(Q12:Q19) -> 14702.528 | S20: =SUM(S12:S19) -> 0 | T20: =SUM(T12:T19) -> 0 | U20: =SUM(U12:U19) -> 0 | W20: =SUM(W12:W19) -> 0 | X20: =SUM(X12:X19) -> 0 | Z20: =SUM(Z12:Z19) -> 0 | AA20: =SUM(AA12:AA19) -> 0 | AC20: =SUM(AC12:AC19) -> 0 | AD20: =SUM(AD12:AD19) -> 0 | AF20: =SUM(AF12:AF19) -> 0 | AG20: =SUM(AG12:AG19) -> 0 | AI20: =SUM(AI12:AI19) -> 0 | AJ20: =SUM(AJ12:AJ19) -> 0 | AL20: =SUM(AL12:AL19) -> 0 | AM20: =SUM(AM12:AM19) -> 0 | AN20: =SUM(AN12:AN19) -> 0 | AP20: =SUM(AP12:AP19) -> 0 | AQ20: =SUM(AQ12:AQ19) -> 0 | AS20: =SUM(AS12:AS19) -> 0 | AT20: =SUM(AT12:AT19) -> 0 | AV20: =SUM(AV12:AV19) -> 0 | AW20: =SUM(AW12:AW19) -> 0 | AY20: =SUM(AY12:AY19) -> 0 | AZ20: =SUM(AZ12:AZ19) -> 0 | BB20: =SUM(BB12:BB19) -> 0 | BC20: =SUM(BC12:BC19) -> 0 | BE20: =SUM(BE12:BE19) -> 0 | BF20: =SUM(BF12:BF19) -> 0 | BH20: =SUM(BH12:BH19) -> 0 | BI20: =SUM(BI12:BI19) -> 0
B22: * MDQ (Total TJ) = sum of MDQ’s over the reporting period in TJs

Sheet 5.1 Exempt WAP services
B1: Services exemption granted from ERA for Weighted Average Price disclosure
B2: =Tradingname -> APT PARMELIA PTY LTD
B3: Reporting Period | C3: =TEXT(Yearstart,"dd/mm/yyyy")&" to "&TEXT(Yearending,"dd/mm/yyyy") -> 01/07/2023 to 30/06/2024
B5: Table 5.1.1: ERA exemptions
B7: Service category
B8: Backhaul services

Sheet Auditor's Review Report WAP

Sheet 6. Notes
B1: Additional (optional) notes and information
B2: =Tradingname -> APT PARMELIA PTY LTD
B3: Year ending | C3: =Yearending -> 45473
B5: Table reference
B7: Cover | C7: The financial reporting under the non scheme guideline is an annual reporting requirement for APA's non scheme pipelines, requiring annual publishing by 31 October 2024. This information was published on Thursday 31st October 2024.
B8: 1.1 | C8: APA has counted each contracting entity as a separate customer to determine customer numbers for each pipeline.
B9: 1.2 | C9: Pipeline Services listed are those contracted to customers within the reporting period for the pipeline. Some services, in particular non-firm services, may be contracted but not used.
B10: 2.1 | C10: Payroll review During FY22, APA Group conducted the first stage of a historical payroll review which identified that certain employees across the APA Group were not paid in full compliance with obligations under APA's enterprise agreements. A provision of $32 million (which related to a 7 year period) was recorded in connection with the payroll review in the records of the APA corporate entity. For financial accounting purposes, the Group Statutory financial information (FY21 and retained earnings) was restated to account for the impact of the payroll review. As the regulatory framework under part 23 does not account for retained earnings, the cumulative payroll adjustment for all years was accounted for in FY22 and prior periods were not restated. The payroll adjustment has been allocated to individual pipelines based on a combination of direct costs attributable to pipelines and where the cost was not directly attributable, based on relevant non causal drivers. In FY24, included in wages of $5,156,188, recorded in the ‘Statement of Pipeline Revenues and Expenses’, is an adjustment $430,473 cr relating to prior periods. APA also concluded that the amounts charged to the profit or loss in FY24 relating to prior periods had no material impact for Part 23 reporting purposes.
B11: 2.1 and 3.2.1 | C11: Carrying value review
C12: It is noted that the Part 23 carrying value review has been undertaken using Part 23 assumptions and by definition this review is separate to the Carrying Value Review undertaken for APA’s Statutory Financial Reporting. The values are not to be considered in the context of APA’s statutory financial reporting processes. The Part 23 Carrying value Review is completed using different assumptions to APA’s statutory Carrying Value review and is undertaken on an individual standalone pipeline rather than a cash generating unit basis, and does not reflect APA’s view of carrying value of its assets for statutory purposes. The conclusions are based on a balanced and consistent approach in determining the demand forecasts and other asset model inputs for a Part 23 Carrying value review. This assessment is also supported by a range/sensitivity analysis performed including discount rates and terminal values. The Part 23 recoverable value models and the critical assumptions were reviewed with regard to contracts, budgets, altered business conditions and Management’s expectations, in the context of each individual asset on a standalone basis and separate to APA’s statutory cash generating units. Based on the annual carrying value review it was determined that the Parmelia Gas Pipeline (PGP) Part 23 Net book value as at 30 June 2024 should be reduced to the value equivalent to assets of $6,190,762 being made up of current assets of $2,289,041, convertible to cash subsequent to year end and deferred tax assets of $3,901,721, which is probable to be recovered. As at 30 June 2024, an impairment loss of $48,352,417, has been recorded by APT Parmelia Pty Ltd. There has been no impairment identified for statutory reporting purposes. An impairment for Part 23 Purposes for Parmelia is disclosed in table 3.2.1.
B13: 2.1.1 | C13: AASB 15 reporting in the Pipeline Financial Statements, RCM and Return on Assets As described in the Basis of Preparation, AASB 15 Revenue from Contracts with Customers ("AASB 15") (effective from 1 July 2018) requires a significant financing component to be reported in those circumstances where there is a length of time in-between the payment for the service and when APA Group fulfils the performance obligation. A significant financing component has been identified in one revenue contract on an exempt lateral on the Parmelia Gas Pipeline. As stated below for RCM purposes the laterals connected to the Parmelia Gas Pipeline are exempt from financial reporting obligations as they either serve a single customer, or have throughput of less than 10TJ/day. However APA is not able to allocate historic pipeline financial information between the mainline and exempt laterals for particular periods. To ensure consistency, the Parmelia Gas Pipeline RCM has been calculated for the whole Parmelia Gas Pipeline, including exempt laterals that may include significant financing component. The Significant Financing Component has been included in the reported revenue from contracts with customers as the Guideline requires reported revenues to comply with AASB 15. However, the associated interest expense has been excluded from the Pipeline Financial Statement as financing related expenses are not permitted to be reported under the Guideline. The impact on the Pipeline Financial Statement for contracts on the Parmelia Gas Pipeline amounts to:
C14: Statutory presentation | D14: Part 23 Reporting | E14: Difference Statutory and Part 23
C15: $ | D15: $ | E15: S
C16: 108422.77 | D16: =C16 -> 108422.77 | E16: =C16-D16 -> 0 | F16: time value of money included in reported revenue in the pipeline financial statements on table 2.1, 2.1.1 and 4.1.
C17: -135822.61 | D17: 0 | E17: =C17-D17 -> -135822.61 | F17: interest expense not permitted to be reported under Part 23 and not included in this reporting
C18: =SUM(C16:C17) -> -27399.836 | D18: =SUM(D16:D17) -> 108422.77 | E18: =SUM(E16:E17) -> -135822.61 | F18: Net impact of including both Revenue and interest expense associated with the significant financing component of revenue
C19: Without the corresponding interest expense being reflected in the Pipeline Financial Statements Revenues and Expenses and RCM due to the Part23 requirements, the net profit of the asset excludes $135,823 of interest expense. The impact on the return on asset is immaterial.
B20: 2.4.1 | C20: In FY24, the pipeline received 0.92% of shared support assets. Due to the functionality of this reporting template, the percentage reported in table 2.4.1, relating to shared support assets, will be post of impairments losses.
B22: 3.1 | C22: Other non-depreciable pipeline assets include other elements of total assets reported in the Balance Sheet (e.g. debtors, capital work in progress, contract intangibles etc.).
C23: Balances reported for the year ended 30 June 2022, were revised to reflect the actual additions transferred from the capital work in progress prior to the recognition of any impairment losses. As "additions" previously reported were net of impairment losses, an entry was recorded to increase "additions" with an inverse entry recorded against "depreciation and impairment".
B24: 3.1.1 | C24: Other depreciable pipeline assets include items such as information technology systems, motor vehicles, office and pipeline related costs which have different useful lives ranging from 5 to 80 years. APA has reported the information by asset categories in a summary line reflective of all assets acquired at inception to 30 June 2024.
B25: 3.3.1 | C25: APA has reported the information by asset categories in a summary line reflective of all assets acquired from inception to 30 June 2024.
C26: New assets are reported as commissioned with depreciation assumed from the date of service.
B27: 3.3.2 | C27: APA has reported the shared assets information per fiscal year from date of acquisition.
C28: New assets are reported as commissioned with depreciation assumed in the next fiscal year.
B29: 3.4 | C29: The majority of total shared assets reported represent Information Technology assets and other assets such as office related assets and motor vehicles. The values are reported are prior to impairment losses. The “% allocated to pipeline” reported in table 3.4 represents the percentage of shared corporate assets allocated to the pipeline since the APA Group’s ownership. The reported percentages are gross of impairment losses.
B30: 4.1 | C30: Net tax liabilities incorporate mid-year tax depreciation for capital expenditure incurred during the fiscal year.
C31: Capital expenditure is reported in the period commissioned and excludes capital work in progress. The reported capital additions include capitalised maintenance costs.
C32: Prior and inclusive of FY23, Capital expenditure is reported in the period commissioned and excludes capital work in progress.
C33: From FY23 onwards, capital additions will be as follows: • For pipelines assets, capital expenditure will be reported “as incurred”. • For shared support assets and shared leased asset, capital expenditure will be reported “as commissioned”. As a result of transitioning to the “as incurred” methodology, in FY23 the capital expenditure addition reported in the RCM will include expenditure incurred in earlier periods, that had not been commissioned by the end of FY22.
C34: The laterals connected to the Parmelia Gas Pipeline are exempt from financial reporting obligations as they either serve a single customer, or have throughput of less than 10TJ/day. However APA is not able to allocate historic pipeline financial information between the mainline and exempt laterals for particular periods. Therefore, to ensure consistency, the Parmelia Gas Pipeline RCM has been calculated for the whole Parmelia Gas Pipeline, including the exempt laterals.
C35: APA has identified a number of capital additions totalling $5 million and subsequent disposals that occurred prior to APA implementing the Oracle financial systems. Due to lack of information on disposal dates, APA has excluded the capital additions and subsequent disposals.
C36: APA has used the 2000 regulatory asset value as the construction cost of the pipeline.
B37: 4.1.1 | C37: APA has reported the aggregate capital expenditure (inclusive of Stay-in-business capital expenditure) incurred each fiscal year. The 5% threshold of capital expenditure does not include leased asset, shared leased asset or shared assets. Any assets that might have had immaterial shared assets included in prior years reporting have been removed for consistency. Capital expenditure greater than 5% generally relates to significant expenditure for each non-scheme pipeline. Lease-funded pipeline capital expenditure could be included in the capital expenditure for comparison. The projects reported in excess of 5% capital expenditure for any given year is capital expenditure at cost (excluding the half year capitalised WACC) in relation to the total construction cost (which is inclusive of capitalised WACC).
B38: 5.1 | C38: In accordance with the Guideline, APA has not reported revenue in respect of exempt services against the relevant service category in Table 5.1. Instead, revenue associated with exempt services is aggregated and reported under “Total exempt services” in Table 5.1.

Sheet Amendment record
A2: Date | B2: ERA amendment# | C2: Worksheet | D2: Table | E2: Cell | F2: Change | G2: Reason
A3: 44084 | B3: 1 | C3: Amendment record | F3: New worksheet inserted | G3: This sheet captures the changes made to this non scheme financial reporting template.
A4: 44084 | B4: =B3+1 -> 2 | C4: 2. Revenue and expenses | D4: 2.1 | E4: F13 | F4: Formula corrected | G4: Formula amended to sum both elements of 'Direct revenue' to get 'Total direct revenue'.
A5: 44084 | B5: =B4+1 -> 3 | C5: 3. Statement of pipeline assets | D5: 3.1 | E5: D33:E33 | F5: Formula inserted | G5: Formula to aggregate relevant rows (Metering) to determine Closing value for metering assets
A6: 44084 | B6: =B5+1 -> 4 | C6: 3.3 Depreciation | D6: 3.3.1 | E6: D9:D52 | F6: List amended | G6: The term 'other depreciable assets' has been replaced with ' other depreciable pipeline assets' to match the terms used on worksheet 3.
A7: 44084 | B7: =B6+1 -> 5 | C7: 3.3 Depreciation | D7: 3.3.1 | E7: M7 and N7 | F7: Heading amended | G7: The heading has been amended to make it clear that accumulated depreciation is to be reported for both the current reporting period and the prior period.
A8: 44084 | B8: =B7+1 -> 6 | C8: 3.3 Depreciation | D8: 3.3.1 | E8: I5:K5 | F8: Guidance note added | G8: A guidance note has been added to the worksheet, clarifying that additions, capitalised maintenance and disposals must all be reported on a cumulative basis in this worksheet. Closing asset values are derived in each year with reference to the initial construction cost. Therefore all amendments to this value must be reported on a cumulative basis, to ensure the closing value is adjusted for all additions, disposals or capitalised maintenance.
A9: 44084 | B9: =B8+1 -> 7 | C9: 3. Statement of pipeline assets | D9: 3.1 | E9: Rows 63-67 and 74-78 | F9: rows inserted | G9: New items inserted to record Leased Assets as per AASB16.
A10: 44084 | B10: =B9+1 -> 8 | C10: 3. Statement of pipeline assets | D10: 3.1 | E10: D69:E69 and D84:E84 | F10: Formula updated | G10: Formulae updated to include leased assets
A11: 44084 | B11: =B10+1 -> 9 | C11: 3. Statement of pipeline assets | D11: 3.1 | E11: D14, D19, D25, D31, D37, D43, D49, D59 | F11: Formulae corrected | G11: Formulae amended to include prior year accumulated depreciation plus current year depreciation. It was only picking up current year depreciation.
A12: 44084 | B12: =B11+1 -> 10 | C12: 3.1 Pipeline asset useful life | D12: 3.1.1 | E12: B21:F26 and B33:F38 | F12: rows inserted | G12: Allow for lease asset information
A13: 44084 | B13: =B12+1 -> 11 | C13: Cover | D13: Reporting template | E13: D31:F32 | F13: Formatting | G13: To be visible.
A14: 44084 | B14: =B13+1 -> 12 | C14: 1.1 Financial performance | D14: 1.1.1 | E14: C10 | F14: Formatting - changed from Accounting Comma to Percentage Percent | G14: To disclose percentage with appropriate signage
A15: 44084 | B15: =B14+1 -> 13 | C15: 3.3 Depreciation | G15: Tab renamed 3.3 Depreciation amortisation
A16: 44084 | B16: =B15+1 -> 14 | C16: 3.3 Depreciation amortisation | D16: 3.3.2 | E16: L58:L78 | F16: Insert column | G16: To explicitly allow for prior period depreciation
A17: 44084 | B17: =B16+1 -> 15 | C17: 3. Statement of pipeline assets | D17: 3.1 | E17: Row 59 | F17: rows inserted | G17: To record additions and improvements capitalised
A18: 44084 | B18: =B17+1 -> 16 | C18: 3. Statement of pipeline assets | D18: 3.1 | E18: D58 | F18: Formula updated | G18: To only pick up initial acquisition costs
A19: 44084 | B19: =B18+1 -> 17 | C19: 3.3 Depreciation amortisation | D19: 3.3.1 | E19: D9:D52 | F19: List updated | G19: Added Leased assets to drop list
A20: 44084 | B20: =B19+1 -> 18 | C20: 3.3 Depreciation amortisation | D20: 3.3.2 | E20: D60:D77 | F20: List updated | G20: Added Shared leased assets to drop list
A21: 44084 | B21: =B20+1 -> 19 | C21: 4 Recovered Capital | D21: 4.1 | E21: Rows 15, 22, 29 | F21: rows inserted | G21: New items inserted to record Leased Assets
A22: 44084 | B22: =B21+1 -> 20 | C22: 4 Recovered Capital | D22: 4.1 | E22: E15, E22 and E29 | F22: Formula added | G22: To sum columns F to BH for respective items
A23: 44084 | B23: =B22+1 -> 21 | C23: 4 Recovered Capital | D23: 4.1 | E23: F16:BH16 and F23:BH23 | F23: Formula updated | G23: To include Leased Assets in total
A24: 44084 | B24: =B23+1 -> 22 | C24: 3.3 Depreciation amortisation | D24: 3.3.1 and 3.3.2 | E24: B5, B56, K7, G58, J58 and M58 | F24: Heading amended | G24: Headings updated for clarity
A25: 44084 | B25: =B24+1 -> 23 | C25: 3.3 Depreciation | D25: 3.3.1 | E25: E9:E52 | F25: Reformat | G25: The cells have been reformatted to show dd/mm/yyyy
A26: 44084 | B26: =B25+1 -> 24 | C26: 3.3 Depreciation | D26: 3.3.2 | E26: E60:E77 | F26: Reformat | G26: The cells have been reformatted to show dd/mm/yyyy
A27: 44084 | B27: =B26+1 -> 25 | C27: 3.1 Pipeline asset useful life | D27: 3.1.1 | E27: D9:D38 | F27: Reformat | G27: The cells have been reformatted to show dd/mm/yyyy
A28: 44109 | B28: =B27+1 -> 26 | C28: Cover | D28: Reporting template | E28: A7 | F28: a typographical error fixed. | G28: Corrected the spelling from 'insructions' to 'instructions'.
A29: 44109 | B29: =B28+1 -> 27 | C29: 3.1 Pipeline asset useful life | D29: 3.1.1 | E29: D7 | F29: a typographical error fixed. | G29: Corrected the spelling from 'acqusition' to 'acquisition'.
A30: 44109 | B30: =B29+1 -> 28 | C30: 4 Recovered Capital | D30: 3.1.1 | E30: D18 | F30: a typographical error fixed. | G30: Corrected the spelling from 'acqusition' to 'acquisition'.
A31: 44377 | B31: =B30+1 -> 29 | C31: Cover | E31: A25:E25 | F31: Question added | G31: To record publication date of the report
A32: 44377 | B32: =B31+1 -> 30 | C32: Cover | E32: A27:E27 | F32: Question added | G32: To record the date to which the reported information is current
A33: 44377 | B33: =B32+1 -> 31 | C33: Cover | E33: A29:K29 | F33: Questions added | G33: To record if there has been any change to the reported information within the current reporting period since publication date, and identify which part of the ‘basis of preparation’ document captures or explains the change in the published information.
A34: 44377 | B34: =B33+1 -> 32 | C34: Contents | F34: Contents updated | G34: To add hyperlink to Summary worksheet and reflect changes in worksheet names (3.1, 3.2 and 3.3)
A35: 44377 | B35: =B34+1 -> 33 | C35: Summary | F35: New worksheet added | G35: To enhance accessibility and transparency of the reported information by providing a 'quick glance' view of the key information reported in the template.
A36: 44377 | B36: =B35+1 -> 34 | C36: 1. Pipeline information | D36: 1.2 | E36: B16, B20, B21 | F36: Heading renamed | G36: To be consistent with the pipeline service categories in Table 2.1.1.
A37: 44377 | B37: =B36+1 -> 35 | C37: 1. Pipeline information | D37: 1.2 | E37: C29:D36 | F37: List added | G37: To add a yes/no dropdown list, consistent with other rows.
A38: 44377 | B38: =B37+1 -> 36 | C38: 1.1 Financial performance | D38: 1.1.1 | E38: C10 | F38: Formatting changed | G38: To express percentage in two decimal places
A39: 44377 | B39: =B38+1 -> 37 | C39: 2. Revenue and expenses | D39: 2.1 | E39: Row 12:14 / C12:C14 | F39: Rows added | G39: New categories are added to improve the clarity and consistency of revenue streams. - Customer contribution revenue (removed from Table 2.1.1) - Government contribution revenue (removed rom (Table 2.1.1) - Profit from sale of fixed assets
A40: 44377 | B40: =B39+1 -> 38 | C40: 2. Revenue and expenses | D40: 2.1 | E40: D32:D40 E32:E40 | F40: Formula corrected | G40: To correctly populate data from Table 2.4.1
A41: 44377 | B41: =B40+1 -> 39 | C41: 2. Revenue and expenses | D41: 2.1 | E41: C34 and C39 | F41: Formatting changed | G41: Remove uppercase in some words. Corresponding cells in original template are C31 and C36.
A42: 44377 | B42: =B41+1 -> 40 | C42: 2. Revenue and expenses | D42: 2.1 | E42: F11 and I11 | F42: Formula corrected | G42: To amend formula to sum up D11 and E11 and G11 and H11, respectively
A43: 44377 | B43: =B42+1 -> 41 | C43: 2. Revenue and expenses | D43: 2.1 | E43: I16 | F43: Formula corrected | G43: To include new revenue categories and correctly calculate the ‘total direct revenue’
A44: 44377 | B44: =B43+1 -> 42 | C44: 2.1 Revenue by service | D44: 2.1.1 | E44: C10 and C21 | F44: Heading/label renamed | G44: Headings changed from 'Direct Revenue' to ‘Revenue by service’ and from 'Total revenue (C24) to ‘Total service revenue’ (C21) to clarify that Table 2.1.1 only captures service revenue rather than all direct revenue.
A45: 44377 | B45: =B44+1 -> 43 | C45: 2.1 Revenue by service | D45: 2.1.1 | E45: Rows 21:23/ C21:C23 | F45: Rows removed | G45: To delete categories that do not fall under 'service revenue': - 'Customer contribution revenue' - 'Profit from sale of fixed assets' - ‘Other direct revenue’ These categories are moved to Table 2.1. See amendment # 37.
A46: 44377 | B46: =B45+1 -> 44 | C46: 2.1 Revenue by service | D46: 2.1.1 | E46: Row 16 | F46: Row split | G46: “Park and park and loan services” is split into two rows: “Park services” (row 16) and “Park and loan services (row 17) to be consistent with service categories in Table 1.2.
A47: 44377 | B47: =B46+1 -> 45 | C47: 2.1 Revenue by service | D47: 2.1.1 | E47: Row 20 | F47: Description renamed | G47: Replaced "Distribution/transmission revenue" (originally C19) with "Other pipeline services (if relevant)" (now C20) to be consistent with Table 2.1.
A48: 44377 | B48: =B47+1 -> 46 | C48: 2.1 Revenue by service | D48: 2.1.1 | E48: I21 | F48: Formula updated | G48: To correctly calculate the ‘total service revenue’.
A49: 44377 | B49: =B48+1 -> 47 | C49: 2.2 Revenue contributions | D49: 2.2.1 | E49: E9:E14 | F49: Formula added Formatting changed | G49: To add sum formula (E=C+D)
A50: 44377 | B50: =B49+1 -> 48 | C50: 2.3 Indirect revenue | D50: 2.3.1 | E50: E2:G4 | F50: Guidance note added | G50: To prompt operators to include sufficient information on their basis of preparation, explaining allocation methodologies and basis of allocators.
A51: 44377 | B51: =B50+1 -> 49 | C51: 2.3 Indirect revenue | D51: 2.3.1 | E51: Row 36 | F51: Formatting changed | G51: Change format of totals to 'bold' font
A52: 44377 | B52: =B51+1 -> 50 | C52: 2.4 Shared costs | D52: 2.4.1 | E52: E2:G4 | F52: Guidance note added | G52: To prompt operators to include sufficient information on their basis of preparation, explaining allocation methodologies and basis of allocators.
A53: 44377 | B53: =B52+1 -> 51 | C53: 2.4 Shared costs | D53: 2.4.1 | E53: H36 and I36 | F53: Formula corrected | G53: To correct double counting of other shared costs.
A54: 44377 | B54: =B53+1 -> 52 | C54: 2.4 Shared costs | D54: 2.4.1 | E54: C11 and C16 | F54: Formatting changed | G54: To remove uppercase in some words.
A55: 44377 | B55: =B54+1 -> 53 | C55: 2.4 Shared costs | D55: 2.4.1 | E55: Row 36 | F55: Formatting changed | G55: Change format of totals to 'bold' font
A56: 44377 | B56: =B55+1 -> 54 | C56: 3. Statement of pipeline assets | D56: 3.1 | E56: C8 and C81 | F56: Headings added | G56: Add headings ‘Pipeline assets’ and ‘Shared supporting assets allocated’ to improve clarity of asset categories.
A57: 44377 | B57: =B56+1 -> 55 | C57: 3. Statement of pipeline assets | D57: 3.1 | E57: C82 | F57: Heading renamed | G57: Renamed 'shared supporting assets' to 'shared property, plant and equipment' to be consistent with the labelling between worksheets
A58: 44377 | B58: =B57+1 -> 56 | C58: 3. Statement of pipeline assets | D58: 3.1 | E58: Column C | F58: Rows added Sub-categories amended Formatting changed | G58: To improve the consistency and structuring of labelling between Table 3.1 and Table 3.3.1. Each asset category will have the following reporting lines, as applicable: - Initial construction or acquisition costs - Additions - Capitalised maintenance or improvements - Depreciation - Disposals or early termination (at cost)
A59: 44377 | B59: =B58+1 -> 57 | C59: 3. Statement of pipeline assets | D59: 3.1 | E59: Columns D and E (D66, D33:E33, D71:E71, D80:E80, D83:D87, D90:D94 and D99:E99) | F59: Formula updated | G59: To update formula following changes in asset categories/ sub-categories, and correct previous errors.
A60: 44377 | B60: =B59+1 -> 58 | C60: 3.1 Asset useful life | F60: Tab renamed | G60: Renamed from 3.1 "Pipeline asset useful life" to "Asset useful life' to be consistent with the heading of the worksheet. Worksheet contains shared assets other than pipeline assets.
A61: 44377 | B61: =B60+1 -> 59 | C61: 3.1 Asset useful life | D61: 3.1.1 | E61: Column D | F61: Data entry deleted | G61: To remove data entries under 'Acquisition date' column
A62: 44377 | B62: =B61+1 -> 60 | C62: 3.1 Asset useful life | D62: 3.1.1 | E62: D9:D38 | F62: Formatting changed | G62: Changed format from number to 'short date'
A63: 44377 | B63: =B62+1 -> 61 | C63: 3.2 Asset impairment | F63: Tab renamed | G63: Renamed from 3.2 "Pipeline asset impairment" to "Asset impairment' to be consistent with the heading of the worksheet. Worksheet contains shared assets other than pipeline assets.
A64: 44377 | B64: =B63+1 -> 62 | C64: 3.2 Asset impairment | D64: 3.2.1 and 3.2.2 | E64: D8:D22 D28:D54 G28:G54 | F64: Formatting changed | G64: Change format to 'short date'
A65: 44377 | B65: =B64+1 -> 63 | C65: 3.3 Depreciation amortisation | E65: B1 | F65: Heading amended | G65: To be consistent with tab name
A66: 44377 | B66: =B65+1 -> 64 | C66: 3.3 Depreciation amortisation | D66: 3.3.1 and 3.3.2 | E66: H7, J7, G58 and L58 | F66: Heading amended | G66: To be consistent with the labelling of categories in Table 3.1
A67: 44377 | B67: =B66+1 -> 65 | C67: 3.3 Depreciation amortisation | D67: 3.3.1 | E67: D9:D52 | F67: List updated | G67: To be consistent with the categories in Table 3.1
A68: 44377 | B68: =B67+1 -> 66 | C68: 3.3 Depreciation amortisation | D68: 3.3.1 | E68: G53 | F68: Formula added | G68: To add sum formula
A69: 44377 | B69: =B68+1 -> 67 | C69: 3.3 Depreciation amortisation | D69: 3.3.1and 3.3.2 | E69: F9:F52 and F60:F77 | F69: Formatting changed | G69: Numbers formatted to the nearest whole number
A70: 44377 | B70: =B69+1 -> 68 | C70: 3.3 Depreciation amortisation | D70: 3.3.1 and 3.3.2 | E70: Column E | F70: Data entry deleted | G70: To remove data entries under Acquisition date column
A71: 44377 | B71: =B70+1 -> 69 | C71: 3.3 Depreciation amortisation | D71: 3.3.2 | E71: B58:N59 | F71: Formatting changed | G71: Cell colour changed to be consistent with other tables
A72: 44377 | B72: =B71+1 -> 70 | C72: 3.3 Depreciation amortisation | D72: 3.3.2 | E72: D60:D77 | F72: List updated | G72: To be consistent with the categories in Table 3.1
A73: 44377 | B73: =B72+1 -> 71 | C73: 3.4 Shared supporting assets | D73: 3.4.1 | E73: D9:D40 | F73: List created | G73: To add dropdown list consistent with the categories in Table 3.1
A74: 44377 | B74: =B73+1 -> 72 | C74: 3.4 Shared supporting assets | D74: 3.4.1 | E74: E2:G4 | F74: Guidance note added | G74: To prompt operators to include sufficient information on their basis of preparation, explaining allocation methodologies and basis of allocators.
A75: 44377 | B75: =B74+1 -> 73 | C75: 3.4 Shared supporting assets | D75: 3.4.1 | E75: Row 36 | F75: Formatting changed | G75: Change format of totals to 'bold' font
A76: 44377 | B76: =B75+1 -> 74 | C76: 4. Recovered Capital | F76: Tab renamed | G76: Minor punctuation amendment
A77: 44377 | B77: =B76+1 -> 75 | C77: 4. Recovered Capital | D77: 4.1 | E77: Rows 33 and 34 | F77: Rows added | G77: To disclose opening asset value and rate of return (WACC) of each year
A78: 44377 | B78: =B77+1 -> 76 | C78: 4. Recovered Capital | D78: 4.1 | E78: E11 | F78: Formula corrected | G78: Revised formula to sum F11:BH11, consistent with the treatment of other cost components that make up the ‘cost base’
A79: 44377 | B79: =B78+1 -> 77 | C79: 4. Recovered Capital | D79: 4.1 | E79: E25 | F79: Formula deleted | G79: Formula not required
A80: 44377 | B80: =B79+1 -> 78 | C80: 4. Recovered Capital | D80: 4.1 | E80: F8:BH8 | F80: Formula corrected | G80: To adjust formula to display year and allow cross-referencing with the Summary tab
A81: 44377 | B81: =B80+1 -> 79 | C81: 4. Recovered Capital | D81: 4.1 | E81: F31:BH31 | F81: Formula corrected | G81: To exclude row 25 which is not an input cell
A82: 44377 | B82: =B81+1 -> 80 | C82: 5. Weighted average price | D82: 5.1 | E82: Column B | F82: Column added | G82: To disclose the reference to the basis of preparation where pipeline operator may have explained the basis of allocation between pipeline and service types
A83: 44377 | B83: =B82+1 -> 81 | C83: 5. Weighted average price | D83: 5.1 | E83: Column E | F83: Column added | G83: To disclose if estimates were used by the pipeline operator to allocate revenue between pipelines and service types.
A84: 44377 | B84: =B83+1 -> 82 | C84: 5. Weighted average price | D84: 5.1 | E84: B2 and C3 | F84: Heading added | G84: To be consistent with other worksheets
A85: 44377 | B85: =B84+1 -> 83 | C85: 5. Weighted average price | D85: 5.1 | E85: F10:BJ10 | F85: Headings amended Formatting changed | G85: Heading (units) amended and format changed for clarity and consistency with formula: - revenues in $'000 - MDQ in Total TJ - WAP in $/GJ
A86: 44377 | B86: =B85+1 -> 84 | C86: 5. Weighted average price | D86: 5.1 | E86: C19:20 | F86: Formatting changed | G86: To be consistent with other tables
A87: 44377 | B87: =B86+1 -> 85 | C87: 5. Weighted average price | D87: 5.1 | E87: Row 22 | F87: Explanatory note added | G87: To clarify the MDQ unit above as: Total TJ = sum of MDQ’s over the reporting period in TJs
A88: 44377 | B88: =B87+1 -> 86 | C88: All worksheets | E88: Numerical cells | F88: Formatting changed | G88: Amend relevant numerical cells to ensure format is in comma style, negative values in brackets and rounded off to nearest whole number
A89: 44377 | B89: =B88+1 -> 87 | C89: All worksheets | E89: Date cells | F89: Formatting changed | G89: Amend relevant date cells to ensure format is in date style
A90: 44377 | B90: =B89+1 -> 88 | C90: All worksheets | E90: Input cells | F90: Formatting changed | G90: Amend relevant input cells to ensure font colour is blue
A91: 44377 | B91: =B90+1 -> 89 | C91: All worksheets | E91: A1 | F91: Formatting changed | G91: Enlarge size to make hyperlink to Contents tab more visible and accessible
A92: 44383 | B92: =B91+1 -> 90 | C92: Summary | E92: Row 86 (C86:H86) | F92: Formula corrected | G92: To correctly populate weighted average prices (WAP) of 'interruptible or as available transportation services' (distance based - other delivery points) from Table 5.1
A93: 44383 | B93: =B92+1 -> 91 | C93: Summary | E93: F100 | F93: Formula corrected | G93: To correctly populate WAP of exempt services (volume based charge) from Table 5.1
A94: 44383 | B94: =B93+1 -> 92 | C94: 3. Statement of pipeline assets | D94: 3.1 | E94: D86:87 | F94: Formula corrected | G94: To correctly populate depreciation and disposal values of 'Shared property, plant and equipment' from Table 3.3.2
A95: 44383 | B95: =B94+1 -> 93 | C95: 3. Statement of pipeline assets | D95: 3.1 | E95: D93:94 | F95: Formula corrected | G95: To correctly populate depreciation and disposal values of 'Shared leased assets' from Table 3.3.2

Sheet APA Amendment record
A2: Date | B2: APA amendment# | C2: Worksheet | D2: Table | E2: Cell | F2: Change | G2: Reason
A3: 44434 | B3: 1 | C3: APA Amendment record | F3: New worksheet inserted | G3: This sheet captures the changes made to this non scheme financial reporting template.
A4: 44434 | B4: =B3+1 -> 2 | C4: 3.3 Depreciation amortisation | D4: 3.3.2 | F4: Inserted row 80 | G4: For disclosure purposes
A5: 44434 | B5: =B4+1 -> 3 | C5: 3.3 Depreciation amortisation | D5: 3.3.1 | E5: N7 | F5: Heading amended | G5: The heading has been amended to make it clear that accumulated depreciation is to be reported for both the current reporting period and the prior period.
A6: 44432 | B6: =B5+1 -> 4 | C6: Summary | E6: C116 | F6: Formula change | G6: Formula updated to include shared leased asset depreciation reported under other Other shared costs in tab 2.4 Shared costs
A7: 44470 | B7: =B6+1 -> 5 | C7: 3.2 Asset impairment | D7: 3.2.1 | E7: F8 | G7: Added comment on impairment
A8: 44474 | B8: =B7+1 -> 6 | C8: 3. Statement of pipeline assets | E8: C14, C21, C28, C35, C42, C49, C56, C70, C87 | F8: Description amended | G8: Description changed from "Depreciation" to "Depreciation and impairment"
A9: 44474 | B9: =B8+1 -> 7 | C9: 3. Statement of pipeline assets | E9: C77, C94 | F9: Description amended | G9: Description changed from "Depreciation (amortisation)" to "Depreciation (amortisation) and impairment"
A10: 44474 | B10: =B9+1 -> 8 | C10: 3. Statement of pipeline assets | D10: 3.2.1 | F10: Inserted row 63 | G10: For impairment disclosure
A11: 44482 | B11: =B10+1 -> 9 | C11: Cover | E11: I29 | F11: Wrap text | G11: Wrap text
A12: 44487 | B12: =B11+1 -> 10 | C12: 1.1 Financial performance | D12: 1.1.1 | E12: B12 | G12: Added comment on impairment
A13: 44489 | B13: =B12+1 -> 11 | C13: 4. Recovered capital | D13: 4.1 | E13: C39 | F13: Formatting changed | G13: Format changed to comma style and rounded off to nearest whole number
A14: 44810 | B14: =B13+1 -> 12 | C14: 3.3 Depreciation amortisation | D14: 3.3.2 | F14: Inserted 2 rows | G14: For disclosure purposes

Sheet H.3 PPE Prior Yr Adj Comparativ
A1: Adjustment to prior year comparatives due to only reflecting capitalisation net of impairments
A3: Comminssed in FY22 | B3: Assets/projects - net of impairments capitalised in FY22 Appendix A Calc (Note A) | C3: Assets/projects - gross of impairments capitalised in FY22 for financial accounting purpose | D3: Difference, to be reflected in the Comparatives of FY22
A4: Pipelines | B4: 0 | C4: 417618.28 | D4: =C4-B4 -> 417618.28
A5: Buildings | B5: 3264 | C5: 17106 | D5: =C5-B5 -> 13842
A6: Pipelines | B6: 35732.09 | C6: 39691.09 | D6: =C6-B6 -> 3959
A7: Buildings | B7: 39291.83 | C7: 178472.5 | D7: =C7-B7 -> 139180.67
A8: Pipelines | B8: 159794.46 | C8: 725823.07 | D8: =C8-B8 -> 566028.61
A9: Pipelines | B9: 1111862 | C9: 5050332.3 | D9: =C9-B9 -> 3938470.2
A10: Pipelines | B10: 2642.5086 | C10: 12002.88 | D10: =C10-B10 -> 9360.3714
A11: Pipelines | B11: 175951.38 | C11: 799211.49 | D11: =C11-B11 -> 623260.11
A12: Pipelines | B12: 1178879.6 | C12: 5354741.5 | D12: =C12-B12 -> 4175861.9
A13: Pipelines | B13: 2986.1042 | C13: 13563.57 | D13: =C13-B13 -> 10577.466
A14: Land and easements | B14: 54565.255 | C14: 247847.9 | D14: =C14-B14 -> 193282.64
A15: Pipelines | B15: 90192.629 | C15: 409675.6 | D15: =C15-B15 -> 319482.97
... A21: Other depreciable pipeline assets | B21: 96.617756 | C21: 438.86 | D21: =C21-B21 -> 342.24224
B22: =SUM(B4:B21) -> 3958329.4 | C22: =SUM(C4:C21) -> 18276926 | D22: =SUM(D4:D21) -> 14318596
A23: Contra Account PPE
A25: Pipelines | C25: 304887.69 | D25: =C25-B25 -> 304887.69
B26: =SUM(B22:B25) -> 3958329.4 | C26: =SUM(C22:C25) -> 18581813 | D26: =SUM(D22:D25) -> 14623484
A28: Category condensed
A29: Pipelines | B29: =SUMIF($A$4:$A$25,$A29,B$4:B$25) -> 3858708.9 | C29: =SUMIF($A$4:$A$25,$A29,C$4:C$25) -> 18127034 | D29: =C29-B29 -> 14268325
A30: Buildings | B30: =SUMIF($A$4:$A$25,$A30,B$4:B$25) -> 42555.83 | C30: =SUMIF($A$4:$A$25,$A30,C$4:C$25) -> 195578.5 | D30: =C30-B30 -> 153022.67
A31: Land and easements | B31: =SUMIF($A$4:$A$25,$A31,B$4:B$25) -> 54565.255 | C31: =SUMIF($A$4:$A$25,$A31,C$4:C$25) -> 247847.9 | D31: =C31-B31 -> 193282.64
A32: SCADA (Communications) | B32: =SUMIF($A$4:$A$25,$A32,B$4:B$25) -> 1064.8296 | C32: =SUMIF($A$4:$A$25,$A32,C$4:C$25) -> 4836.7 | D32: =C32-B32 -> 3771.8704
A33: Other depreciable pipeline assets | B33: =SUMIF($A$4:$A$25,$A33,B$4:B$25) -> 1434.5357 | C33: =SUMIF($A$4:$A$25,$A33,C$4:C$25) -> 6515.99 | D33: =C33-B33 -> 5081.4543
B34: =SUM(B29:B33) -> 3958329.4 | C34: =SUM(C29:C33) -> 18581813 | D34: =SUM(D29:D33) -> 14623484
B35: =B26-B34 -> 0 | C35: =C26-C34 -> 0 | D35: =D26-D34 -> 0
A36: Note A: Movement in PPE for FY22 - Net of impairment while project was being constructed- already recorded in the above balance.
A38: FY22 Comparatives required to be disclosed in "3. Statement of pipeline assets" | D38: FY22
A40: Pipeline - Additions | B40: BS | D40: =D29 -> 14268325
A41: Pipeline - Depreciation and impairment | B41: BS | D41: =-D40 -> -14268325
A42: Building - Additions | B42: BS | D42: =C30 -> 195578.5
A43: Building - Depreciation and impairment | B43: BS | D43: =-D42 -> -195578.5
A44: Land and easements - Additions | B44: BS | D44: =C31 -> 247847.9
A45: Land and easemets - Depreciation and impairment | B45: BS | D45: =-D44 -> -247847.9
A46: SCADA (Communications) - Additions | B46: BS | D46: =C32 -> 4836.7
A47: SCADA (Communications) - depreciation | B47: BS | D47: =-D46 -> -4836.7
A48: Other depreciable pipeline assets - Additions | B48: BS | D48: =C33 -> 6515.99
A49: Other depreciable pipeline assets - depreciation | B49: BS | D49: =-D48 -> -6515.99
D50: =SUM(D40:D49) -> 0
A52: Movements would be
A54: DR Additions | D54: =SUM(D40,D42,D44,D46,D48) -> 14723105
A55: Cr Accumulated depreciation and imparments | D55: =SUM(D41,D43,D45,D47,D49) -> -14723105
A57: Dr CWIP - Accumumulated depreciation and impairments | D57: =-D55 -> 14723105
A58: Cr Addititions | D58: =-D54 -> -14723105

Sheet H.4 FY23 CWIP 177700
A1: GL01 GL Account Analysis
A2: Time run: 15/09/2023 11:05:24 PM
A4: Ledger Name | B4: Period | C4: GL Posted Date | D4: JE Batch Name | E4: JE Header Name | F4: JE Category | G4: JE Source | H4: Line No. | I4: Description | J4: BSV | K4: BSV Name | L4: Cost Ctr | M4: Cost Ctr Name | N4: Acct | O4: Acct Name | P4: Activity | Q4: Activity Name | R4: Counter Party | S4: Acct Code Combination | T4: MA Account | U4: MA Account Name | V4: Tax Code | W4: Status | X4: Accounted DR | Y4: Accounted CR | Z4: Net Accounted Amount | AA4: Entered Curr | AB4: Net Entered Amount | AC4: AE Line No. | AD4: Accg Class | AE4: Vendor Name | AF4: Invoice No. | AG4: Transaction Number | AH4: AP-PO No. | AI4: AP-PO Line | AJ4: RCV-PO No. | AK4: RCV-PO Line | AL4: MX Work Order | AM4: FA Asset ID | AN4: Project No. | AO4: Project Name | AP4: Task No. | AQ4: Task Name | AR4: Expenditure Org | AS4: Expenditure Class | AT4: Expenditure Batch | AU4: Expenditure Type | AV4: Expenditure Item ID | AW4: Customer Name | AX4: Cust Account Num | AY4: Fiscal Year | AZ4: BSV Board Reptg L5 Code | BA4: BSV Board Reptg L5 Desc | BB4: BSV Board Reptg L6 Code | BC4: BSV Board Reptg L6 Desc | BD4: BSV – Asset Level 3 Code | BE4: BSV – Asset Level 3 Desc | BF4: BSV – Asset Level 4 Code | BG4: BSV – Asset Level 4 Desc | BH4: BSV – Asset Level 5 Code | BI4: BSV – Asset Level 5 Desc
A5: APA Ledger | B5: JUL-22 | C5: 44750.699 | D5: Reverses "APA WAYPHI Acc Capitalisation of WIP projects plac"08-JUL-22 16:40:15 - 35507033 | E5: Reverses "APA WAYPHI Acc Capitalisation of WIP projects placed in service Accrua" 32382102 | F5: Accrual | G5: Spreadsheet | H5: 3 | I5: Acc Capitalisation of PGP20.SIB.02 - PGP Verfictatio Proj 40820 | J5: 6019 | K5: PT PGP | L5: 000000 | M5: DEFAULT COST CENTRE | N5: 177700 | O5: CONSTRUCTION IN PROGRESS - NON PROJECT | P5: 0000 | Q5: DEFAULT ACTIVITY | R5: 0000 | S5: 6019.000000.177700.0000.0000 | T5: MA9999 | U5: Board & Mgmt - BSheet L10 | W5: P | X5: 261556.16 | Z5: 261556.16 | AA5: AUD | AB5: 261556.16 | AC5: 0 | AI5: 0 | AK5: 0 | AN5: BLANK | AO5: BLANK | AY5: 2023 | AZ5: G523 | BA5: Parmelia System | BB5: G623 | BC5: Parmelia Gas Pipeline | BD5: V310 | BE5: Energy Infrastructure | BF5: V410 | BG5: West Coast | BH5: V523 | BI5: Parmelia System
A6: APA Ledger | B6: JUL-22 | C6: 44753.696 | D6: Reverses "APA_GENELL_Accrue capitalisation of balance of Tho"11-JUL-22 16:40:31 - 35534976 | E6: Reverses "APA_GENELL_Accrue capitalisation of balance of Thornlie Link project #" 32392293 | F6: Accrual | G6: Spreadsheet | H6: 3 | I6: Accrue capitalisation of balance of Thornlie Link project #39384 | J6: 6022 | K6: PT THIRD PARTY | L6: 000000 | M6: DEFAULT COST CENTRE | N6: 177700 | O6: CONSTRUCTION IN PROGRESS - NON PROJECT | P6: 0000 | Q6: DEFAULT ACTIVITY | R6: 0000 | S6: 6022.000000.177700.0000.0000 | T6: MA9999 | U6: Board & Mgmt - BSheet L10 | W6: P | X6: 43331.53 | Z6: 43331.53 | AA6: AUD | AB6: 43331.53 | AC6: 0 | AI6: 0 | AK6: 0 | AN6: BLANK | AO6: BLANK | AY6: 2023 | AZ6: G556 | BA6: Asset Mgt - WA | BB6: G664 | BC6: 3rd Party - WA | BD6: V320 | BE6: Asset Management | BF6: V425 | BG6: Asset Mgt - Other | BH6: V540 | BI6: Transmission Asset Management - WA
A7: APA Ledger | B7: JUL-22 | C7: 44776.748 | D7: APA WAYPHI Acc Capitalisation of WIP projects placed in service Spreadsheet A 2474179 35816956 | E7: APA WAYPHI Acc Capitalisation of WIP projects placed in service Accrual AUD | F7: Accrual | G7: Spreadsheet | H7: 3 | I7: Acc Capitalisation of PGP20.SIB.02 - PGP Verfictatio Proj 40820 | J7: 6019 | K7: PT PGP | L7: 000000 | M7: DEFAULT COST CENTRE | N7: 177700 | O7: CONSTRUCTION IN PROGRESS - NON PROJECT | P7: 0000 | Q7: DEFAULT ACTIVITY | R7: 0000 | S7: 6019.000000.177700.0000.0000 | T7: MA9999 | U7: Board & Mgmt - BSheet L10 | W7: P | Y7: 261556.16 | Z7: -261556.16 | AA7: AUD | AB7: -261556.16 | AC7: 0 | AI7: 0 | AK7: 0 | AN7: BLANK | AO7: BLANK | AY7: 2023 | AZ7: G523 | BA7: Parmelia System | BB7: G623 | BC7: Parmelia Gas Pipeline | BD7: V310 | BE7: Energy Infrastructure | BF7: V410 | BG7: West Coast | BH7: V523 | BI7: Parmelia System
A8: APA Ledger | B8: AUG-22 | C8: 44777.746 | D8: Reverses "APA WAYPHI Acc Capitalisation of WIP projects plac"04-AUG-22 16:48:44 - 35818349 | E8: Reverses "APA WAYPHI Acc Capitalisation of WIP projects placed in service Accrua" 32568193 | F8: Accrual | G8: Spreadsheet | H8: 3 | I8: Acc Capitalisation of PGP20.SIB.02 - PGP Verfictatio Proj 40820 | J8: 6019 | K8: PT PGP | L8: 000000 | M8: DEFAULT COST CENTRE | N8: 177700 | O8: CONSTRUCTION IN PROGRESS - NON PROJECT | P8: 0000 | Q8: DEFAULT ACTIVITY | R8: 0000 | S8: 6019.000000.177700.0000.0000 | T8: MA9999 | U8: Board & Mgmt - BSheet L10 | W8: P | X8: 261556.16 | Z8: 261556.16 | AA8: AUD | AB8: 261556.16 | AC8: 0 | AI8: 0 | AK8: 0 | AN8: BLANK | AO8: BLANK | AY8: 2023 | AZ8: G523 | BA8: Parmelia System | BB8: G623 | BC8: Parmelia Gas Pipeline | BD8: V310 | BE8: Energy Infrastructure | BF8: V410 | BG8: West Coast | BH8: V523 | BI8: Parmelia System
A9: Grand Total | X9: 566443.85 | Y9: 261556.16 | Z9: 304887.69 | AB9: 304887.69
B11: Ledger Name is equal to APA Ledger
A12: and | B12: Balancing Segment is equal to 6019 , 6022
A13: and | B13: Account is equal to 177700 | I13: Opening balance | Z13: -304887.69
A14: and | B14: CASE WHEN Status = 'P' THEN 'Y' ELSE 'N' END is equal to Y
A15: and | B15: Fiscal Year is equal to 2023 | I15: Reversals
I16: Acc Capitalisation of PGP20.SIB.02 - PGP Verfictatio Proj 40820 | Z16: =Z5 -> 261556.16
I17: Accrue capitalisation of balance of Thornlie Link project #39384 | Z17: =Z6 -> 43331.53
I18: Movement | Z18: =SUM(Z16:Z17) -> 304887.69
I20: Closing balance | Z20: =Z13+Z18 -> 0

Sheet H.5 FY23 CWIP 177100
A1: JUN-23
A2: PA24 Project CapWip Report
A3: 'Report Run for period JUN-23 and fiscal year 2023'
A4: Time run: 10/07/2023 9:18:58 AM
A5: Statutory Accounting position
A6: Project Number | B6: Project Name | C6: Entity Code | D6: Entity Name | E6: BSV Code | F6: BSV Name | G6: Project Type | H6: Project Organisation | I6: Project Manager | J6: Program Of Work | K6: Closed Date | L6: Intangible Asset Project | M6: Tax Repairs & Maintenance | N6: Tax Replacements | O6: Tax Relocation | P6: Tax Concessions | Q6: Status | R6: Last CIP Transfered Date | S6: Last Expenditure Item Date | T6: Commit Amount | U6: Total Current Budget | V6: Finance Manager | W6: Project Start Date | X6: Project Completion Date | Y6: Ageing - Last CIP Transfer | Z6: Ageing - Last Expenditure | AA6: Ageing - Project Start Date | AB6: Opening CapWip Balance | AC6: PTD Costs | AD6: YTD Costs | AE6: PTD Transfers to FAR | AF6: YTD Transfers to FAR | AG6: ITD Costs | AH6: ITD Transfers to FAR | AI6: Closing CapWip Balance | AJ6: Asset Class | AK6: Capitalised Maintenance
A7: 20084 | B7: AVT INSTR UPGRADE | C7: B036 | D7: APT Parmelia Trust | E7: 6019 | F7: PT PGP | G7: TRANSMISSION CAPEX | H7: PARMELIA - STRATEGY & COMMERCIAL | I7: GUTHRIE, Mr. WARREN | J7: SIB | K7: 41808.437 | Q7: CLOSED | R7: 40570.647 | S7: 40382 | T7: 0 | U7: 0 | V7: ELLERKER, Miss GENEVIEVE | W7: 40109 | X7: 44012 | Y7: >24 Months | Z7: >24 Months | AA7: >24 Months | AB7: 0 | AC7: 0 | AD7: 0 | AE7: 0 | AF7: 0 | AG7: 26475.02 | AH7: 26475.02 | AI7: 0
A8: 20085 | B8: KEWDALE BASE UPGRADE | C8: B036 | D8: APT Parmelia Trust | E8: 6019 | F8: PT PGP | G8: TRANSMISSION CAPEX | H8: PARMELIA - STRATEGY & COMMERCIAL | I8: GUTHRIE, Mr. WARREN | J8: SIB | K8: 41808.439 | Q8: CLOSED | R8: 40570.632 | S8: 40417 | T8: 0 | U8: 0 | V8: ELLERKER, Miss GENEVIEVE | W8: 40207 | X8: 44012 | Y8: >24 Months | Z8: >24 Months | AA8: >24 Months | AB8: 0 | AC8: 0 | AD8: 0 | AE8: 0 | AF8: 0 | AG8: 23081.13 | AH8: 23081.13 | AI8: 0
A9: 20086 | B9: PGP-SIB10-21 AMENITIES UPGRADE | C9: B036 | D9: APT Parmelia Trust | E9: 6019 | F9: PT PGP | G9: TRANSMISSION CAPEX | H9: PARMELIA - STRATEGY & COMMERCIAL | I9: GUTHRIE, Mr. WARREN | J9: SIB | K9: 41808.44 | Q9: CLOSED | R9: 40570.634 | S9: 40354 | T9: 0 | U9: 0 | V9: ELLERKER, Miss GENEVIEVE | W9: 39995 | X9: 40543 | Y9: >24 Months | Z9: >24 Months | AA9: >24 Months | AB9: 0 | AC9: 0 | AD9: 0 | AE9: 0 | AF9: 0 | AG9: 28860.36 | AH9: 28860.36 | AI9: 0
A10: 20087 | B10: PGP-SIB10-32 UPGRADE ANODE BED | C10: B036 | D10: APT Parmelia Trust | E10: 6019 | F10: PT PGP | G10: TRANSMISSION CAPEX | H10: PARMELIA - STRATEGY & COMMERCIAL | I10: GUTHRIE, Mr. WARREN | J10: SIB | K10: 41808.441 | Q10: CLOSED | R10: 40570.545 | S10: 40382 | T10: 0 | U10: 0 | V10: ELLERKER, Miss GENEVIEVE | W10: 39995 | X10: 40543 | Y10: >24 Months | Z10: >24 Months | AA10: >24 Months | AB10: 0 | AC10: 0 | AD10: 0 | AE10: 0 | AF10: 0 | AG10: 37481.52 | AH10: 37481.52 | AI10: 0
A11: 20093 | B11: PGP-SIB10-15 SECURITY FENCING | C11: B036 | D11: APT Parmelia Trust | E11: 6019 | F11: PT PGP | G11: TRANSMISSION CAPEX | H11: PARMELIA - STRATEGY & COMMERCIAL | I11: GUTHRIE, Mr. WARREN | J11: SIB | K11: 41808.441 | Q11: CLOSED | R11: 40570.597 | S11: 40354 | T11: 0 | U11: 0 | V11: ELLERKER, Miss GENEVIEVE | W11: 39995 | X11: 40543 | Y11: >24 Months | Z11: >24 Months | AA11: >24 Months | AB11: 0 | AC11: 0 | AD11: 0 | AE11: 0 | AF11: 0 | AG11: 18914.16 | AH11: 18914.16 | AI11: 0
A12: 20120 | B12: ECC REPLACEMENT FLOW METER | C12: B036 | D12: APT Parmelia Trust | E12: 6019 | F12: PT PGP | G12: TRANSMISSION CAPEX | H12: PARMELIA - STRATEGY & COMMERCIAL | I12: SULLIVAN, Mr. MICHAEL | J12: SIB | K12: 41107.767 | Q12: CLOSED | R12: 40840.534 | S12: 40596 | T12: 0 | U12: 0 | V12: ELLERKER, Miss GENEVIEVE | W12: 40053 | X12: 40694 | Y12: >24 Months | Z12: >24 Months | AA12: >24 Months | AB12: 0 | AC12: 0 | AD12: 0 | AE12: 0 | AF12: 0 | AG12: 68427.02 | AH12: 68427.02 | AI12: 0
A13: 20256 | B13: RUSSELL ROAD DELIVERY STATION | C13: B036 | D13: APT Parmelia Trust | E13: 6019 | F13: PT PGP | G13: TRANSMISSION CAPEX | H13: PARMELIA - STRATEGY & COMMERCIAL | I13: STURGEON, Mr. BARRIE | K13: 41703.685 | Q13: CLOSED | S13: 41698 | T13: 0 | U13: 0 | V13: ELLERKER, Miss GENEVIEVE | W13: 39535 | X13: 44012 | Y13: No Ageing | Z13: >24 Months | AA13: >24 Months | AB13: 0 | AC13: 0 | AD13: 0 | AE13: 0 | AF13: 0 | AG13: 0 | AH13: 0 | AI13: 0
A14: 20257 | B14: PGP-SIB10-10 ALCOA PINJARRA - | C14: B036 | D14: APT Parmelia Trust | E14: 6019 | F14: PT PGP | G14: TRANSMISSION CAPEX | H14: PARMELIA - STRATEGY & COMMERCIAL | I14: FINGERS, Mr. ALAN | K14: 42230.631 | Q14: CLOSED | T14: 0 | U14: 0 | V14: ELLERKER, Miss GENEVIEVE | W14: 39995 | X14: 40543 | Y14: No Ageing | Z14: No Ageing | AA14: >24 Months | AB14: 0 | AC14: 0 | AD14: 0 | AE14: 0 | AF14: 0 | AG14: 0 | AH14: 0 | AI14: 0
A15: 20258 | B15: PGP-SIB10-31CS2 STATION COMPOU | C15: B036 | D15: APT Parmelia Trust | E15: 6019 | F15: PT PGP | G15: TRANSMISSION CAPEX | H15: PARMELIA - STRATEGY & COMMERCIAL | I15: TUNBRIDGE, Mr. RODNEY ROD | J15: SIB | K15: 41808.444 | Q15: CLOSED | R15: 40603.436 | S15: 40599 | T15: 0 | U15: 0 | V15: ELLERKER, Miss GENEVIEVE | W15: 39995 | X15: 40633 | Y15: >24 Months | Z15: >24 Months | AA15: >24 Months | AB15: 0 | AC15: 0 | AD15: 0 | AE15: 0 | AF15: 0 | AG15: 19515.53 | AH15: 19515.53 | AI15: 0
A16: 20276 | B16: PGP-SIB11-26 PARMELIA PIPELINE | C16: B036 | D16: APT Parmelia Trust | E16: 6019 | F16: PT PGP | G16: TRANSMISSION CAPEX | H16: PARMELIA - STRATEGY & COMMERCIAL | I16: GUTHRIE, Mr. WARREN | J16: SIB | K16: 41186.663 | Q16: CLOSED | R16: 40840.401 | S16: 41152 | T16: 0 | U16: 0 | V16: ELLERKER, Miss GENEVIEVE | W16: 40391 | X16: 44012 | Y16: >24 Months | Z16: >24 Months | AA16: >24 Months | AB16: 0 | AC16: 0 | AD16: 0 | AE16: 0 | AF16: 0 | AG16: 103578.87 | AH16: 103578.87 | AI16: 0
A17: 20307 | B17: PGP-SIB11-13 DANIEL FC UPGRADE | C17: B036 | D17: APT Parmelia Trust | E17: 6019 | F17: PT PGP | G17: TRANSMISSION CAPEX | H17: PARMELIA - STRATEGY & COMMERCIAL | I17: PEREDI, Mr. STEPHEN | J17: SIB | K17: 41096.607 | Q17: CLOSED | R17: 40837.712 | S17: 41082 | T17: 0 | U17: 0 | V17: ELLERKER, Miss GENEVIEVE | W17: 40442 | X17: 44012 | Y17: >24 Months | Z17: >24 Months | AA17: >24 Months | AB17: 0 | AC17: 0 | AD17: 0 | AE17: 0 | AF17: 0 | AG17: 68223.38 | AH17: 68223.38 | AI17: 0
A18: 20327 | B18: PGP PAR-SIB10-07 INSTRUMENT UP | C18: B036 | D18: APT Parmelia Trust | E18: 6019 | F18: PT PGP | G18: TRANSMISSION CAPEX | H18: PARMELIA - STRATEGY & COMMERCIAL | I18: GUTHRIE, Mr. WARREN | J18: SIB | K18: 41808.444 | Q18: CLOSED | R18: 40570.643 | S18: 40354 | T18: 0 | U18: 0 | V18: ELLERKER, Miss GENEVIEVE | W18: 40109 | X18: 44012 | Y18: >24 Months | Z18: >24 Months | AA18: >24 Months | AB18: 0 | AC18: 0 | AD18: 0 | AE18: 0 | AF18: 0 | AG18: 37780.77 | AH18: 37780.77 | AI18: 0
A19: 20344 | B19: PGP-SIB10-16 PARMELIA - AMENIT | C19: B036 | D19: APT Parmelia Trust | E19: 6019 | F19: PT PGP | G19: TRANSMISSION CAPEX | H19: PARMELIA - STRATEGY & COMMERCIAL | I19: MELSOM, Mr. JEFFREY JEFF | J19: SIB | K19: 41808.445 | Q19: CLOSED | R19: 40570.552 | S19: 40354 | T19: 0 | U19: 0 | V19: ELLERKER, Miss GENEVIEVE | W19: 39995 | X19: 40543 | Y19: >24 Months | Z19: >24 Months | AA19: >24 Months | AB19: 0 | AC19: 0 | AD19: 0 | AE19: 0 | AF19: 0 | AG19: 21546.01 | AH19: 21546.01 | AI19: 0
A20: 20416 | B20: PGP-SIB10-04 DANIEL FLOW COMPU | C20: B036 | D20: APT Parmelia Trust | E20: 6019 | F20: PT PGP | G20: TRANSMISSION CAPEX | H20: PARMELIA - STRATEGY & COMMERCIAL | I20: DOWLE, Mr. SAMUEL SAM | J20: SIB | K20: 41808.446 | Q20: CLOSED | R20: 40570.62 | S20: 40690 | T20: 0 | U20: 0 | V20: ELLERKER, Miss GENEVIEVE | W20: 40235 | X20: 44012 | Y20: >24 Months | Z20: >24 Months | AA20: >24 Months | AB20: 0 | AC20: 0 | AD20: 0 | AE20: 0 | AF20: 0 | AG20: 80940.82 | AH20: 80940.82 | AI20: 0
A21: 20432 | B21: PGP-SIB11-18 ILI 6200 (MAIN LI | C21: B036 | D21: APT Parmelia Trust | E21: 6019 | F21: PT PGP | G21: TRANSMISSION CAPEX | H21: PARMELIA - STRATEGY & COMMERCIAL | I21: GUTHRIE, Mr. WARREN | J21: INTELLIGENT PIGGING | K21: 41141.62 | Q21: CLOSED | R21: 41089.676 | S21: 41123 | T21: 0 | U21: 0 | V21: ELLERKER, Miss GENEVIEVE | W21: 40459 | X21: 44012 | Y21: >24 Months | Z21: >24 Months | AA21: >24 Months | AB21: 0 | AC21: 0 | AD21: 0 | AE21: 0 | AF21: 0 | AG21: 431118.83 | AH21: 431118.83 | AI21: 0
A22: 20436 | B22: PGP-SIB11-29 MISC CAP | C22: B036 | D22: APT Parmelia Trust | E22: 6019 | F22: PT PGP | G22: TRANSMISSION CAPEX | H22: PARMELIA - STRATEGY & COMMERCIAL | I22: GUTHRIE, Mr. WARREN | J22: SIB | K22: 41141.514 | Q22: CLOSED | R22: 40841.521 | S22: 41089 | T22: 0 | U22: 0 | V22: ELLERKER, Miss GENEVIEVE | W22: 40442 | X22: 44012 | Y22: >24 Months | Z22: >24 Months | AA22: >24 Months | AB22: 0 | AC22: 0 | AD22: 0 | AE22: 0 | AF22: 0 | AG22: 27425.7 | AH22: 27425.7 | AI22: 0
A23: 20464 | B23: MLV REFURB | C23: B036 | D23: APT Parmelia Trust | E23: 6019 | F23: PT PGP | G23: TRANSMISSION CAPEX | H23: PARMELIA - STRATEGY & COMMERCIAL | I23: GUTHRIE, Mr. WARREN | J23: SIB | K23: 41808.447 | Q23: CLOSED | R23: 40602.72 | S23: 40417 | T23: 0 | U23: 0 | V23: ELLERKER, Miss GENEVIEVE | W23: 39995 | X23: 40543 | Y23: >24 Months | Z23: >24 Months | AA23: >24 Months | AB23: 0 | AC23: 0 | AD23: 0 | AE23: 0 | AF23: 0 | AG23: 9084.7 | AH23: 9084.7 | AI23: 0
A24: 20465 | B24: PGP-SIB10-08 PSV REPLACMENT | C24: B036 | D24: APT Parmelia Trust | E24: 6019 | F24: PT PGP | G24: TRANSMISSION CAPEX | H24: PARMELIA - STRATEGY & COMMERCIAL | I24: WYLIE, Mr. CLAYTON | J24: SIB | K24: 41808.447 | Q24: CLOSED | R24: 40570.479 | S24: 40382 | T24: 0 | U24: 0 | V24: ELLERKER, Miss GENEVIEVE | W24: 39995 | X24: 40543 | Y24: >24 Months | Z24: >24 Months | AA24: >24 Months | AB24: 0 | AC24: 0 | AD24: 0 | AE24: 0 | AF24: 0 | AG24: 39905 | AH24: 39905 | AI24: 0
A25: 20578 | B25: PGP-SIB10-13NORTH METRO CONCRE | C25: B036 | D25: APT Parmelia Trust | E25: 6019 | F25: PT PGP | G25: TRANSMISSION CAPEX | H25: PARMELIA - STRATEGY & COMMERCIAL | I25: GUTHRIE, Mr. WARREN | J25: SIB | K25: 41808.448 | Q25: CLOSED | R25: 40570.612 | S25: 40508 | T25: 0 | U25: 0 | V25: ELLERKER, Miss GENEVIEVE | W25: 39995 | X25: 40543 | Y25: >24 Months | Z25: >24 Months | AA25: >24 Months | AB25: 0 | AC25: 0 | AD25: 0 | AE25: 0 | AF25: 0 | AG25: 21545.78 | AH25: 21545.78 | AI25: 0
A26: 20607 | B26: PGP-SIB10-17 UPGRADE THE STATI | C26: B036 | D26: APT Parmelia Trust | E26: 6019 | F26: PT PGP | G26: TRANSMISSION CAPEX | H26: PARMELIA - STRATEGY & COMMERCIAL | I26: LEESON, Mr. PETER | J26: SIB | K26: 41808.449 | Q26: CLOSED | R26: 40570.589 | S26: 40354 | T26: 0 | U26: 0 | V26: ELLERKER, Miss GENEVIEVE | W26: 39995 | X26: 40543 | Y26: >24 Months | Z26: >24 Months | AA26: >24 Months | AB26: 0 | AC26: 0 | AD26: 0 | AE26: 0 | AF26: 0 | AG26: 23581.14 | AH26: 23581.14 | AI26: 0
A27: 20734 | B27: PGP-SIB10-06 ECC - ODORANT SYS | C27: B036 | D27: APT Parmelia Trust | E27: 6019 | F27: PT PGP | G27: TRANSMISSION CAPEX | H27: PARMELIA - STRATEGY & COMMERCIAL | I27: GUTHRIE, Mr. WARREN | J27: SIB | K27: 41141.563 | Q27: CLOSED | R27: 40570.555 | S27: 41082 | T27: 0 | U27: 0 | V27: ELLERKER, Miss GENEVIEVE | W27: 40326 | X27: 44012 | Y27: >24 Months | Z27: >24 Months | AA27: >24 Months | AB27: 0 | AC27: 0 | AD27: 0 | AE27: 0 | AF27: 0 | AG27: 47543.29 | AH27: 47543.29 | AI27: 0
A28: 20762 | B28: PGP EXPANSION PROJECT | C28: B036 | D28: APT Parmelia Trust | E28: 6019 | F28: PT PGP | G28: TRANSMISSION CAPEX | H28: PARMELIA - STRATEGY & COMMERCIAL | I28: TRISTON, Mr. BRADLEY | K28: 42123 | Q28: CLOSED | T28: 0 | U28: 30000000 | V28: ELLERKER, Miss GENEVIEVE | W28: 40360 | X28: 44012 | Y28: No Ageing | Z28: No Ageing | AA28: >24 Months | AB28: 0 | AC28: 0 | AD28: 0 | AE28: 0 | AF28: 0 | AG28: 0 | AH28: 0 | AI28: 0
A29: 20813 | B29: PAR-C09-16 INSTRUMENT UPGRADE | C29: B036 | D29: APT Parmelia Trust | E29: 6019 | F29: PT PGP | G29: TRANSMISSION CAPEX | H29: PARMELIA - STRATEGY & COMMERCIAL | I29: MILLEVOY, Mr. MARK | J29: SIB | K29: 41808.449 | Q29: CLOSED | R29: 40570.686 | S29: 40235 | T29: 0 | U29: 0 | V29: ELLERKER, Miss GENEVIEVE | W29: 39780 | X29: 44012 | Y29: >24 Months | Z29: >24 Months | AA29: >24 Months | AB29: 0 | AC29: 0 | AD29: 0 | AE29: 0 | AF29: 0 | AG29: 65727.51 | AH29: 65727.51 | AI29: 0
A30: 20895 | B30: PGP-SIB10-25 MISC CAPITAL | C30: B036 | D30: APT Parmelia Trust | E30: 6019 | F30: PT PGP | G30: TRANSMISSION CAPEX | H30: PARMELIA - STRATEGY & COMMERCIAL | I30: GUTHRIE, Mr. WARREN | J30: SIB | K30: 41808.451 | Q30: CLOSED | R30: 40570.656 | S30: 40445 | T30: 0 | U30: 0 | V30: ELLERKER, Miss GENEVIEVE | W30: 39995 | X30: 40543 | Y30: >24 Months | Z30: >24 Months | AA30: >24 Months | AB30: 0 | AC30: 0 | AD30: 0 | AE30: 0 | AF30: 0 | AG30: 39479.95 | AH30: 39479.95 | AI30: 0
A31: 20896 | B31: PGP-SIB10-20 ARROWSMITH SEPERA | C31: B036 | D31: APT Parmelia Trust | E31: 6019 | F31: PT PGP | G31: TRANSMISSION CAPEX | H31: PARMELIA - STRATEGY & COMMERCIAL | I31: TUNBRIDGE, Mr. RODNEY ROD | J31: SIB | K31: 41808.451 | Q31: CLOSED | R31: 40570.616 | S31: 40354 | T31: 0 | U31: 0 | V31: ELLERKER, Miss GENEVIEVE | W31: 39995 | X31: 40543 | Y31: >24 Months | Z31: >24 Months | AA31: >24 Months | AB31: 0 | AC31: 0 | AD31: 0 | AE31: 0 | AF31: 0 | AG31: 7317.88 | AH31: 7317.88 | AI31: 0
A32: 21047 | B32: SCHAEFFER UPGRADES | C32: B036 | D32: APT Parmelia Trust | E32: 6019 | F32: PT PGP | G32: TRANSMISSION CAPEX | H32: PARMELIA - STRATEGY & COMMERCIAL | I32: GUTHRIE, Mr. WARREN | J32: SIB | K32: 41808.454 | Q32: CLOSED | R32: 40570.637 | S32: 40382 | T32: 0 | U32: 0 | V32: ELLERKER, Miss GENEVIEVE | W32: 39995 | X32: 40543 | Y32: >24 Months | Z32: >24 Months | AA32: >24 Months | AB32: 0 | AC32: 0 | AD32: 0 | AE32: 0 | AF32: 0 | AG32: 87159.28 | AH32: 87159.28 | AI32: 0
A33: 21048 | B33: PGP-SIB10-01 CS1 / CS2 FIRE DE | C33: B036 | D33: APT Parmelia Trust | E33: 6019 | F33: PT PGP | G33: TRANSMISSION CAPEX | H33: PARMELIA - STRATEGY & COMMERCIAL | I33: SOVANN, Mr. SOMNANG | J33: SIB | K33: 41808.455 | Q33: CLOSED | R33: 40603.443 | S33: 40599 | T33: 0 | U33: 0 | V33: ELLERKER, Miss GENEVIEVE | W33: 39995 | X33: 40633 | Y33: >24 Months | Z33: >24 Months | AA33: >24 Months | AB33: 0 | AC33: 0 | AD33: 0 | AE33: 0 | AF33: 0 | AG33: 46810 | AH33: 46810 | AI33: 0
A34: 21069 | B34: PGP-SIB11-20 ILI 6200 LATERAL | C34: B036 | D34: APT Parmelia Trust | E34: 6019 | F34: PT PGP | G34: TRANSMISSION CAPEX | H34: PARMELIA - STRATEGY & COMMERCIAL | I34: MCFARLANE, Mr. JOHN | J34: INTELLIGENT PIGGING | K34: 41141.611 | Q34: CLOSED | R34: 41089.708 | S34: 41061 | T34: 0 | U34: 0 | V34: ELLERKER, Miss GENEVIEVE | W34: 40459 | X34: 44012 | Y34: >24 Months | Z34: >24 Months | AA34: >24 Months | AB34: 0 | AC34: 0 | AD34: 0 | AE34: 0 | AF34: 0 | AG34: 76189.52 | AH34: 76189.52 | AI34: 0
A35: 21098 | B35: PGP-SIB10-27 SCADA LOW SPEED | C35: B036 | D35: APT Parmelia Trust | E35: 6019 | F35: PT PGP | G35: TRANSMISSION CAPEX | H35: PARMELIA - STRATEGY & COMMERCIAL | I35: DOWLE, Mr. SAMUEL SAM | J35: SIB | K35: 41808.455 | Q35: CLOSED | R35: 40570.649 | S35: 40382 | T35: 0 | U35: 0 | V35: ELLERKER, Miss GENEVIEVE | W35: 39995 | X35: 40543 | Y35: >24 Months | Z35: >24 Months | AA35: >24 Months | AB35: 0 | AC35: 0 | AD35: 0 | AE35: 0 | AF35: 0 | AG35: 56804.52 | AH35: 56804.52 | AI35: 0
A36: 21125 | B36: PGP-SIB10-19 KNR AND CAVERSHAM | C36: B036 | D36: APT Parmelia Trust | E36: 6019 | F36: PT PGP | G36: TRANSMISSION CAPEX | H36: PARMELIA - STRATEGY & COMMERCIAL | I36: GUTHRIE, Mr. WARREN | J36: SIB | K36: 41808.456 | Q36: CLOSED | R36: 40570.583 | S36: 40326 | T36: 0 | U36: 0 | V36: ELLERKER, Miss GENEVIEVE | W36: 39995 | X36: 40543 | Y36: >24 Months | Z36: >24 Months | AA36: >24 Months | AB36: 0 | AC36: 0 | AD36: 0 | AE36: 0 | AF36: 0 | AG36: 19136.23 | AH36: 19136.23 | AI36: 0
A37: 21207 | B37: PARMELIA GAS PIPELINE CWIP | C37: B036 | D37: APT Parmelia Trust | E37: 6019 | F37: PT PGP | G37: TRANSMISSION CAPEX | H37: PARMELIA - STRATEGY & COMMERCIAL | I37: ELLERKER, Miss GENEVIEVE | J37: SIB | K37: 41460.474 | Q37: CLOSED | R37: 41453.575 | S37: 41117 | T37: 0 | U37: 2174000 | V37: ELLERKER, Miss GENEVIEVE | W37: 39255 | X37: 44012 | Y37: >24 Months | Z37: >24 Months | AA37: >24 Months | AB37: 0 | AC37: 0 | AD37: 0 | AE37: 0 | AF37: 0 | AG37: 1076292.5 | AH37: 1076292.5 | AI37: 0
A38: 21208 | B38: PGP-SIB10-12 PARMELIA EARTHING | C38: B036 | D38: APT Parmelia Trust | E38: 6019 | F38: PT PGP | G38: TRANSMISSION CAPEX | H38: PARMELIA - STRATEGY & COMMERCIAL | I38: GUTHRIE, Mr. WARREN | J38: SIB | K38: 41808.456 | Q38: CLOSED | R38: 40570.627 | S38: 40354 | T38: 0 | U38: 0 | V38: ELLERKER, Miss GENEVIEVE | W38: 39995 | X38: 40543 | Y38: >24 Months | Z38: >24 Months | AA38: >24 Months | AB38: 0 | AC38: 0 | AD38: 0 | AE38: 0 | AF38: 0 | AG38: 48216.8 | AH38: 48216.8 | AI38: 0
A39: 21222 | B39: PGP-SIB11-30 MOBILE AIR COMPRE | C39: B036 | D39: APT Parmelia Trust | E39: 6019 | F39: PT PGP | G39: TRANSMISSION CAPEX | H39: PARMELIA - STRATEGY & COMMERCIAL | I39: GUTHRIE, Mr. WARREN | J39: SIB | K39: 41808.457 | Q39: CLOSED | R39: 40694.404 | S39: 40578 | T39: 0 | U39: 0 | V39: ELLERKER, Miss GENEVIEVE | W39: 40442 | X39: 44012 | Y39: >24 Months | Z39: >24 Months | AA39: >24 Months | AB39: 0 | AC39: 0 | AD39: 0 | AE39: 0 | AF39: 0 | AG39: 35000 | AH39: 35000 | AI39: 0
A40: 21232 | B40: PGP-SIB10-26 SCADA - UPGRADE T | C40: B036 | D40: APT Parmelia Trust | E40: 6019 | F40: PT PGP | G40: TRANSMISSION CAPEX | H40: PARMELIA - STRATEGY & COMMERCIAL | I40: DOWLE, Mr. SAMUEL SAM | J40: SIB | K40: 41808.457 | Q40: CLOSED | R40: 40570.651 | S40: 40382 | T40: 0 | U40: 0 | V40: ELLERKER, Miss GENEVIEVE | W40: 39995 | X40: 40543 | Y40: >24 Months | Z40: >24 Months | AA40: >24 Months | AB40: 0 | AC40: 0 | AD40: 0 | AE40: 0 | AF40: 0 | AG40: 44869.37 | AH40: 44869.37 | AI40: 0
A41: 30250 | B41: ALCOA GAS LATERAL RELOC | C41: B036 | D41: APT Parmelia Trust | E41: 6019 | F41: PT PGP | G41: TRANSMISSION CAPEX | H41: PARMELIA - STRATEGY & COMMERCIAL | I41: ELLERKER, Miss GENEVIEVE | K41: 42885 | O41: Yes | Q41: CLOSED | R41: 42852.406 | S41: 42846 | T41: 0 | U41: 4260000 | V41: ELLERKER, Miss GENEVIEVE | W41: 40513 | X41: 42846 | Y41: >24 Months | Z41: >24 Months | AA41: >24 Months | AB41: 0 | AC41: 0 | AD41: 0 | AE41: 0 | AF41: 0 | AG41: 4259351.4 | AH41: 4259351.4 | AI41: 0
A42: 30419 | B42: PGP HAZ AREA ELEC EQUIP RECT | C42: B036 | D42: APT Parmelia Trust | E42: 6019 | F42: PT PGP | G42: TRANSMISSION CAPEX | H42: PARMELIA - STRATEGY & COMMERCIAL | I42: MILLEVOY, Mr. MARK | J42: SIB | K42: 41141.554 | Q42: CLOSED | R42: 40840.531 | S42: 40900 | T42: 0 | U42: 55134 | V42: ELLERKER, Miss GENEVIEVE | W42: 40575 | X42: 40999 | Y42: >24 Months | Z42: >24 Months | AA42: >24 Months | AB42: 0 | AC42: 0 | AD42: 0 | AE42: 0 | AF42: 0 | AG42: 49584.45 | AH42: 49584.45 | AI42: 0
A43: 30420 | B43: PGP SHUT DOWN VALVE KWINANA | C43: B036 | D43: APT Parmelia Trust | E43: 6019 | F43: PT PGP | G43: TRANSMISSION CAPEX | H43: PARMELIA - STRATEGY & COMMERCIAL | I43: MILLEVOY, Mr. MARK | J43: SIB | K43: 41808.46 | Q43: CLOSED | R43: 40840.507 | S43: 40723 | T43: 0 | U43: 38223 | V43: ELLERKER, Miss GENEVIEVE | W43: 40575 | X43: 41090 | Y43: >24 Months | Z43: >24 Months | AA43: >24 Months | AB43: 0 | AC43: 0 | AD43: 0 | AE43: 0 | AF43: 0 | AG43: 38093.61 | AH43: 38093.61 | AI43: 0
A44: 30421 | B44: VACUUM POTHOLE UNIT | C44: B036 | D44: APT Parmelia Trust | E44: 6019 | F44: PT PGP | G44: TRANSMISSION CAPEX | H44: PARMELIA - STRATEGY & COMMERCIAL | I44: TAYLOR, Mr. RICHARD | K44: 40841 | Q44: CLOSED | R44: 40840.523 | S44: 40744 | T44: 0 | U44: 25000 | V44: ELLERKER, Miss GENEVIEVE | W44: 40575 | X44: 41333 | Y44: >24 Months | Z44: >24 Months | AA44: >24 Months | AB44: 0 | AC44: 0 | AD44: 0 | AE44: 0 | AF44: 0 | AG44: 17859.63 | AH44: 17859.63 | AI44: 0
A45: 30422 | B45: PGP ****DO NOT USE**** | C45: B036 | D45: APT Parmelia Trust | E45: 6019 | F45: PT PGP | G45: TRANSMISSION CAPEX | H45: PARMELIA - STRATEGY & COMMERCIAL | I45: FINGERS, Mr. ALAN | Q45: UNAPPROVED | T45: 0 | U45: 0 | V45: ELLERKER, Miss GENEVIEVE | W45: 40575 | X45: 41333 | Y45: No Ageing | Z45: No Ageing | AA45: >24 Months | AB45: 0 | AC45: 0 | AD45: 0 | AE45: 0 | AF45: 0 | AG45: 0 | AH45: 0 | AI45: 0
A46: 30423 | B46: PGP CS3 SUBMERSIBLE PUMP | C46: B036 | D46: APT Parmelia Trust | E46: 6019 | F46: PT PGP | G46: TRANSMISSION CAPEX | H46: PARMELIA - STRATEGY & COMMERCIAL | I46: YELVERTON, Mr. ANTHONY TONY | J46: SIB | K46: 41808.461 | Q46: CLOSED | R46: 40840.493 | S46: 40690 | T46: 0 | U46: 5000 | V46: ELLERKER, Miss GENEVIEVE | W46: 40575 | X46: 41698 | Y46: >24 Months | Z46: >24 Months | AA46: >24 Months | AB46: 0 | AC46: 0 | AD46: 0 | AE46: 0 | AF46: 0 | AG46: 3229.63 | AH46: 3229.63 | AI46: 0
A47: 30455 | B47: PGP DESIGN LIFE REVIEW | C47: B036 | D47: APT Parmelia Trust | E47: 6019 | F47: PT PGP | G47: TRANSMISSION CAPEX | H47: PARMELIA - STRATEGY & COMMERCIAL | I47: THOMPSON, Mr. STUART | J47: SIB | K47: 41460.472 | Q47: CLOSED | R47: 41453.581 | S47: 41453 | T47: 0 | U47: 0 | V47: ELLERKER, Miss GENEVIEVE | W47: 40575 | X47: 41698 | Y47: >24 Months | Z47: >24 Months | AA47: >24 Months | AB47: 0 | AC47: 0 | AD47: 0 | AE47: 0 | AF47: 0 | AG47: 400089.87 | AH47: 400089.87 | AI47: 0
A48: 30463 | B48: PGP FAC INSTRUMENT UPGRADE | C48: B036 | D48: APT Parmelia Trust | E48: 6019 | F48: PT PGP | G48: TRANSMISSION CAPEX | H48: PARMELIA - STRATEGY & COMMERCIAL | I48: MILLEVOY, Mr. MARK | J48: SIB | K48: 42300.654 | Q48: CLOSED | R48: 40840.504 | S48: 42272 | T48: 0 | U48: 50000 | V48: ELLERKER, Miss GENEVIEVE | W48: 40575 | X48: 42277 | Y48: >24 Months | Z48: >24 Months | AA48: >24 Months | AB48: 0 | AC48: 0 | AD48: 0 | AE48: 0 | AF48: 0 | AG48: 63884.2 | AH48: 63884.2 | AI48: 0
A49: 30464 | B49: PGP VENT STACKS SCRAPER BARREL | C49: B036 | D49: APT Parmelia Trust | E49: 6019 | F49: PT PGP | G49: TRANSMISSION CAPEX | H49: PARMELIA - STRATEGY & COMMERCIAL | I49: SEITZ, Mr. MARKUS | J49: SIB | K49: 41808.461 | Q49: CLOSED | R49: 40840.489 | S49: 40627 | T49: 0 | U49: 11800 | V49: ELLERKER, Miss GENEVIEVE | W49: 40575 | X49: 40968 | Y49: >24 Months | Z49: >24 Months | AA49: >24 Months | AB49: 0 | AC49: 0 | AD49: 0 | AE49: 0 | AF49: 0 | AG49: 4830.47 | AH49: 4830.47 | AI49: 0
A50: 30509 | B50: PGP MBW STATION UPGRADE | C50: B036 | D50: APT Parmelia Trust | E50: 6019 | F50: PT PGP | G50: TRANSMISSION CAPEX | H50: PARMELIA - STRATEGY & COMMERCIAL | I50: GUTHRIE, Mr. WARREN | J50: SIB | K50: 41124.652 | Q50: CLOSED | R50: 40840.515 | S50: 40793 | T50: 0 | U50: 66000 | V50: ELLERKER, Miss GENEVIEVE | W50: 40575 | X50: 41306 | Y50: >24 Months | Z50: >24 Months | AA50: >24 Months | AB50: 0 | AC50: 0 | AD50: 0 | AE50: 0 | AF50: 0 | AG50: 57308.9 | AH50: 57308.9 | AI50: 0
A51: 30510 | B51: PGP CS1 & CS2 PIPE SUPPORTS UP | C51: B036 | D51: APT Parmelia Trust | E51: 6019 | F51: PT PGP | G51: TRANSMISSION CAPEX | H51: PARMELIA - STRATEGY & COMMERCIAL | I51: GUTHRIE, Mr. WARREN | J51: SIB | K51: 41589.578 | Q51: CLOSED | R51: 40840.511 | S51: 40716 | T51: 0 | U51: 32600 | V51: ELLERKER, Miss GENEVIEVE | W51: 40575 | X51: 41306 | Y51: >24 Months | Z51: >24 Months | AA51: >24 Months | AB51: 0 | AC51: 0 | AD51: 0 | AE51: 0 | AF51: 0 | AG51: 29372.42 | AH51: 29372.42 | AI51: 0
A52: 30617 | B52: PGP CS1 LOADING VALVE INST | C52: B036 | D52: APT Parmelia Trust | E52: 6019 | F52: PT PGP | G52: TRANSMISSION CAPEX | H52: PARMELIA - STRATEGY & COMMERCIAL | I52: GUTHRIE, Mr. WARREN | J52: SIB | K52: 41124.654 | Q52: CLOSED | R52: 40840.485 | S52: 40849 | T52: 0 | U52: 59000 | V52: ELLERKER, Miss GENEVIEVE | W52: 40603 | X52: 40998 | Y52: >24 Months | Z52: >24 Months | AA52: >24 Months | AB52: 0 | AC52: 0 | AD52: 0 | AE52: 0 | AF52: 0 | AG52: 41993.6 | AH52: 41993.6 | AI52: 0
A53: 30653 | B53: PGP AJAX 10,000 HR OVERHAUL | C53: B036 | D53: APT Parmelia Trust | E53: 6019 | F53: PT PGP | G53: TRANSMISSION CAPEX | H53: PARMELIA - STRATEGY & COMMERCIAL | I53: GUTHRIE, Mr. WARREN | J53: SIB | K53: 41141.612 | Q53: CLOSED | R53: 41089.671 | S53: 40807 | T53: 0 | U53: 36000 | V53: ELLERKER, Miss GENEVIEVE | W53: 40634 | X53: 41394 | Y53: >24 Months | Z53: >24 Months | AA53: >24 Months | AB53: 0 | AC53: 0 | AD53: 0 | AE53: 0 | AF53: 0 | AG53: 10187.64 | AH53: 10187.64 | AI53: 0
A54: 31025 | B54: PGP:SIB12-3_PGP ILI Phase 3 | C54: B036 | D54: APT Parmelia Trust | E54: 6019 | F54: PT PGP | G54: TRANSMISSION CAPEX | H54: PARMELIA - STRATEGY & COMMERCIAL | I54: MCFARLANE, Mr. JOHN | J54: INTELLIGENT PIGGING | K54: 41394 | Q54: CLOSED | R54: 41394.401 | S54: 41261 | T54: 0 | U54: 455000 | V54: ELLERKER, Miss GENEVIEVE | W54: 40725 | X54: 45838 | Y54: >24 Months | Z54: >24 Months | AA54: >24 Months | AB54: 0 | AC54: 0 | AD54: 0 | AE54: 0 | AF54: 0 | AG54: 1041672.9 | AH54: 1041672.9 | AI54: 0
A55: 31026 | B55: PGP:SIB12-14_PGP-CP Upgrades | C55: B036 | D55: APT Parmelia Trust | E55: 6019 | F55: PT PGP | G55: TRANSMISSION CAPEX | H55: PARMELIA - STRATEGY & COMMERCIAL | I55: BOOL, Mr. WILLIAM | J55: CP UPGRADE | K55: 41460.473 | Q55: CLOSED | R55: 41453.583 | S55: 41383 | T55: 0 | U55: 230000 | V55: ELLERKER, Miss GENEVIEVE | W55: 40725 | X55: 45838 | Y55: >24 Months | Z55: >24 Months | AA55: >24 Months | AB55: 0 | AC55: 0 | AD55: 0 | AE55: 0 | AF55: 0 | AG55: 99028.78 | AH55: 99028.78 | AI55: 0
A56: 31065 | B56: PGP:SIB12-36_Rocla Flow Comput | C56: B036 | D56: APT Parmelia Trust | E56: 6019 | F56: PT PGP | G56: TRANSMISSION CAPEX | H56: PARMELIA - STRATEGY & COMMERCIAL | I56: MILLEVOY, Mr. MARK | J56: SIB | K56: 41297 | Q56: CLOSED | R56: 41297.52 | S56: 41110 | T56: 0 | U56: 44150 | V56: ELLERKER, Miss GENEVIEVE | W56: 40695 | X56: 45838 | Y56: >24 Months | Z56: >24 Months | AA56: >24 Months | AB56: 0 | AC56: 0 | AD56: 0 | AE56: 0 | AF56: 0 | AG56: 41877.29 | AH56: 41877.29 | AI56: 0
A57: 31066 | B57: PGP:SIB12-37_Tip Top Flow Comp | C57: B036 | D57: APT Parmelia Trust | E57: 6019 | F57: PT PGP | G57: TRANSMISSION CAPEX | H57: PARMELIA - STRATEGY & COMMERCIAL | I57: MILLEVOY, Mr. MARK | J57: SIB | K57: 41297 | Q57: CLOSED | R57: 41297.522 | S57: 41143 | T57: 0 | U57: 41650 | V57: ELLERKER, Miss GENEVIEVE | W57: 40725 | X57: 45833 | Y57: >24 Months | Z57: >24 Months | AA57: >24 Months | AB57: 0 | AC57: 0 | AD57: 0 | AE57: 0 | AF57: 0 | AG57: 39316.24 | AH57: 39316.24 | AI57: 0
A58: 31087 | B58: PGP:SIB12-18_Misc. Capex | C58: B036 | D58: APT Parmelia Trust | E58: 6019 | F58: PT PGP | G58: TRANSMISSION CAPEX | H58: PGP - ASSET ENGINEERING | I58: GUTHRIE, Mr. WARREN | J58: SIB | K58: 41451 | Q58: CLOSED | R58: 41451.582 | S58: 41453 | T58: 0 | U58: 35000 | V58: ELLERKER, Miss GENEVIEVE | W58: 40725 | X58: 45838 | Y58: >24 Months | Z58: >24 Months | AA58: >24 Months | AB58: 0 | AC58: 0 | AD58: 0 | AE58: 0 | AF58: 0 | AG58: 41195.51 | AH58: 41195.51 | AI58: 0
A59: 31119 | B59: FY12 Bdgt Only: PGP:SIB12-24 | C59: B036 | D59: APT Parmelia Trust | E59: 6019 | F59: PT PGP | G59: TRANSMISSION CAPEX | H59: PARMELIA - STRATEGY & COMMERCIAL | I59: WONG, Ms. SEEK TENG ERIKA | J59: SIB | K59: 41102.493 | Q59: CLOSED | T59: 0 | U59: 343263 | V59: ELLERKER, Miss GENEVIEVE | W59: 40725 | X59: 41090 | Y59: No Ageing | Z59: No Ageing | AA59: >24 Months | AB59: 0 | AC59: 0 | AD59: 0 | AE59: 0 | AF59: 0 | AG59: 0 | AH59: 0 | AI59: 0
A60: 31120 | B60: FY12 Bdgt Only: PGP:SIB12-13 | C60: B036 | D60: APT Parmelia Trust | E60: 6019 | F60: PT PGP | G60: TRANSMISSION CAPEX | H60: PARMELIA - STRATEGY & COMMERCIAL | I60: WONG, Ms. SEEK TENG ERIKA | J60: SIB | K60: 40842.625 | Q60: CLOSED | T60: 0 | U60: 200000 | V60: ELLERKER, Miss GENEVIEVE | W60: 40725 | X60: 41090 | Y60: No Ageing | Z60: No Ageing | AA60: >24 Months | AB60: 0 | AC60: 0 | AD60: 0 | AE60: 0 | AF60: 0 | AG60: 0 | AH60: 0 | AI60: 0
A61: 31121 | B61: FY12 Bdgt Only: PGP:SIB12-19 | C61: B036 | D61: APT Parmelia Trust | E61: 6019 | F61: PT PGP | G61: TRANSMISSION CAPEX | H61: PARMELIA - STRATEGY & COMMERCIAL | I61: WONG, Ms. SEEK TENG ERIKA | J61: SIB | K61: 41703.686 | Q61: CLOSED | S61: 41698 | T61: 0 | U61: 75000 | V61: ELLERKER, Miss GENEVIEVE | W61: 40725 | X61: 41820 | Y61: No Ageing | Z61: >24 Months | AA61: >24 Months | AB61: 0 | AC61: 0 | AD61: 0 | AE61: 0 | AF61: 0 | AG61: 0 | AH61: 0 | AI61: 0
A62: 31122 | B62: FY12 Bdgt Only: PGP:SIB12-21 | C62: B036 | D62: APT Parmelia Trust | E62: 6019 | F62: PT PGP | G62: TRANSMISSION CAPEX | H62: PARMELIA - STRATEGY & COMMERCIAL | I62: WONG, Ms. SEEK TENG ERIKA | J62: SIB | K62: 41102.494 | Q62: CLOSED | T62: 0 | U62: 25000 | V62: ELLERKER, Miss GENEVIEVE | W62: 40725 | X62: 41090 | Y62: No Ageing | Z62: No Ageing | AA62: >24 Months | AB62: 0 | AC62: 0 | AD62: 0 | AE62: 0 | AF62: 0 | AG62: 0 | AH62: 0 | AI62: 0
A63: 31123 | B63: FY12 Bdgt Only: PGP:SIB12-22 | C63: B036 | D63: APT Parmelia Trust | E63: 6019 | F63: PT PGP | G63: TRANSMISSION CAPEX | H63: PARMELIA - STRATEGY & COMMERCIAL | I63: WONG, Ms. SEEK TENG ERIKA | J63: SIB | K63: 41102.495 | Q63: CLOSED | T63: 0 | U63: 25000 | V63: ELLERKER, Miss GENEVIEVE | W63: 40725 | X63: 41090 | Y63: No Ageing | Z63: No Ageing | AA63: >24 Months | AB63: 0 | AC63: 0 | AD63: 0 | AE63: 0 | AF63: 0 | AG63: 0 | AH63: 0 | AI63: 0
A64: 31124 | B64: FY12 Bgt Only: PGP:SIB12-32 | C64: B036 | D64: APT Parmelia Trust | E64: 6019 | F64: PT PGP | G64: TRANSMISSION CAPEX | H64: PARMELIA - STRATEGY & COMMERCIAL | I64: WONG, Ms. SEEK TENG ERIKA | J64: SIB | K64: 40868.402 | Q64: CLOSED | T64: 0 | U64: 55000 | V64: ELLERKER, Miss GENEVIEVE | W64: 40725 | X64: 41090 | Y64: No Ageing | Z64: No Ageing | AA64: >24 Months | AB64: 0 | AC64: 0 | AD64: 0 | AE64: 0 | AF64: 0 | AG64: 0 | AH64: 0 | AI64: 0
A65: 31125 | B65: FY12 Bdgt Only: PGP:SIB12-34 | C65: B036 | D65: APT Parmelia Trust | E65: 6019 | F65: PT PGP | G65: TRANSMISSION CAPEX | H65: PARMELIA - STRATEGY & COMMERCIAL | I65: WONG, Ms. SEEK TENG ERIKA | J65: SIB | K65: 40819.655 | Q65: CLOSED | T65: 0 | U65: 100000 | V65: ELLERKER, Miss GENEVIEVE | W65: 40725 | X65: 41090 | Y65: No Ageing | Z65: No Ageing | AA65: >24 Months | AB65: 0 | AC65: 0 | AD65: 0 | AE65: 0 | AF65: 0 | AG65: 0 | AH65: 0 | AI65: 0
A66: 31217 | B66: PGP:SIB12-34_Ajax Compressor | C66: B036 | D66: APT Parmelia Trust | E66: 6019 | F66: PT PGP | G66: TRANSMISSION CAPEX | H66: PARMELIA - STRATEGY & COMMERCIAL | I66: GUTHRIE, Mr. WARREN | J66: SIB | K66: 41394 | Q66: CLOSED | R66: 41394.419 | S66: 41037 | T66: 0 | U66: 100000 | V66: ELLERKER, Miss GENEVIEVE | W66: 40817 | X66: 45838 | Y66: >24 Months | Z66: >24 Months | AA66: >24 Months | AB66: 0 | AC66: 0 | AD66: 0 | AE66: 0 | AF66: 0 | AG66: 88923.06 | AH66: 88923.06 | AI66: 0
A67: 31240 | B67: PGP:SIB12-35_Relct PBCC To ADL | C67: B036 | D67: APT Parmelia Trust | E67: 6019 | F67: PT PGP | G67: TRANSMISSION CAPEX | H67: PARMELIA - STRATEGY & COMMERCIAL | I67: KONG, Mr. RUI RICHARD | J67: SIB | K67: 41394 | Q67: CLOSED | R67: 41394.444 | S67: 41143 | T67: 0 | U67: 22937 | V67: ELLERKER, Miss GENEVIEVE | W67: 40817 | X67: 45838 | Y67: >24 Months | Z67: >24 Months | AA67: >24 Months | AB67: 0 | AC67: 0 | AD67: 0 | AE67: 0 | AF67: 0 | AG67: 13583.75 | AH67: 13583.75 | AI67: 0
A68: 31299 | B68: PGP:SIB12-38_Relct SCADA Adela | C68: B036 | D68: APT Parmelia Trust | E68: 6019 | F68: PT PGP | G68: TRANSMISSION CAPEX | H68: PARMELIA - STRATEGY & COMMERCIAL | I68: KONG, Mr. RUI RICHARD | J68: SIB | K68: 42885 | O68: Yes | Q68: CLOSED | R68: 42852.411 | S68: 42846 | T68: 0 | U68: 32825 | V68: ELLERKER, Miss GENEVIEVE | W68: 40848 | X68: 42846 | Y68: >24 Months | Z68: >24 Months | AA68: >24 Months | AB68: 0 | AC68: 0 | AD68: 0 | AE68: 0 | AF68: 0 | AG68: 39433.27 | AH68: 39433.27 | AI68: 0
A69: 31328 | B69: PGP:SIB:12-32_CS1 & CS2 HA Rec | C69: B036 | D69: APT Parmelia Trust | E69: 6019 | F69: PT PGP | G69: TRANSMISSION CAPEX | H69: PARMELIA - STRATEGY & COMMERCIAL | I69: MILLEVOY, Mr. MARK | J69: SIB | K69: 42286.552 | Q69: CLOSED | R69: 41453.586 | S69: 42272 | T69: 100 | U69: 55000 | V69: ELLERKER, Miss GENEVIEVE | W69: 40725 | X69: 42277 | Y69: >24 Months | Z69: >24 Months | AA69: >24 Months | AB69: 0 | AC69: 0 | AD69: 0 | AE69: 0 | AF69: 0 | AG69: 58950.19 | AH69: 58950.19 | AI69: 0
A70: 31647 | B70: PGP:SIB_WA PGP SCADA Syst Upgr | C70: B036 | D70: APT Parmelia Trust | E70: 6019 | F70: PT PGP | G70: TRANSMISSION CAPEX | H70: PARMELIA - STRATEGY & COMMERCIAL | I70: KONG, Mr. RUI RICHARD | J70: SIB | K70: 42174.526 | Q70: CLOSED | R70: 41453.588 | S70: 42153 | T70: 0 | U70: 607500 | V70: ELLERKER, Miss GENEVIEVE | W70: 40940 | X70: 42185 | Y70: >24 Months | Z70: >24 Months | AA70: >24 Months | AB70: 0 | AC70: 0 | AD70: 0 | AE70: 0 | AF70: 0 | AG70: 503442.84 | AH70: 503442.84 | AI70: 0
A71: 31697 | B71: PGP:SIB:12-19_ECC Flow Compute | C71: B036 | D71: APT Parmelia Trust | E71: 6019 | F71: PT PGP | G71: TRANSMISSION CAPEX | H71: PARMELIA - STRATEGY & COMMERCIAL | I71: MILLEVOY, Mr. MARK | J71: SIB | K71: 41297 | Q71: CLOSED | R71: 41297.524 | S71: 41095 | T71: 0 | U71: 75000 | V71: ELLERKER, Miss GENEVIEVE | W71: 40940 | X71: 41121 | Y71: >24 Months | Z71: >24 Months | AA71: >24 Months | AB71: 0 | AC71: 0 | AD71: 0 | AE71: 0 | AF71: 0 | AG71: 75627.81 | AH71: 75627.81 | AI71: 0
A72: 31766 | B72: PGP:SIB:12-21&22_PSV Upgrades | C72: B036 | D72: APT Parmelia Trust | E72: 6019 | F72: PT PGP | G72: TRANSMISSION CAPEX | H72: PARMELIA - STRATEGY & COMMERCIAL | I72: GUTHRIE, Mr. WARREN | J72: SIB | K72: 41394 | Q72: CLOSED | R72: 41394.449 | S72: 41151 | T72: 0 | U72: 50000 | V72: ELLERKER, Miss GENEVIEVE | W72: 40969 | X72: 41639 | Y72: >24 Months | Z72: >24 Months | AA72: >24 Months | AB72: 0 | AC72: 0 | AD72: 0 | AE72: 0 | AF72: 0 | AG72: 55452.32 | AH72: 55452.32 | AI72: 0
A73: 32146 | B73: PGP:SIB13-19_Misc. Capex | C73: B036 | D73: APT Parmelia Trust | E73: 6019 | F73: PT PGP | G73: TRANSMISSION CAPEX | H73: PARMELIA - STRATEGY & COMMERCIAL | I73: CHAPMAN, Mrs. LAUREN | J73: WA SMALL SIB PROJECTS | K73: 41598.543 | Q73: CLOSED | R73: 41585.404 | S73: 41572 | T73: 0 | U73: 50000 | V73: ELLERKER, Miss GENEVIEVE | W73: 41091 | X73: 41639 | Y73: >24 Months | Z73: >24 Months | AA73: >24 Months | AB73: 0 | AC73: 0 | AD73: 0 | AE73: 0 | AF73: 0 | AG73: 37893.78 | AH73: 37893.78 | AI73: 0
A74: 32199 | B74: PGP:SIB13-11_PGP Re-Lifing | C74: B036 | D74: APT Parmelia Trust | E74: 6019 | F74: PT PGP | G74: TRANSMISSION CAPEX | H74: PARMELIA - STRATEGY & COMMERCIAL | I74: THOMPSON, Mr. STUART | J74: SIB | K74: 41460.476 | Q74: CLOSED | R74: 41453.59 | S74: 41348 | T74: 0 | U74: 300000 | V74: ELLERKER, Miss GENEVIEVE | W74: 41091 | X74: 41455 | Y74: >24 Months | Z74: >24 Months | AA74: >24 Months | AB74: 0 | AC74: 0 | AD74: 0 | AE74: 0 | AF74: 0 | AG74: 307629.25 | AH74: 307629.25 | AI74: 0
A75: 32620 | B75: PGP:SIB13-13_HA Rectification | C75: B036 | D75: APT Parmelia Trust | E75: 6019 | F75: PT PGP | G75: TRANSMISSION CAPEX | H75: PGP - ASSET ENGINEERING | I75: MILLEVOY, Mr. MARK | J75: SIB | K75: 41512 | Q75: CLOSED | R75: 41512.529 | S75: 41450 | T75: 0 | U75: 59458.6 | V75: ELLERKER, Miss GENEVIEVE | W75: 41244 | X75: 41455 | Y75: >24 Months | Z75: >24 Months | AA75: >24 Months | AB75: 0 | AC75: 0 | AD75: 0 | AE75: 0 | AF75: 0 | AG75: 61359.13 | AH75: 61359.13 | AI75: 0
A76: 32673 | B76: PGP_Mundijong Road Realignment | C76: B036 | D76: APT Parmelia Trust | E76: 6022 | F76: PT THIRD PARTY | G76: TRANSMISSION CAPEX | H76: PGP - THIRD PARTY MAJOR PROJ - INFRASTRUCTURE CONSTRUCTION | I76: BHATIA, Mr. MUKESH | J76: THIRD PARTY SPECIAL PROJECTS | K76: 41603.706 | Q76: CLOSED | S76: 41572 | T76: 0 | U76: 3463171 | V76: BRASSER, Mr. ROGER | W76: 41262 | X76: 41639 | Y76: No Ageing | Z76: >24 Months | AA76: >24 Months | AB76: 0 | AC76: 0 | AD76: 0 | AE76: 0 | AF76: 0 | AG76: 0 | AH76: 0 | AI76: 0
A77: 32745 | B77: FY13 MUND RD RELOCATION | C77: B036 | D77: APT Parmelia Trust | E77: 6022 | F77: PT THIRD PARTY | G77: TRANSMISSION CAPEX | H77: PGP - THIRD PARTY MAJOR PROJ - INFRASTRUCTURE CONSTRUCTION | J77: THIRD PARTY SPECIAL PROJECTS | K77: 43749 | O77: Yes | Q77: CLOSED | R77: 42852.507 | S77: 43735 | T77: 0 | U77: 3463171.1 | V77: ELLERKER, Miss GENEVIEVE | W77: 41244 | X77: 43738 | Y77: >24 Months | Z77: >24 Months | AA77: >24 Months | AB77: 0 | AC77: 0 | AD77: 0 | AE77: 0 | AF77: 0 | AG77: 2400484.8 | AH77: 2400484.8 | AI77: 0
A78: 32856 | B78: PGP:SIB13_PAM CP Upgrades | C78: B036 | D78: APT Parmelia Trust | E78: 6019 | F78: PT PGP | G78: TRANSMISSION CAPEX | H78: PGP - ASSET ENGINEERING | I78: BOOL, Mr. WILLIAM | J78: WA SMALL SIB PROJECTS | K78: 41513.431 | Q78: CLOSED | R78: 41512.533 | S78: 41481 | T78: 0 | U78: 119650 | V78: ELLERKER, Miss GENEVIEVE | W78: 41334 | X78: 41517 | Y78: >24 Months | Z78: >24 Months | AA78: >24 Months | AB78: 0 | AC78: 0 | AD78: 0 | AE78: 0 | AF78: 0 | AG78: 102500.64 | AH78: 102500.64 | AI78: 0
A79: 32958 | B79: PGP:SIB13_12: 2013 Dig Up | C79: B036 | D79: APT Parmelia Trust | E79: 6019 | F79: PT PGP | G79: TRANSMISSION CAPEX | H79: PGP - ASSET ENGINEERING | I79: MCFARLANE, Mr. JOHN | J79: WA SMALL SIB PROJECTS | K79: 41606.505 | Q79: CLOSED | R79: 41606.496 | S79: 41479 | T79: 0 | U79: 151326.2 | V79: ELLERKER, Miss GENEVIEVE | W79: 41365 | X79: 41486 | Y79: >24 Months | Z79: >24 Months | AA79: >24 Months | AB79: 0 | AC79: 0 | AD79: 0 | AE79: 0 | AF79: 0 | AG79: 140655.73 | AH79: 140655.73 | AI79: 0
A80: 33053 | B80: PGP: SIB13-10 Footings Kwin MS | C80: B036 | D80: APT Parmelia Trust | E80: 6019 | F80: PT PGP | G80: TRANSMISSION CAPEX | H80: PGP - ASSET ENGINEERING | I80: GUTHRIE, Mr. WARREN | J80: WA SMALL SIB PROJECTS | K80: 41513.428 | Q80: CLOSED | R80: 41512.651 | S80: 41456 | T80: 0 | U80: 12000 | V80: ELLERKER, Miss GENEVIEVE | W80: 41409 | X80: 41486 | Y80: >24 Months | Z80: >24 Months | AA80: >24 Months | AB80: 0 | AC80: 0 | AD80: 0 | AE80: 0 | AF80: 0 | AG80: 15011 | AH80: 15011 | AI80: 0
A81: 33108 | B81: PGP: SIB TRACTOR | C81: B036 | D81: APT Parmelia Trust | E81: 6019 | F81: PT PGP | G81: TRANSMISSION CAPEX | H81: PGP - ASSET ENGINEERING | I81: GUTHRIE, Mr. WARREN | J81: SIB | K81: 41439.512 | Q81: CLOSED | T81: 0 | U81: 0 | V81: ELLERKER, Miss GENEVIEVE | W81: 41435 | X81: 41820 | Y81: No Ageing | Z81: No Ageing | AA81: >24 Months | AB81: 0 | AC81: 0 | AD81: 0 | AE81: 0 | AF81: 0 | AG81: 0 | AH81: 0 | AI81: 0
A82: 33125 | B82: Tractor Slasher and Trailer | C82: B036 | D82: APT Parmelia Trust | E82: 6019 | F82: PT PGP | G82: CAPITAL DIRECT | H82: PGP - ASSET ENGINEERING | I82: GUTHRIE, Mr. WARREN | J82: DIRECT PURCHASES | K82: 41792 | Q82: CLOSED | R82: 41792.607 | S82: 41452 | T82: 0 | U82: 206618 | V82: ELLERKER, Miss GENEVIEVE | W82: 41092 | X82: 43646 | Y82: >24 Months | Z82: >24 Months | AA82: >24 Months | AB82: 0 | AC82: 0 | AD82: 0 | AE82: 0 | AF82: 0 | AG82: 183557 | AH82: 183557 | AI82: 0
A83: 33478 | B83: PGP14.SIB.005 Misc. Capital | C83: B036 | D83: APT Parmelia Trust | E83: 6019 | F83: PT PGP | G83: TRANSMISSION CAPEX | H83: PGP - O&M KEWDALE | I83: GUTHRIE, Mr. WARREN | J83: WA SMALL SIB PROJECTS | K83: 41992.679 | Q83: CLOSED | R83: 41942.531 | S83: 41873 | T83: 0 | U83: 50000 | V83: ELLERKER, Miss GENEVIEVE | W83: 41518 | X83: 41882 | Y83: >24 Months | Z83: >24 Months | AA83: >24 Months | AB83: 0 | AC83: 0 | AD83: 0 | AE83: 0 | AF83: 0 | AG83: 20570 | AH83: 20570 | AI83: 0
A84: 33613 | B84: PGP SIB BUDGET PROJ FY2014 | C84: B036 | D84: APT Parmelia Trust | E84: 6019 | F84: PT PGP | G84: TRANSMISSION CAPEX | H84: PGP - ASSET ENGINEERING | I84: ELLERKER, Miss GENEVIEVE | J84: WA SMALL SIB PROJECTS | K84: 42632.622 | Q84: CLOSED | T84: 0 | U84: 656000 | V84: ELLERKER, Miss GENEVIEVE | W84: 41456 | X84: 41820 | Y84: No Ageing | Z84: No Ageing | AA84: >24 Months | AB84: 0 | AC84: 0 | AD84: 0 | AE84: 0 | AF84: 0 | AG84: 0 | AH84: 0 | AI84: 0
A85: 33614 | B85: PGP14.SIB.007 PGP Slabbing | C85: B036 | D85: APT Parmelia Trust | E85: 6019 | F85: PT PGP | G85: TRANSMISSION CAPEX | H85: PGP - ASSET ENGINEERING | I85: GUTHRIE, Mr. WARREN | J85: WA SMALL SIB PROJECTS | K85: 41880 | Q85: CLOSED | R85: 41880.657 | S85: 41817 | T85: 0 | U85: 120000 | V85: ELLERKER, Miss GENEVIEVE | W85: 41640 | X85: 41820 | Y85: >24 Months | Z85: >24 Months | AA85: >24 Months | AB85: 0 | AC85: 0 | AD85: 0 | AE85: 0 | AF85: 0 | AG85: 65941.8 | AH85: 65941.8 | AI85: 0
A86: 33804 | B86: PGP14.SIB.003 Ferro Blast Rect | C86: B036 | D86: APT Parmelia Trust | E86: 6019 | F86: PT PGP | G86: TRANSMISSION CAPEX | H86: PGP - ASSET ENGINEERING | I86: GUTHRIE, Mr. WARREN | J86: WA SMALL SIB PROJECTS | K86: 41942 | Q86: CLOSED | R86: 41942.538 | S86: 41815 | T86: 0 | U86: 24000 | V86: ELLERKER, Miss GENEVIEVE | W86: 41671 | X86: 41912 | Y86: >24 Months | Z86: >24 Months | AA86: >24 Months | AB86: 0 | AC86: 0 | AD86: 0 | AE86: 0 | AF86: 0 | AG86: 26000.78 | AH86: 26000.78 | AI86: 0
A87: 33917 | B87: PGP14.SIB.010 PGP Girth Weld C | C87: B036 | D87: APT Parmelia Trust | E87: 6019 | F87: PT PGP | G87: TRANSMISSION CAPEX | H87: PGP - ASSET ENGINEERING | I87: SEITZ, Mr. MARKUS | J87: WA SMALL SIB PROJECTS | K87: 41942 | Q87: CLOSED | R87: 41942.535 | S87: 41827 | T87: 0 | U87: 180000 | V87: ELLERKER, Miss GENEVIEVE | W87: 41456 | X87: 42185 | Y87: >24 Months | Z87: >24 Months | AA87: >24 Months | AB87: 0 | AC87: 0 | AD87: 0 | AE87: 0 | AF87: 0 | AG87: 202183.89 | AH87: 202183.89 | AI87: 0
A88: 33944 | B88: PGP14.SIB.011 PGP CP Supply | C88: B036 | D88: APT Parmelia Trust | E88: 6019 | F88: PT PGP | G88: TRANSMISSION CAPEX | H88: PGP - ASSET ENGINEERING | I88: BOOL, Mr. WILLIAM | J88: WA SMALL SIB PROJECTS | K88: 41880 | Q88: CLOSED | R88: 41880.678 | S88: 41817 | T88: 0 | U88: 42800 | V88: ELLERKER, Miss GENEVIEVE | W88: 41738 | X88: 42004 | Y88: >24 Months | Z88: >24 Months | AA88: >24 Months | AB88: 0 | AC88: 0 | AD88: 0 | AE88: 0 | AF88: 0 | AG88: 33110 | AH88: 33110 | AI88: 0
A89: 33951 | B89: PGP15.SIB.001 CMS Design Revie | C89: B036 | D89: APT Parmelia Trust | E89: 6019 | F89: PT PGP | G89: TRANSMISSION CAPEX | H89: PGP - ASSET ENGINEERING | I89: WYLIE, Mr. CLAYTON | J89: WA SMALL SIB PROJECTS | K89: 43272.648 | Q89: CLOSED | R89: 43102.425 | S89: 42909 | T89: 0 | U89: 30000 | V89: ELLERKER, Miss GENEVIEVE | W89: 41739 | X89: 43101 | Y89: >24 Months | Z89: >24 Months | AA89: >24 Months | AB89: 0 | AC89: 0 | AD89: 0 | AE89: 0 | AF89: 0 | AG89: 345061.47 | AH89: 345061.47 | AI89: 0
A90: 33971 | B90: PGP15.SIB.009 Section 1 ILI | C90: B036 | D90: APT Parmelia Trust | E90: 6019 | F90: PT PGP | G90: TRANSMISSION CAPEX | H90: PGP - ASSET ENGINEERING | I90: MCFARLANE, Mr. JOHN | J90: SIB | K90: 42355.569 | M90: Yes | Q90: CLOSED | R90: 42354.594 | S90: 42227 | T90: 0 | U90: 350000 | V90: ELLERKER, Miss GENEVIEVE | W90: 41757 | X90: 42247 | Y90: >24 Months | Z90: >24 Months | AA90: >24 Months | AB90: 0 | AC90: 0 | AD90: 0 | AE90: 0 | AF90: 0 | AG90: 265643.92 | AH90: 265643.92 | AI90: 0
A91: 33978 | B91: PGP14.SIB.006 PGP HA Upgrade | C91: B036 | D91: APT Parmelia Trust | E91: 6019 | F91: PT PGP | G91: TRANSMISSION CAPEX | H91: PGP - ASSET ENGINEERING | I91: YELVERTON, Mr. ANTHONY TONY | J91: WA SMALL SIB PROJECTS | K91: 41992.68 | Q91: CLOSED | R91: 41943.392 | S91: 41820 | T91: 0 | U91: 0 | V91: ELLERKER, Miss GENEVIEVE | W91: 41759 | X91: 42004 | Y91: >24 Months | Z91: >24 Months | AA91: >24 Months | AB91: 0 | AC91: 0 | AD91: 0 | AE91: 0 | AF91: 0 | AG91: 21698.02 | AH91: 21698.02 | AI91: 0
A92: 34222 | B92: PGP SIB BUDGET PROJECT | C92: B036 | D92: APT Parmelia Trust | E92: 6019 | F92: PT PGP | G92: TRANSMISSION CAPEX | H92: PGP - ASSET ENGINEERING | I92: ELLERKER, Miss GENEVIEVE | J92: WA SMALL SIB PROJECTS | K92: 42632.625 | Q92: CLOSED | T92: 0 | U92: 786500 | V92: ELLERKER, Miss GENEVIEVE | W92: 41821 | X92: 45838 | Y92: No Ageing | Z92: No Ageing | AA92: >24 Months | AB92: 0 | AC92: 0 | AD92: 0 | AE92: 0 | AF92: 0 | AG92: 0 | AH92: 0 | AI92: 0
A93: 34364 | B93: PGP15.SIB.002 ML GIRTH WELD HE | C93: B036 | D93: APT Parmelia Trust | E93: 6019 | F93: PT PGP | G93: TRANSMISSION CAPEX | H93: PGP - ASSET ENGINEERING | I93: SEITZ, Mr. MARKUS | J93: SIB | K93: 42311.682 | M93: Yes | Q93: CLOSED | R93: 42311.448 | S93: 42244 | T93: 0 | U93: 210000 | V93: ELLERKER, Miss GENEVIEVE | W93: 41897 | X93: 42277 | Y93: >24 Months | Z93: >24 Months | AA93: >24 Months | AB93: 0 | AC93: 0 | AD93: 0 | AE93: 0 | AF93: 0 | AG93: 234618.52 | AH93: 234618.52 | AI93: 0
A94: 34405 | B94: PGP15.SIB.008 DPF FC upgrade | C94: B036 | D94: APT Parmelia Trust | E94: 6019 | F94: PT PGP | G94: TRANSMISSION CAPEX | H94: PGP - ASSET ENGINEERING | I94: TAN, Mr. HYAN TJEN WILLIAM | J94: WA SMALL SIB PROJECTS | K94: 42426.657 | Q94: CLOSED | R94: 42422.559 | S94: 42352 | T94: 0 | U94: 60488 | V94: ELLERKER, Miss GENEVIEVE | W94: 41925 | X94: 42551 | Y94: >24 Months | Z94: >24 Months | AA94: >24 Months | AB94: 0 | AC94: 0 | AD94: 0 | AE94: 0 | AF94: 0 | AG94: 86855.69 | AH94: 86855.69 | AI94: 0
A95: 34410 | B95: PGP15.SIB.014 Control System A | C95: B036 | D95: APT Parmelia Trust | E95: 6019 | F95: PT PGP | G95: TRANSMISSION CAPEX | H95: PGP - ASSET ENGINEERING | I95: SOVANN, Mr. SOMNANG | J95: WA SMALL SIB PROJECTS | K95: 42388.542 | Q95: CLOSED | S95: 42356 | T95: 0 | U95: 15000 | V95: ELLERKER, Miss GENEVIEVE | W95: 41925 | X95: 42551 | Y95: No Ageing | Z95: >24 Months | AA95: >24 Months | AB95: 0 | AC95: 0 | AD95: 0 | AE95: 0 | AF95: 0 | AG95: 0 | AH95: 0 | AI95: 0
A96: 34422 | B96: PGP15.SIB.013 CS1 HMI Upgrade | C96: B036 | D96: APT Parmelia Trust | E96: 6019 | F96: PT PGP | G96: TRANSMISSION CAPEX | H96: PGP - ASSET ENGINEERING | I96: REYNOLDS, Mr. BRIAN | J96: WA SMALL SIB PROJECTS | K96: 42311.675 | M96: Yes | Q96: CLOSED | R96: 42310.41 | S96: 42198 | T96: 0 | U96: 19996 | V96: ELLERKER, Miss GENEVIEVE | W96: 42009 | X96: 42217 | Y96: >24 Months | Z96: >24 Months | AA96: >24 Months | AB96: 0 | AC96: 0 | AD96: 0 | AE96: 0 | AF96: 0 | AG96: 19521.29 | AH96: 19521.29 | AI96: 0
A97: 34471 | B97: PGP15.SIB.003 Odourant install | C97: B036 | D97: APT Parmelia Trust | E97: 6019 | F97: PT PGP | G97: TRANSMISSION CAPEX | H97: PGP - ASSET ENGINEERING | I97: WYLIE, Mr. CLAYTON | J97: WA SMALL SIB PROJECTS | K97: 43206.537 | Q97: CLOSED | R97: 43102.412 | S97: 43011 | T97: 0 | U97: 105000 | V97: ELLERKER, Miss GENEVIEVE | W97: 41939 | X97: 43100 | Y97: >24 Months | Z97: >24 Months | AA97: >24 Months | AB97: 0 | AC97: 0 | AD97: 0 | AE97: 0 | AF97: 0 | AG97: 406999.46 | AH97: 406999.46 | AI97: 0
A98: 34555 | B98: PGP15.SIB.020 Gas Detector | C98: B036 | D98: APT Parmelia Trust | E98: 6019 | F98: PT PGP | G98: TRANSMISSION CAPEX | H98: PGP - ASSET ENGINEERING | I98: YELVERTON, Mr. ANTHONY TONY | J98: WA SMALL SIB PROJECTS | K98: 42185.72 | M98: Yes | Q98: CLOSED | R98: 42185.533 | S98: 42020 | T98: 0 | U98: 4000 | V98: ELLERKER, Miss GENEVIEVE | W98: 41974 | X98: 42185 | Y98: >24 Months | Z98: >24 Months | AA98: >24 Months | AB98: 0 | AC98: 0 | AD98: 0 | AE98: 0 | AF98: 0 | AG98: 3900 | AH98: 3900 | AI98: 0
A99: 34578 | B99: PGP15.SIB.006 BHS Over pressur | C99: B036 | D99: APT Parmelia Trust | E99: 6019 | F99: PT PGP | G99: TRANSMISSION CAPEX | H99: PGP - ASSET ENGINEERING | I99: WYLIE, Mr. CLAYTON | J99: WA SMALL SIB PROJECTS | K99: 43206.54 | Q99: CLOSED | R99: 43090.652 | S99: 42915 | T99: 0 | U99: 90000 | V99: ELLERKER, Miss GENEVIEVE | W99: 41974 | X99: 43099 | Y99: >24 Months | Z99: >24 Months | AA99: >24 Months | AB99: 0 | AC99: 0 | AD99: 0 | AE99: 0 | AF99: 0 | AG99: 262358.49 | AH99: 262358.49 | AI99: 0
A100: 34605 | B100: PGP15.SIB.023 BHS Battery upgr | C100: B036 | D100: APT Parmelia Trust | E100: 6019 | F100: PT PGP | G100: TRANSMISSION CAPEX | H100: PGP - ASSET ENGINEERING | I100: YELVERTON, Mr. ANTHONY TONY | J100: WA SMALL SIB PROJECTS | K100: 42184.702 | M100: Yes | Q100: CLOSED | S100: 42181 | T100: 0 | U100: 2500 | V100: ELLERKER, Miss GENEVIEVE | W100: 41989 | X100: 42185 | Y100: No Ageing | Z100: >24 Months | AA100: >24 Months | AB100: 0 | AC100: 0 | AD100: 0 | AE100: 0 | AF100: 0 | AG100: 0 | AH100: 0 | AI100: 0
...

Sheet Data Validation List
A1: Data validation lists
A3: rpipelines | B3: Pipelines
B4: Compressors
B5: City Gates, supply regulators and valve stations
B6: Metering
B7: Odorant plants
B8: SCADA (Communications)
B9: Buildings
B10: Land and easements
B11: Other depreciable pipeline assets
B12: Leased assets
A15: rsharedassets | B15: Shared property, plant and equipment
B16: Shared leased assets
B17: Inventories
B18: Deferred tax assets
B19: Other assets
A21: ryesno | B21: Yes
B22: No
